Workbook
Name _PAV2: 'Data Entry'!$L$79
Name _QL912: 'BSA55'!$G$163
Name AccommRCL05: 'Data Entry'!$L$131
Name AccommRCL10: 'Data Entry'!$L$130
Name AccommTransCheck: 'Data Entry'!$C$127
Name ActAuditExpend: 'Data Entry'!$C$55
Name ActDisabilityRM: 'Data Entry'!$L$64
Name ActivTripLvlFactor: 'BSA55'!$E$84
Name AdjacentWays: Instructions!$C$34
Name AdjBaseSuppLvl: 'BSA55'!$H$67
Name AdjFYTRCL: 'BSA55'!$C$102
Name AdjTNTBaseLimit: 'Truth in Tax'!$I$7
Name AdjWaysLevy: 'Page 5'!$E$28
Name AllFundAuditBudg6330: 'Page 2'!$O$9
Name AmtOUBudgSSA: 'Truth in Tax'!$I$21
Name AnnualExpforBusPass: 'Data Entry'!$L$63
Name AnnualExpforBusToken: 'Data Entry'!$L$62
Name AOIFTFundFactor: 'BSA55'!$F$47
Name AOIFTGrBAddOnWgtdADM: 'BSA55'!$H$35
Name AOIFTRegEdWgtdADM: 'BSA55'!$H$12
Name AOIFTStudCnt912CY: 'Data Entry'!$I$20
Name AOIFTStudCntDD.ED.MIID.SLD.SLI.OHI: 'Data Entry'!$H$38
Name AOIFTStudCntEDP: 'Data Entry'!$H$39
Name AOIFTStudCntELL: 'Data Entry'!$H$30
Name AOIFTStudCntFRPL: 'Data Entry'!$H$43
Name AOIFTStudCntG: 'Data Entry'!$H$42
Name AOIFTStudCntHI: 'Data Entry'!$H$31
Name AOIFTStudCntK3: 'Data Entry'!$H$29
Name AOIFTStudCntK3R: 'Data Entry'!$H$28
Name AOIFTStudCntK8CY: 'Data Entry'!$H$20
Name AOIFTStudCntMDR.AR.SIDR: 'Data Entry'!$H$32
Name AOIFTStudCntMDSC.ASC.SIDSC: 'Data Entry'!$H$33
Name AOIFTStudCntMDSSI: 'Data Entry'!$H$34
Name AOIFTStudCntMOID: 'Data Entry'!$H$40
Name AOIFTStudCntOIR: 'Data Entry'!$H$35
Name AOIFTStudCntOISC: 'Data Entry'!$H$36
Name AOIFTStudCntP.SD: 'Data Entry'!$H$37
Name AOIFTStudCntPSDCY: 'Data Entry'!$G$20
Name AOIFTStudCntVI: 'Data Entry'!$H$41
Name AOIPTFundFactor: 'BSA55'!$H$47
Name AOIPTGrBAddOnWgtdADM: 'BSA55'!$I$35
Name AOIPTRegEdWgtdADM: 'BSA55'!$I$12
Name AOIPTStudCnt912CY: 'Data Entry'!$I$21
Name AOIPTStudCntDD.ED.MIID.SLD.SLI.OHI: 'Data Entry'!$I$38
Name AOIPTStudCntEDP: 'Data Entry'!$I$39
Name AOIPTStudCntELL: 'Data Entry'!$I$30
Name AOIPTStudCntFRPL: 'Data Entry'!$I$43
Name AOIPTStudCntG: 'Data Entry'!$I$42
Name AOIPTStudCntHI: 'Data Entry'!$I$31
Name AOIPTStudCntK3: 'Data Entry'!$I$29
Name AOIPTStudCntK3R: 'Data Entry'!$I$28
Name AOIPTStudCntK8CY: 'Data Entry'!$H$21
Name AOIPTStudCntMDR.AR.SIDR: 'Data Entry'!$I$32
Name AOIPTStudCntMDSC.ASC.SIDSC: 'Data Entry'!$I$33
Name AOIPTStudCntMDSSI: 'Data Entry'!$I$34
Name AOIPTStudCntMOID: 'Data Entry'!$I$40
Name AOIPTStudCntOIR: 'Data Entry'!$I$35
Name AOIPTStudCntOISC: 'Data Entry'!$I$36
Name AOIPTStudCntP.SD: 'Data Entry'!$I$37
Name AOIPTStudCntPSDCY: 'Data Entry'!$G$21

Sheet Cover
B1: DISTRICT NAME | C1: MADISON ELEMENTARY SCHOOL DISTRICT | G1: COUNTY | H1: MARICOPA | R1: CTD NUMBER | S1: 070438000
R2: =0/0 -> #DIV/0!
D3: FY | E3: 2024 | K3: REVENUES AND PROPERTY TAXATION
A4: STATE OF ARIZONA | K4: 1. | L4: Total Budgeted Revenues for Fiscal Year 2023 $ | O4: 71000000
A5: SCHOOL DISTRICT ANNUAL EXPENDITURE BUDGET | K5: 2. | L5: Estimated Revenues by Source for Fiscal Year 2024 (excluding property taxes)
A6: DISTRICTWIDE BUDGET | L6: Local | M6: 1000 $ | N6: 900000 | O6: =IF(OR('District Contacts'!G6="",'District Contacts'!G8="",'District Contacts'!G9="",'District Contacts'!G12="",'District Contacts'!G13="",'District Contacts'!G14="",'District Contacts'!G15="",'District Contacts'!E24="",'District Contacts'!E25="",'District Contacts'!E26=""),"Please ensure District Contacts Tab is complete"," ")
L7: Intermediate | M7: 2000 $ | N7: 50000
C8: Adopted | L8: State | M8: 3000 $ | N8: 17000000 | O8: =IF(OR('Page 7'!J10>'Page 7'!H10,'Page 7'!J17>'Page 7'!H17),"Please correct error on Page 7","")
C9: Version | L9: Federal | M9: 4000 $ | N9: 6800000 | O9: =IF('District Contacts'!D33="","Please enter a SIS Vendor on the District Contacts Tab","")
A10: BY THE GOVERNING BOARD | L10: TOTAL | M10: $ | N10: =SUM(N6:N9) -> 24750000
K11: 3. | L11: District Tax Rates for Prior and Budget Fiscal Years (A.R.S. §15-903.D.4)
A12: We hereby certify that the Budget for the Fiscal Year 2024 was | N12: Prior FY 2023 | Q12: Est. Budget FY 2024
C13: Proposed | E13: 45076 | G13: =IF(AND(OR(ISNUMBER(SEARCH("Proposed*",C8)),ISNUMBER(SEARCH("Adopted*",C8)),ISNUMBER(SEARCH("Revised*",C8))),E13=""),"Please enter a Proposed Date","") | L13: Primary Tax Rate: | N13: 1.7437 | Q13: 1.7093 | S13: =IF('Page 7'!J10>'Page 7'!H10,"Please correct error on Page 7","")
C14: Adopted | E14: 45090 | G14: =IF(AND(OR(ISNUMBER(SEARCH("Adopted*",C8)),ISNUMBER(SEARCH("Revised*",C8))),E14=""),"Please enter an Adopted Date","") | L14: Secondary Tax Rates:
C15: Revised | G15: =IF(AND(ISNUMBER(SEARCH("Revised*",C8)),E15=""),"Please enter a Revised Date","") | L15: M&O Override | N15: 0.4251 | Q15: 0.4141
E16: Date | L16: Special Program Override | N16: 0 | Q16: 0
L17: Capital Override | N17: 0.2834 | Q17: 0.276
L18: Class A Bonds | N18: 0 | Q18: 0
L19: Class B Bonds | N19: 1.361 | Q19: 1.37
L20: CTED | N20: 0 | Q20: 0
L21: Desegregation | N21: 0 | Q21: 0
L22: Total Secondary Tax Rate | N22: =SUM(N15:N21) -> 2.0695 | Q22: =SUM(Q15:Q21) -> 2.0601
K23: TOTAL BUDGETED EXPENDITURES AND AGGREGATE SCHOOL DISTRICT BUDGET LIMIT (A.R.S. §15-905.H)
Q24: Budgeted Expenditures | S24: Budget Limit
K25: 1. | L25: Maintenance and Operation Fund (from pages 1, line 30 and 7, line 11) | P25: $ | Q25: =F001TotalExp -> 46802338 | R25: $ | S25: =GBLBudgFY -> 46802338 | T25: =IF(Q25>S25,"GBL Exceeded","")
C26: SIGNED | F26: SIGNED | K26: 2. | L26: Unrestricted Capital Fund (from pages 4, line 10 and 8, line 12) | P26: $ | Q26: =F610TotalBudgFY -> 12957684 | R26: $ | S26: =UCBLBudgFY -> 12957684 | T26: =IF(Q26>S26,"UCBL Exceeded","")
K27: 3. | L27: Federal Projects Other Than Impact Aid (from Budget, page 6, Federal Projects, line 18 minus line 16) | R27: $ | S27: =TotFedProjFundBudgFY-F378BudgFY -> 6923000
C28: The FY 2024 budget file for the version described above will be uploaded via | K28: 4. | L28: Total Aggregate School District Budget Limit (sum of lines 1 through 3) | R28: $ | S28: =SUM(S25+S26+S27) -> 66683022
C29: the School Finance Budget System on ADE’s website by | F29: 45091 | H29: .
F30: Type the Date as MM/DD/YYYY | K30: AVERAGE TEACHER SALARIES (A.R.S. §15-903.E)
F31: =IF(F29="","Please enter upload by date",IF(F29>=MAX(E13,E14,E15),"","Revise upload date for current submission")) | K31: 1. | L31: Average salary of all teachers employed in FY 2024 (budget year) | P31: =IF(U32<>"","",IF(OR(S31=0,S32=0),"Average salary information is not complete","")) | R31: $ | S31: =(58863*1.02)*1.02 -> 61241 | T31: =IF(U32<>"","",IF(OR(S31=0,S32=0),1/ERROR,""))
K32: 2. | L32: Average salary of all teachers employed in FY 2023 (prior year) | R32: $ | S32: 58863 | T32: FALSE | V32: Check this box if your district has no teachers (transporting districts and some CTEDs).
B33: Superintendent Signature | F33: Business Manager Signature | K33: 3. | L33: Increase in average teacher salary from the prior year | R33: $ | S33: =BudgetYearSalary-PriorYearSalary -> 2378
K34: 4. | L34: Percentage increase | S34: =IF(PriorYearSalary>0,SalaryIncrease/PriorYearSalary,0) -> 0.04
B35: Dr. Kimberly Guerin | F35: Ella Conroy | K35: Comments on average salary calculation (Optional):
B36: Superintendent Name (Typed Name) | F36: Business Manager Name (Typed Name)
B38: District Contact Employee: | D38: Ella Conroy
B40: Telephone: | C40: 602-664-7913 | F40: Email: | G40: econroy@madisoned.org

Sheet District Contacts
A1: DISTRICT NAME | B1: =DistrictName -> MADISON ELEMENTARY SCHOOL DISTRICT | D1: COUNTY | E1: =Cover!H1 -> MARICOPA | G1: CTD NUMBER | H1: =CTD -> 070438000 | J1: VERSION | K1: =Cover!C8 -> Adopted | M1: Dr. | N1: Mr. | O1: Miss | P1: Mrs. | Q1: Ms.
M2: CPA | N2: Ed.D | O2: II | P2: III | Q2: IV | R2: J.D. | S2: Jr. | T2: Ph.D. | U2: Sr.
A3: DISTRICT CONTACT INFORMATION | M3: AZ Dept of Juvenile Corrections (AZDJC) | N3: Infinite Visions
M4: BocaVox (Maestro) | N4: Munis
C5: Prefix | D5: First Name | E5: Last Name | G5: Email Address | H5: Telephone Number | I5: Extension | M5: Edupoint (Synergy) | N5: PowerSchool BusinessPlus
A6: Superintendent | C6: Dr. | D6: Kimberly | E6: Guerin | G6: kguerin@madisoned.org | H6: 6026647903 | M6: Edupoint (Edupoint) | N6: Other, please add at right
A7: Executive Assistant to Superintendent | D7: Danielle | E7: Humphrey | G7: dhumphrey@madisoned.org | H7: 6026647913 | J7: =IF(AND(G9="",G10=""),"The Superintendent and Business Manager email addresses are used to distribute important budget information. If your district does not have a Business Manager, please fill in an alternate contact to receive budget updates. ","") | M7: Hane Solutions (SchoolDex)
A8: Chief Financial Officer | D8: Lori | E8: Garvey | G8: lgarvey@madisoned.org | H8: 6026647916 | M8: InfiniteCampus (InfiniteCampus)
A9: Business Manager 1 | D9: Ella | E9: Conroy | G9: econroy@madisoned.org | M9: JupiterEd (JupiterEd)
A10: Business Manager 2 | M10: MediaNet Solutions (e-IEP PRO)
A11: Business Consultant | M11: Mesa Distance Learning Program (MDLP)
A12: School District Employee Report (SDER) Coordinator | D12: Anita | E12: Gammage | G12: agammage@madisoned.org | H12: 6026647938 | M12: Pearson (Connexus)
A13: SPED Data Reporting Coordinator | D13: Betsy | E13: Kirby | G13: bkirby1@madisoned.org | H13: 6026647959 | M13: PowerSchool (PowerSchool)
A14: AzEDS/ADM Data Coordinator | D14: Jennifer | E14: Warrren | G14: jwarren1@madisoned.org | H14: 6026647907 | M14: Strongmind (Strongmind)
A15: Transportation Data Reporting Coordinator | D15: Diana | E15: Nelson | G15: dnelson@madisoned.org | H15: 6026647701 | M15: Tyler Technologies (Schoolmaster)
A16: CTE Coordinator | M16: Tyler Technologies (Tyler SIS v10)
A17: Poverty Coordinator | D17: Hilary | E17: O'Brien | G17: hjobrien@madisoned.org | H17: 6026647912 | M17: FOCUS School Software LLC
A18: Assessments Coordinator | D18: Jason | E18: Piontkowski | G18: jpionkowski@madisoned.org | H18: 6026647933
A19: Curriculum Coordinator | D19: Laura | E19: Webb | G19: lwebb@madisoned.org | H19: 6026647914
A20: Information Technology (IT) Director | D20: Justin | E20: Wright | G20: jwright@madisoned.org | H20: 6026647904
A21: Bookstore Manager
A22: Governing Board Member | D22: Karen | E22: Gresham | G22: kgresham@madisoned.org
A23: Governing Board Member | D23: Scott | E23: Holcomb | G23: sholcomb@madisoned.org
A24: Governing Board Member | D24: Mitra | E24: Khazai | G24: mkhazai@madisoned.org
A25: Governing Board Member | D25: Sarah | E25: Speer | G25: sspeer@madisoned.org
A26: Governing Board Member | D26: Christine | E26: Thompson | G26: cthompson@madisoned.org
A27: Governing Board Member
A28: Governing Board Member
A29: Governing Board Member
A30: Governing Board Member
D32: SELECT from Dropdown
A33: Student Information Systems (SIS) Vendor | D33: PowerSchool (PowerSchool)
A35: Accounting Information System | D35: Infinite Visions
A37: Bookstore Cash Receipting System
A39: District's website home page address | D39: www.madisonaz.org

Sheet Page 1
A1: DISTRICT NAME | B1: =DistrictName -> MADISON ELEMENTARY SCHOOL DISTRICT | F1: COUNTY | G1: =Cover!H1 -> MARICOPA | I1: CTD NUMBER | J1: =CTD -> 070438000 | L1: VERSION | M1: =Cover!C8 -> Adopted
A2: FUND 001 (M&O) | D2: MAINTENANCE AND OPERATION (M&O) FUND
G3: Employee | H3: Purchased | K3: Totals
D4: FTE | F4: Salaries | G4: Benefits | H4: Services | I4: Supplies | J4: Other | K4: Prior | L4: Budget | M4: %
A5: Expenditures | D5: Prior | E5: Budget | H5: 6300, 6400, | K5: FY | L5: FY | M5: Increase/
D6: FY | E6: FY | F6: 6100 | G6: 6200 | H6: 6500 | I6: 6600 | J6: 6800 | K6: 2023 | L6: 2024 | M6: Decrease
A7: 100 Regular Education | D7: =[1]!F001P100F1000Personnel -> 295 | K7: =[1]!F001P100F1000 -> 17171075 | L7: =SUM(F8:J8) -> 18407812 | M7: =IF(K7=L7,0,IF(K7>0,(L7-K7)/K7,"")) -> 0.072
A8: 1000 Instruction | C8: 1. | E8: 309 | F8: 12800000 | G8: =(F8*0.24)+(250*7200)+29812 -> 4901812 | H8: 400000 | I8: 300000 | J8: 6000 | N8: 1.
A9: 2000 Support Services | D9: =[1]!F001P100F2100Personnel -> 24 | K9: =[1]!F001P100F2100 -> 1626000 | L9: =SUM(F10:J10) -> 2074200 | M9: =IF(K9=L9,0,IF(K9>0,(L9-K9)/K9,"")) -> 0.276
A10: 2100 Students | C10: 2. | E10: 28 | F10: 1400000 | G10: =(1400000*0.24)+(7200*26) -> 523200 | H10: 125000 | I10: 25000 | J10: 1000 | N10: 2.
A11: 2200 Instructional Staff | C11: 3. | D11: =[1]!F001P100F2200Personnel -> 21 | E11: 22 | F11: 1350000 | G11: =(1350000*0.24)+(20*7200) -> 468000 | H11: 200000 | I11: 15000 | J11: 100 | K11: =[1]!F001P100F2200 -> 1965100 | L11: =SUM(F11:J11) -> 2033100 | M11: =IF(K11=L11,0,IF(K11>0,(L11-K11)/K11,"")) -> 0.035 | N11: 3.
A12: 2300 General Administration | C12: 4. | D12: =[1]!F001P100F2300Personnel -> 6 | E12: 6 | F12: 790000 | G12: 275000 | H12: 200000 | I12: 5000 | J12: 40000 | K12: =[1]!F001P100F2300 -> 1274981 | L12: =SUM(F12:J12) -> 1310000 | M12: =IF(K12=L12,0,IF(K12>0,(L12-K12)/K12,"")) -> 0.027 | N12: 4.
A13: 2400 School Administration | C13: 5. | D13: =[1]!F001P100F2400Personnel -> 26.5 | E13: 26.5 | F13: 2250000 | G13: =(F13*0.24)+(7200*23) -> 705600 | H13: 120000 | I13: 11500 | J13: 200 | K13: =[1]!F001P100F2400 -> 3006700 | L13: =SUM(F13:J13) -> 3087300 | M13: =IF(K13=L13,0,IF(K13>0,(L13-K13)/K13,"")) -> 0.027 | N13: 5.
A14: 2500 Central Services | C14: 6. | D14: =[1]!F001P100F2500Personnel -> 15.5 | E14: 15.5 | F14: 1150000 | G14: 423000 | H14: 525000 | I14: 150000 | J14: 165000 | K14: =[1]!F001P100F2500 -> 2361000 | L14: =SUM(F14:J14) -> 2413000 | M14: =IF(K14=L14,0,IF(K14>0,(L14-K14)/K14,"")) -> 0.022 | N14: 6.
A15: 2600 Operation & Maintenance of Plant | C15: 7. | D15: =[1]!F001P100F2600Personnel -> 42 | E15: 43 | F15: 1650000 | G15: 800000 | H15: 1800000 | I15: 1925000 | J15: 6000 | K15: =[1]!F001P100F2600 -> 6019000 | L15: =SUM(F15:J15) -> 6181000 | M15: =IF(K15=L15,0,IF(K15>0,(L15-K15)/K15,"")) -> 0.027 | N15: 7.
A16: 2900 Other | C16: 8. | D16: =[1]!F001P100F2900Personnel -> 0 | E16: 0 | F16: 0 | G16: 0 | H16: 0 | I16: 0 | J16: 0 | K16: =[1]!F001P100F2900 -> 0 | L16: =SUM(F16:J16) -> 0 | M16: =IF(K16=L16,0,IF(K16>0,(L16-K16)/K16,"")) -> 0 | N16: 8.
A17: 3000 Operation of Noninstructional Services | C17: 9. | D17: =[1]!F001P100F3000Personnel -> 0 | E17: 1 | F17: 21200 | G17: 4575 | H17: 0 | I17: 65000 | J17: 75000 | K17: =[1]!F001P100F3000 -> 160775 | L17: =SUM(F17:J17) -> 165775 | M17: =IF(K17=L17,0,IF(K17>0,(L17-K17)/K17,"")) -> 0.031 | N17: 9.
A18: 610 School-Sponsored Cocurricular Activities | C18: 10. | D18: =[1]!F001P610Personnel -> 0 | E18: 0 | F18: 0 | G18: 0 | H18: 0 | I18: 0 | J18: 0 | K18: =[1]!F001P610 -> 0 | L18: =SUM(F18:J18) -> 0 | M18: =IF(K18=L18,0,IF(K18>0,(L18-K18)/K18,"")) -> 0 | N18: 10.
A19: 620 School-Sponsored Athletics | C19: 11. | D19: =[1]!F001P620Personnel -> 0 | E19: 0 | F19: 0 | G19: 0 | H19: 0 | I19: 0 | J19: 0 | K19: =[1]!F001P620 -> 0 | L19: =SUM(F19:J19) -> 0 | M19: =IF(K19=L19,0,IF(K19>0,(L19-K19)/K19,"")) -> 0 | N19: 11.
A20: 630 Other Instructional Programs | C20: 12. | D20: =[1]!F001P630Personnel -> 0 | E20: 0 | F20: 0 | G20: 0 | H20: 0 | I20: 0 | J20: 0 | K20: =[1]!F001P630 -> 0 | L20: =SUM(F20:J20) -> 0 | M20: =IF(K20=L20,0,IF(K20>0,(L20-K20)/K20,"")) -> 0 | N20: 12.
A21: 700, 800, 900 Other Programs | C21: 13. | D21: =[1]!F001P700800900Personnel -> 0 | E21: 0 | F21: 0 | G21: 0 | H21: 0 | I21: 0 | J21: 0 | K21: =[1]!F001P700800900 -> 0 | L21: =SUM(F21:J21) -> 0 | M21: =IF(K21=L21,0,IF(K21>0,(L21-K21)/K21,"")) -> 0 | N21: 13.
A22: Regular Education Subsection Subtotal (lines 1-13) | C22: 14. | D22: =SUM(D7:D21) -> 430 | E22: =E8+SUM(E10:E21) -> 451 | F22: =F8+SUM(F10:F21) -> 21411200 | G22: =G8+SUM(G10:G21) -> 8101187 | H22: =H8+SUM(H10:H21) -> 3370000 | I22: =I8+SUM(I10:I21) -> 2496500 | J22: =J8+SUM(J10:J21) -> 293300 | K22: =SUM(K7:K21) -> 33584631 | L22: =SUM(L7:L21) -> 35672187 | M22: =IF(K22=L22,0,IF(K22>0,(L22-K22)/K22,"")) -> 0.062 | N22: 14.
A23: 200 and 300 Special Education | D23: =[1]!F001P200F1000Personnel -> 85 | K23: =[1]!F001P200F1000 -> 4625500 | L23: =SUM(F24:J24) -> 5009500 | M23: =IF(K23=L23,0,IF(K23>0,(L23-K23)/K23,"")) -> 0.083
A24: 1000 Instruction | C24: 15. | E24: 85 | F24: 3100000 | G24: =(3100000*0.24)+(75*7200) -> 1284000 | H24: 600000 | I24: 25000 | J24: 500 | N24: 15.
A25: 2000 Support Services | D25: =[1]!F001P200F2100Personnel -> 25 | K25: =[1]!F001P200F2100 -> 2547000 | L25: =SUM(F26:J26) -> 2748000 | M25: =IF(K25=L25,0,IF(K25>0,(L25-K25)/K25,"")) -> 0.079
A26: 2100 Students | C26: 16. | E26: 26 | F26: 1800000 | G26: =(F26*0.24)+(20*7200) -> 576000 | H26: 350000 | I26: 20000 | J26: 2000 | N26: 16.
A27: 2200 Instructional Staff | C27: 17. | D27: =[1]!F001P200F2200Personnel -> 4.3 | E27: 4.3 | F27: 400000 | G27: 150000 | H27: 25000 | I27: 10000 | J27: 1800 | K27: =[1]!F001P200F2200 -> 536800 | L27: =SUM(F27:J27) -> 586800 | M27: =IF(K27=L27,0,IF(K27>0,(L27-K27)/K27,"")) -> 0.093 | N27: 17.
A28: 2300 General Administration | C28: 18. | D28: =[1]!F001P200F2300Personnel -> 0 | E28: 0 | F28: 0 | G28: 0 | H28: 0 | I28: 0 | J28: 0 | K28: =[1]!F001P200F2300 -> 0 | L28: =SUM(F28:J28) -> 0 | M28: =IF(K28=L28,0,IF(K28>0,(L28-K28)/K28,"")) -> 0 | N28: 18.
A29: 2400 School Administration | C29: 19. | D29: =[1]!F001P200F2400Personnel -> 0 | E29: 0 | F29: 0 | G29: 0 | H29: 0 | I29: 0 | J29: 0 | K29: =[1]!F001P200F2400 -> 0 | L29: =SUM(F29:J29) -> 0 | M29: =IF(K29=L29,0,IF(K29>0,(L29-K29)/K29,"")) -> 0 | N29: 19.
A30: 2500 Central Services | C30: 20. | D30: =[1]!F001P200F2500Personnel -> 0 | E30: 0 | F30: 0 | G30: 0 | H30: 5000 | I30: 0 | J30: 0 | K30: =[1]!F001P200F2500 -> 5000 | L30: =SUM(F30:J30) -> 5000 | M30: =IF(K30=L30,0,IF(K30>0,(L30-K30)/K30,"")) -> 0 | N30: 20.
A31: 2600 Operation & Maintenance of Plant | C31: 21. | D31: =[1]!F001P200F2600Personnel -> 0 | E31: 0 | F31: 0 | G31: 0 | H31: 0 | I31: 0 | J31: 0 | K31: =[1]!F001P200F2600 -> 0 | L31: =SUM(F31:J31) -> 0 | M31: =IF(K31=L31,0,IF(K31>0,(L31-K31)/K31,"")) -> 0 | N31: 21.
A32: 2900 Other | C32: 22. | D32: =[1]!F001P200F2900Personnel -> 0 | E32: 0 | F32: 0 | G32: 0 | H32: 0 | I32: 0 | J32: 0 | K32: =[1]!F001P200F2900 -> 0 | L32: =SUM(F32:J32) -> 0 | M32: =IF(K32=L32,0,IF(K32>0,(L32-K32)/K32,"")) -> 0 | N32: 22.
A33: 3000 Operation of Noninstructional Services | C33: 23. | D33: =[1]!F001P200F3000Personnel -> 0 | E33: 0 | F33: 0 | G33: 0 | H33: 0 | I33: 0 | J33: 0 | K33: =[1]!F001P200F3000 -> 0 | L33: =SUM(F33:J33) -> 0 | M33: =IF(K33=L33,0,IF(K33>0,(L33-K33)/K33,"")) -> 0 | N33: 23.
A34: Subtotal (lines 15-23) | C34: 24. | D34: =SUM(D23:D33) -> 114.3 | E34: =E24+SUM(E26:E33) -> 115.3 | F34: =F24+SUM(F26:F33) -> 5300000 | G34: =G24+SUM(G26:G33) -> 2010000 | H34: =H24+SUM(H26:H33) -> 980000 | I34: =I24+SUM(I26:I33) -> 55000 | J34: =J24+SUM(J26:J33) -> 4300 | K34: =SUM(K23:K33) -> 7714300 | L34: =SUM(L23:L33) -> 8349300 | M34: =IF(K34=L34,0,IF(K34>0,(L34-K34)/K34,"")) -> 0.082 | N34: 24.
A35: 400 Pupil Transportation | C35: 25. | D35: =[1]!F001P400Personnel -> 42 | E35: 42 | F35: 1075000 | G35: =(F35*0.24)+(30*7200) -> 474000 | H35: 450000 | I35: 350000 | J35: 1000 | K35: =[1]!F001P400 -> 2250000 | L35: =SUM(F35:J35) -> 2350000 | M35: =IF(K35=L35,0,IF(K35>0,(L35-K35)/K35,"")) -> 0.044 | N35: 25.
A36: 510 Desegregation (from Districtwide Desegregation | D36: =[2]!DesegFTEPY -> 0 | E36: =[2]!DesegFTEBY -> 0 | F36: =[2]!DesegTotalMOO6100 -> 0 | G36: =[2]!DesegTotalMOO6200 -> 0 | H36: =[2]!DesegTotalMOO630064006500 -> 0 | I36: =[2]!DesegTotalMOO6600 -> 0 | J36: =[2]!DesegTotalMOO6800 -> 0 | K36: =[2]!DesegTotalMOPY -> 0 | L36: =[2]!DesegTotalMOBY -> 0 | M36: =[2]!DesegTotalMOPercent -> 0
A37: Budget, page 2, line 44) | C37: 26. | N37: 26.
A38: 530 Dropout Prevention Programs | C38: 27. | D38: =[1]!F001P530Personnel -> 0 | E38: 0 | F38: 0 | G38: 0 | H38: 0 | I38: 0 | J38: 0 | K38: =[1]!F001P530 -> 0 | L38: =SUM(F38:J38) -> 0 | M38: =IF(K38=L38,0,IF(K38>0,(L38-K38)/K38,"")) -> 0 | N38: 27.
A39: 540 Joint Career and Technical Education and Vocational | D39: =[1]!F001P540Personnel -> 0 | E39: 0 | F39: 0 | G39: 0 | H39: 0 | I39: 0 | J39: 0 | K39: =[1]!F001P540 -> 0 | L39: =SUM(F39:J40) -> 0 | M39: =IF(K39=L39,0,IF(K39>0,(L39-K39)/K39,"")) -> 0
A40: Education Center | C40: 28. | N40: 28.
A41: 550 K-3 Reading Program | C41: 29. | D41: =[1]!F001P550Personnel -> 0 | E41: =3.5+2+2 -> 7.5 | F41: 304000 | G41: 126851 | H41: 0 | I41: 0 | J41: 0 | K41: =[1]!F001P550 -> 416724 | L41: =SUM(F41:J41) -> 430851 | M41: =IF(K41=L41,0,IF(K41>0,(L41-K41)/K41,"")) -> 0.034 | N41: 29.
A42: Total Expenditures (lines 14, and 24-29) | D42: =SUM(D34:D41)+D22 -> 586.3 | E42: =SUM(E34:E41)+E22 -> 615.8 | F42: =SUM(F34:F41)+F22 -> 28090200 | G42: =SUM(G34:G41)+G22 -> 10712038 | H42: =SUM(H34:H41)+H22 -> 4800000 | I42: =SUM(I34:I41)+I22 -> 2901500 | J42: =SUM(J34:J41)+J22 -> 298600 | K42: =[1]!F001TotalExp -> 43965655 | L42: =SUM(L34:L41)+L22 -> 46802338 | M42: =IF(K42=L42,0,IF(K42>0,(L42-K42)/K42,"")) -> 0.065
A43: (Cannot exceed page 7, line 11) | C43: 30. | N43: 30.
G45: =IF(ROUND(L42,0)<ROUND(GBLBudgFY,0),CONCATENATE("The district has budgeted less in the M and O Fund than the General Budget Limit as calculated on page 7 of 8 by ",TEXT(GBLBudgFY-L42,"$#,###"),"."),IF(ROUND(L42,0)>ROUND(GBLBudgFY,0),CONCATENATE("The district has budgeted greater in the M and O Fund than the General Budget Limit as calculated on page 7 of 8 by ",TEXT(-GBLBudgFY+L42,"$#,###"),"."),IF(ROUND(L42,0)=ROUND(GBLBudgFY,0),CONCATENATE("The district has budgeted an amount in the M and O Fund equal to the General Budget Limit as calculated on page 7 of 8.")))) -> The district has budgeted an amount in the M and O Fund equal to the General Budget Limit as calculated on page 7 of 8.

Sheet Page 2
A1: DISTRICT NAME | C1: =DistrictName -> MADISON ELEMENTARY SCHOOL DISTRICT | H1: COUNTY | I1: =Cover!H1 -> MARICOPA | N1: CTD NUMBER | O1: =CTD -> 070438000 | Q1: VERSION | R1: =Cover!C8 -> Adopted
A4: SPECIAL EDUCATION PROGRAMS BY TYPE (M&O Fund Programs 200 and 300)
A6: (A.R.S. §§ 15-761 and 15-903) | F6: Prior FY | G6: Budget FY
A7: 1. | B7: Total All Disability Classifications | F7: =[1]!F001P200Subtotal -> 6540300 | G7: =8349300-1095000 -> 7254300 | H7: 1. | K7: Expenditures Budgeted for Audit Services
A8: 2. | B8: Gifted Education | F8: =[1]!SPEDGiftedEdBudgFY -> 675000 | G8: 695000 | H8: 2. | K8: M&O Fund - Nonfederal | N8: 6350 | O8: =53000-10600 -> 42400
A9: 3. | B9: Remedial Education | F9: =[1]!SPEDRemedialEdBudgFY -> 0 | G9: 0 | H9: 3. | K9: All Funds - Federal | N9: 6330 | O9: 10600
A10: 4. | B10: ELL Incremental Costs | F10: =[1]!SPEDELLIncCostBudgFY -> 499000 | G10: 400000 | H10: 4.
A11: 5. | B11: ELL Compensatory Instruction | F11: =[1]!SPEDELLCompInstrBudgFY -> 0 | G11: 0 | H11: 5.
A12: 6. | B12: Vocational and Technical Education (non-CTED) | F12: =[1]!SPEDVocTechEdBudgFY -> 0 | G12: 0 | H12: 6. | K12: FY 2024 Performance Pay (A.R.S. §15-920)
A13: 7. | B13: Career Education (non-CTED) | F13: =[1]!SPEDCareerEdBudgFY -> 0 | G13: 0 | H13: 7. | K13: Amount Budgeted in M&O Fund for a Performance Pay Component | R13: 0
A14: 8. | B14: Career Technical Education (CTED) | F14: =[1]!JTEDBudgFY -> 0 | G14: 0 | H14: 8. | I14: =IF(SUM(G7:G14)=SUM('Page 1'!L34:L34),"","Invalid. The amount should equal the total budgeted amount reported on line 24, page 1.")
A15: 9. | B15: Total (lines 1 through 8. Must equal | F15: =SUM(F7:F14) -> 7714300 | G15: =SUM(G7:G14) -> 8349300 | K15: Do not report budgeted amounts for the Performance Pay Component of the Classroom Site Fund on this line.
B16: total of line 24, page 1) | H16: 9.
A18: 10. | B18: IEP required pupil transportation costs | K18: Expenditures Budgeted in the M&O Fund for Food Service
B19: coded within Program 400 | F19: {=[1]!IEPTransportCosts} -> 328000 | G19: 328000 | H19: 10. | K19: Amount budgeted in M&O for Food Service (Fund 001, Function 3100) | R19: 165775
K20: (This amount will be used to determine district compliance with state matching
K21: requirements pursuant to Code of Federal Regulations (CFR) Title 7, §210.17(a)]
A22: Proposed Ratios for Special Education
A23: (A.R.S. §§15-903.E.1 and 15-764.A.5) | F23: Teacher-Pupil 1 to | G23: =SPEDTeacher -> 15
F24: Staff-Pupil 1 to | G24: =SPEDStaff -> 10
A26: Estimated FTE Certified Employees
A27: (A.R.S. §15-903.E.2) | F27: Prior FY | G27: Budget FY
E28: Number of FTE - Certified Employees | F28: =[1]!EstimatedFTECertified -> 354.2 | G28: 360
E29: Number of FTE - Certified Purchased Services Personnel | G29: 5

Sheet Page 3
A1: DISTRICT NAME | B1: =DistrictName -> MADISON ELEMENTARY SCHOOL DISTRICT | F1: COUNTY | G1: =Cover!H1 -> MARICOPA | J1: CTD NUMBER | K1: =Cover!S1 -> 070438000 | M1: VERSION | N1: =Cover!C8 -> Adopted
A2: FUND 010 (CSF) | D2: CLASSROOM SITE FUND (CSF) AND CSF BUDGET LIMIT (A.R.S. §§ 15-977 and 15-978)
I3: Debt Service | J3: Totals | L3: %
A4: Expenditures | D4: Salaries | E4: Employee Benefits | F4: Purchased Services | G4: Supplies | H4: Property | I4: and Miscellaneous | J4: Prior FY | K4: Budget FY | L4: Increase/
D5: 6100 | E5: 6200 | F5: 6300, 6400, 6500 | G5: 6600 | H5: 6700 | I5: 6800 | J5: 2023 | K5: 2024 | L5: Decrease
A6: 1000 Instruction | C6: 1. | D6: =7000+6100000-1000 -> 6106000 | E6: =(7200*0.05*300)+(0.24*D6)+41572+260 -> 1615272 | F6: 0 | G6: 0 | H6: 0 | I6: 0 | J6: {=[1]!F010F1000} -> 6857969 | K6: =SUM(D6:I6) -> 7721272 | L6: =IF(J6=K6,0,IF(J6>0,(K6-J6)/J6,"")) -> 0.126 | M6: 1.
A7: 2100 Support Services - Students | C7: 2. | D7: 670000 | E7: =(7200*0.05*20)+(0.24*D7) -> 168000 | F7: 0 | G7: 0 | H7: 0 | I7: 0 | J7: {=[1]!F010F2100} -> 744000 | K7: =SUM(D7:I7) -> 838000 | L7: =IF(J7=K7,0,IF(J7>0,(K7-J7)/J7,"")) -> 0.126 | M7: 2.
A8: 2200 Support Services - Instructional Staff | C8: 3. | D8: 275000 | E8: =D8*0.3 -> 82500 | F8: 0 | G8: 0 | I8: 0 | J8: {=[1]!F010F2200} -> 310000 | K8: =SUM(D8:I8) -> 357500 | L8: =IF(J8=K8,0,IF(J8>0,(K8-J8)/J8,"")) -> 0.153 | M8: 3.
A9: 2300 Support Services - General Administration | C9: 4. | F9: 0 | J9: {=[1]!F010F2310} -> 0 | K9: =SUM(D9:I9) -> 0 | L9: =IF(J9=K9,0,IF(J9>0,(K9-J9)/J9,"")) -> 0 | M9: 4.
A10: 2500 Central Services | C10: 5. | I10: 0 | J10: {=[1]!F010F2510} -> 0 | K10: =SUM(D10:I10) -> 0 | L10: =IF(J10=K10,0,IF(J10>0,(K10-J10)/J10,"")) -> 0 | M10: 5.
A11: 3300 Community Services Operations | C11: 6. | D11: 0 | E11: 0 | F11: 0 | J11: {=[1]!F010F3300} -> 0 | K11: =SUM(D11:I11) -> 0 | L11: =IF(J11=K11,0,IF(J11>0,(K11-J11)/J11,"")) -> 0 | M11: 6.
A12: 4000 Facilities Acquisition and Construction | C12: 7. | H12: 0 | J12: {=[1]!F010F4000} -> 0 | K12: =SUM(D12:I12) -> 0 | M12: 7.
A13: 5000 Debt Service | C13: 8. | I13: 0 | J13: {=[1]!F010F5000} -> 0 | K13: =SUM(D13:I13) -> 0 | M13: 8.
A14: Total Expenditures (lines 1-8) | C14: 9. | D14: =SUM(D6:D13) -> 7051000 | E14: =SUM(E6:E13) -> 1865772 | F14: =SUM(F6:F13) -> 0 | G14: =SUM(G6:G13) -> 0 | H14: =SUM(H6:H13) -> 0 | I14: =SUM(I6:I13) -> 0 | J14: {=[1]!F010TotalExp} -> 7911969 | K14: =SUM(D14:I14) -> 8916772 | L14: =IF(J14=K14,0,IF(J14>0,(K14-J14)/J14,"")) -> 0.127 | M14: 9.
L16: =IF(ROUND(F010TotalExp,0)<ROUND(CSFBLBudgFY,0),CONCATENATE("The district has budgeted an amount in Fund 010 which is less than the Classroom Site Fund Budget Limit as calculated below by ",TEXT(CSFBLBudgFY-F010TotalExp,"$#,###"),"."),IF(ROUND(F010TotalExp,0)>ROUND(CSFBLBudgFY,0),CONCATENATE("The district has budgeted greater in Fund 010 than the Classroom Site Fund Budget Limit as calculated below by ",TEXT(-CSFBLBudgFY+F010TotalExp,"$#,###"),"."),IF(ROUND(F010TotalExp,0)=ROUND(CSFBLBudgFY,0),CONCATENATE("The district has budgeted an amount in Fund 010 equal to the Classroom Site Fund Budget Limit as calculated below.")))) -> The district has budgeted an amount in Fund 010 equal to the Classroom Site Fund Budget Limit as calculated below.
A30: Classroom Site Fund Budget Limit Calculation
A31: FY 2023 Classroom Site Fund Budget Limit (from FY 2023 latest revised Budget, page 3, line 16) | C31: 10. | D31: {='[1]Page 3'!CSFBLBudgFY} -> 7911969
A32: FY 2023 Actual Expenditures (For budget adoption use actual expenditures to date plus estimated expenditures through fiscal year-end.) | C32: 11. | D32: 3691000 | E32: =IF(AND(CSFBLCurrFY<>0,CSFActualCurrFY=""),"Please enter prior year CSF actual expenditures on line 11.","")
A33: Unexpended Budget Balance (line 10 minus 11) | C33: 12. | D33: =D31-D32 -> 4220969
A34: Interest Earned in the Classroom Site Fund in FY 2023 | C34: 13. | D34: 75000
A35: FY 2024 Classroom Site Fund Allocation (provided by ADE, based on $758) | C35: 14. | D35: =6096.0457*758 -> 4620803 | E35: =IF(AND(CSFBLCurrFY<>0,CSFAllocBudgFY=""),"Please enter the total current year CSF allocation on line 14.","")
A36: Adjustments to FY 2024 Classroom Site Fund Budget Limit (1) | C36: 15. | D36: 0
A38: FY 2024 Classroom Site Fund Budget Limit (Sum of lines 10 through 15) (2) | C38: 16. | D38: =SUM(D33:D36) -> 8916772
A40: (1) This line may be used to recapture lost CSF budget capacity that resulted from underbudgeting in prior fiscal years.
A41: (2) The amounts budgeted on line 7 cannot exceed the respective amounts on this line.

Sheet Page 4
A1: DISTRICT NAME | B1: =DistrictName -> MADISON ELEMENTARY SCHOOL DISTRICT | G1: COUNTY | H1: =Cover!H1 -> MARICOPA | K1: CTD NUMBER | L1: =Cover!S1 -> 070438000 | M1: VERSION | N1: =Cover!C8 -> Adopted
A3: FUND 610 (UCO) | D3: UNRESTRICTED CAPITAL OUTLAY (UCO) FUND
D4: Rentals | E4: Library Books, Textbooks, | F4: Short-term Noninstructional Software Subscription | G4: Property (2) | H4: Redemption of Principal (3) | I4: Interest (4) | K4: Totals
E5: & Instructional | J5: All Other | K5: Prior | L5: Budget | M5: %
A6: Expenditures | E6: Aids (2) | J6: Object Codes | K6: FY | L6: FY | M6: Increase/
D7: 6440 | E7: 6641-6643 | F7: 6655 | G7: 6700 | H7: 6831, 6832, 6833 | I7: 6841, 6842, 6843, 6850 | J7: (excluding 6900) | K7: 2023 | L7: 2024 | M7: Decrease
A8: Unrestricted Capital Outlay Override (1) | C8: 1. | D8: 275000 | E8: 2500000 | F8: 300000 | G8: 131281 | H8: 0 | I8: 0 | J8: 375000 | K8: =[1]!F610Override -> 3449646 | L8: =SUM(D8:J8) -> 3581281 | M8: =IF(K8=L8,0,IF(K8>0,(L8-K8)/K8,"")) -> 0.038 | N8: 1.
A9: Unrestricted Capital Outlay Fund 610 (6) | K9: =[1]!F610F1000 -> 8276080 | L9: =SUM(D10:J10) -> 7510000 | M9: =IF(K9=L9,0,IF(K9>0,(L9-K9)/K9,"")) -> -0.093
A10: 1000 Instruction | C10: 2. | D10: 10000 | E10: 5500000 | G10: 2000000 | J10: 0 | M10: =IF(K10=L10,0,IF(K10>0,(L10-K10)/K10,"--")) -> 0 | N10: 2.
A11: 2000 Support Services | K11: =[1]!F610F21002200 -> 580000 | L11: =SUM(D12:J12) -> 880000 | M11: =IF(K11=L11,0,IF(K11>0,(L11-K11)/K11,"")) -> 0.517
A12: 2100, 2200 Students and Instructional Staff | C12: 3. | D12: 255000 | E12: 175000 | F12: 150000 | G12: 300000 | J12: 0 | M12: =IF(K12=L12,0,IF(K12>0,(L12-K12)/K12,"--")) -> 0 | N12: 3.
A13: 2300, 2400, 2500, 2900 Administration | C13: 4. | D13: 0 | F13: 150000 | G13: =-316+450000 -> 449684 | I13: 0 | J13: 0 | K13: =[1]!F610F2300240025002900 -> 565022 | L13: =SUM(D13:J13) -> 599684 | M13: =IF(K13=L13,0,IF(K13>0,(L13-K13)/K13,"")) -> 0.061 | N13: 4.
A14: 2600 Operation & Maintenance of Plant | C14: 5. | D14: 10000 | F14: 150000 | G14: 300000 | J14: 0 | K14: =[1]!F610F2600 -> 360000 | L14: =SUM(D14:J14) -> 460000 | M14: =IF(K14=L14,0,IF(K14>0,(L14-K14)/K14,"")) -> 0.278 | N14: 5.
A15: 2700 Student Transportation | C15: 6. | D15: 0 | F15: 50000 | G15: 208000 | J15: 0 | K15: =[1]!F610F2700 -> 213000 | L15: =SUM(D15:J15) -> 258000 | M15: =IF(K15=L15,0,IF(K15>0,(L15-K15)/K15,"")) -> 0.211 | N15: 6.
A16: 3000 Operation of Noninstructional Services (5) | C16: 7. | D16: 0 | F16: 0 | G16: 250000 | J16: 0 | K16: =[1]!F610F3000 -> 250000 | L16: =SUM(D16:J16) -> 250000 | M16: =IF(K16=L16,0,IF(K16>0,(L16-K16)/K16,"")) -> 0 | N16: 7.
A17: 4000 Facilities Acquisition and Construction | C17: 8. | D17: 0 | F17: 0 | G17: 500000 | J17: 2500000 | K17: =[1]!F610F4000 -> 2051612 | L17: =SUM(D17:J17) -> 3000000 | M17: =IF(K17=L17,0,IF(K17>0,(L17-K17)/K17,"")) -> 0.462 | N17: 8.
A18: 5000 Debt Service | C18: 9. | H18: 0 | I18: 0 | K18: =[1]!F610F5000 -> 0 | L18: =SUM(D18:J18) -> 0 | M18: =IF(K18=L18,0,IF(K18>0,(L18-K18)/K18,"")) -> 0 | N18: 9.
A19: Total Unrestricted Capital Outlay Fund (lines 2-9) | C19: 10. | D19: =D10+SUM(D12:D18) -> 275000 | E19: =E10+SUM(E12:E18) -> 5675000 | F19: =F8+SUM(F11:F18) -> 800000 | G19: =G10+SUM(G12:G18) -> 4007684 | H19: =H10+SUM(H12:H18) -> 0 | I19: =I10+SUM(I12:I18) -> 0 | J19: =J10+SUM(J12:J18) -> 2500000 | K19: =SUM(K9:K18) -> 12295714 | L19: =SUM(L9:L18) -> 12957684 | M19: =IF(K19=L19,0,IF(K19>0,(L19-K19)/K19,"")) -> 0.054 | N19: 10.
F21: =IF(ROUND('Page 4'!L19,0)<ROUND('Page 8'!K32,0),CONCATENATE("The district has budgeted an amount in the UCO Fund which is less than the Unrestricted Capital Budget Limit as calculated on Page 8 of 8 by ",TEXT('Page 8'!K32-'Page 4'!L19,"$#,###"),"."),IF(ROUND('Page 4'!L19,0)>ROUND('Page 8'!K32,0),CONCATENATE("The district has budgeted greater in the UCO Fund than the Unrestricted Capital Budget Limit as calculated on Page 8 of 8 by ",TEXT(-'Page 8'!K32+'Page 4'!L19,"$#,###"),"."),IF(ROUND('Page 4'!L19,0)=ROUND('Page 8'!K32,0),CONCATENATE("The district has budgeted an amount in the UCO Fund equal to the Unrestricted Capital Budget Limit as calculated on Page 8 of 8.")))) -> The district has budgeted an amount in the UCO Fund equal to the Unrestricted Capital Budget Limit as calculated on Page 8 of 8.
A23: (1) Amounts in the Unrestricted Capital Outlay Override line 1 above must be included in the appropriate individual line items for Fund 610 and in the Budget Year Total Column. | E23: (5) | F23: Expenditures Budgeted in Unrestricted Capital Outlay (UCO) Fund for Food Service
F25: Enter the amount budgeted in UCO for Food Service [Amount will be used to determine district
F26: compliance with state matching requirements pursuant to CFR Title 7, §210.17(a)] | K26: 0
A27: (2) Detail by object code:
B28: Unrestricted Capital Outlay
A30: 6641 Library Books | B30: 175000 | E30: (6) | F30: Expenditures, if any, budgeted in the Unrestricted Capital Outlay Fund on lines 2-9 for the K-3 Reading Program as described in A.R.S. §15-211.
A31: 6642 Textbooks | B31: =5500000-750000 -> 4750000 | K31: 0
A32: 6643 Instructional Aids | B32: 750000
A33: 673X Furniture and Equipment | B33: 2007684
A34: 673X Vehicles | B34: 0
A35: 673X Tech Hardware & Software | B35: 2000000
A37: (3) Includes principal on Capital Equity Fund loans of | D37: 0 | E37: , principal on leases of | G37: 0 | H37: , and principal on bonds of | J37: 0 | K37: .
A39: (4) Includes interest on Capital Equity Fund loans of | D39: 0 | E39: , interest on leases of | G39: 0 | H39: , and interest on bonds of | J39: 0 | K39: .

Sheet Page 5
A1: DISTRICT NAME | B1: =DistrictName -> MADISON ELEMENTARY SCHOOL DISTRICT | G1: COUNTY | H1: =Cover!H1 -> MARICOPA | J1: CTD NUMBER | K1: =Cover!S1 -> 070438000 | M1: VERSION | N1: =Cover!C8 -> Adopted
A3: OTHER FUNDS—REQUIRED CAPITAL EXPENDITURE DETAIL [(A.R.S. §15-904.(B)]
D5: UNRESTRICTED CAPITAL OUTLAY | F5: BOND BUILDING | H5: NEW SCHOOL FACILITIES | J5: ADJACENT WAYS
A6: Expenditures | D6: Fund 610 | F6: Fund 630 | H6: Fund 695 | J6: Fund 620 (2)
D7: Prior FY | E7: Budget FY | F7: Prior FY | G7: Budget FY | H7: Prior FY | I7: Budget FY | J7: Prior FY | K7: Budget FY
A8: Total Fund Expenditures | C8: 1. | D8: =F610TotalCurrFY -> 12295714 | E8: =F610TotalBudgFY -> 12957684 | F8: =[1]!F630TotalBudgFY -> 81000000 | G8: 52000000 | H8: =[1]!F695TotalBudgFY -> 0 | I8: 0 | J8: =[1]!F620TotalBudgFY -> 2030594 | K8: 2060000 | L8: 1.
A9: Select Object Codes Detail (1)
A10: 6150 Classified Salaries | C10: 2. | D10: =[1]!F610BudgFYO6150 -> 0 | E10: 0 | F10: =[1]!F630BudgFYO6150 -> 115000 | G10: 120000 | H10: =[1]!F695BudgFYO6150 -> 0 | I10: 0 | J10: =[1]!F620BudgFYO6150 -> 0 | K10: 0 | L10: 2.
A11: 6200 Employee Benefits | C11: 3. | D11: =[1]!F610BudgFYO6200 -> 0 | E11: 0 | F11: =[1]!F630BudgFYO6200 -> 34800 | G11: =(120000*0.24)+7200 -> 36000 | H11: =[1]!F695BudgFYO6200 -> 0 | I11: 0 | J11: =[1]!F620BudgFYO6200 -> 0 | K11: 0 | L11: 3.
A12: 6450 Construction Services | C12: 4. | D12: =[1]!F610BudgFYO6450 -> 0 | E12: 2500000 | F12: =[1]!F630BudgFYO6450 -> 60000000 | G12: =52000000-6656000 -> 45344000 | H12: =[1]!F695BudgFYO6450 -> 0 | I12: 0 | J12: =[1]!F620BudgFYO6450 -> 2030594 | K12: 2060000 | L12: 4.
A13: 6710 Land and Improvements | C13: 5. | D13: =[1]!F610BudgFYO6710 -> 0 | E13: 0 | F13: =[1]!F630BudgFYO6710 -> 0 | G13: 0 | H13: =[1]!F695BudgFYO6710 -> 0 | I13: 0 | J13: =[1]!F620BudgFYO6710 -> 0 | K13: 0 | L13: 5.
A14: 6720 Buildings and Improvements | C14: 6. | D14: =[1]!F610BudgFYO6720 -> 0 | E14: 0 | F14: =[1]!F630BudgFYO6720 -> 0 | G14: 0 | H14: =[1]!F695BudgFYO6720 -> 0 | I14: 0 | J14: =[1]!F620BudgFYO6720 -> 0 | K14: 0 | L14: 6.
A15: 673X Furniture and Equipment | C15: 7. | D15: =[1]!F610BudgFYO6731 -> 1600000 | E15: =F610O6731 -> 2007684 | F15: =[1]!F630BudgFYO6731 -> 3000000 | G15: 2500000 | H15: =[1]!F695BudgFYO6731 -> 0 | I15: 0 | J15: =[1]!F620BudgFYO6731 -> 0 | K15: 0 | L15: 7.
A16: 673X Vehicles | C16: 8. | D16: =[1]!F610BudgFYO6734 -> 0 | E16: =F610O6734 -> 0 | F16: =[1]!F630BudgFYO6734 -> 1000000 | G16: 1500000 | H16: =[1]!F695BudgFYO6734 -> 0 | I16: 0 | J16: =[1]!F620BudgFYO6734 -> 0 | K16: 0 | L16: 8.
A17: 673X Technology Hardware & Software | C17: 9. | D17: =[1]!F610BudgFYO6737 -> 3035621 | E17: =F610O6737 -> 2000000 | F17: =[1]!F630BudgFYO6737 -> 2500000 | G17: 2500000 | H17: =[1]!F695BudgFYO6737 -> 0 | I17: 0 | J17: =[1]!F620BudgFYO6737 -> 0 | K17: 0 | L17: 9.
A18: 6831, 6832, 6833 Redemption of Principal | C18: 10. | D18: =[1]!F610BudgFYO6831 -> 0 | E18: 0 | F18: =[1]!F630BudgFYO6831 -> 0 | G18: 0 | H18: =[1]!F695BudgFYO6831 -> 0 | I18: 0 | J18: =[1]!F620BudgFYO6831 -> 0 | K18: 0 | L18: 10.
A19: 6841, 6842, 6843, 6850, 6860 Interest and Debt-Issuance Costs | C19: 11. | D19: =[1]!F610BudgFYO6841 -> 0 | E19: 0 | F19: =[1]!F630BudgFYO6841 -> 0 | G19: 0 | H19: =[1]!F695BudgFYO6841 -> 0 | I19: 0 | J19: =[1]!F620BudgFYO6841 -> 0 | K19: 0 | L19: 11.
A20: Total (lines 2-11) | C20: 12. | D20: =SUM(D10:D19) -> 4635621 | E20: =SUM(E10:E19) -> 6507684 | F20: =SUM(F10:F19) -> 66649800 | G20: =SUM(G10:G19) -> 52000000 | H20: =SUM(H10:H19) -> 0 | I20: =SUM(I10:I19) -> 0 | J20: =SUM(J10:J19) -> 2030594 | K20: =SUM(K10:K19) -> 2060000 | L20: 12.
A21: Total amounts reported on lines 2-11 above for:
A22: Renovation | C22: 13. | D22: =[1]!F610BudgFYRenovation -> 835621 | E22: 2007684 | F22: =[1]!F630BudgFYRenovation -> 9000000 | G22: 4500000 | J22: =[1]!F620BudgFYRenovation -> 250000 | K22: 0 | L22: 13.
A23: New Construction | C23: 14. | D23: =[1]!F610BudgFYNewConstruction -> 800000 | E23: 2500000 | F23: =[1]!F630BudgFYNewConstruction -> 51000000 | G23: 30000000 | H23: =[1]!F695BudgFYNewConstruction -> 0 | I23: 0 | J23: =[1]!F620BudgFYNewConstruction -> 1780594 | K23: 2060000 | L23: 14.
A24: Other | C24: 15. | D24: =[1]!F610BudgFYOther -> 3000000 | E24: 2000000 | F24: =[1]!F630BudgFYOther -> 6649800 | G24: =52000000-34500000 -> 17500000 | H24: =[1]!F695BudgFYOther -> 0 | I24: 0 | J24: =[1]!F620BudgFYOther -> 0 | K24: 0 | L24: 15.
A25: Total (lines 13-15, must equal line 12) | C25: 16. | D25: =SUM(D22:D24) -> 4635621 | E25: =SUM(E22:E24) -> 6507684 | F25: =SUM(F22:F24) -> 66649800 | G25: =SUM(G22:G24) -> 52000000 | H25: =SUM(H23:H24) -> 0 | I25: =SUM(I23:I24) -> 0 | J25: =SUM(J22:J24) -> 2030594 | K25: =SUM(K22:K24) -> 2060000 | L25: 16.
E26: =IF(SUM(E22:E24)=E20,"","Check line 12") | G26: =IF(SUM(G22:G24)=G20,"","Check line 12") | I26: =IF(SUM(I23:I24)=I20,"","Check line 12") | K26: =IF(SUM(K22:K24)=K20,"","Check line 12")
A27: (1) Lines 2-11 may not include all budgeted expenditures of the fund. Total budgeted expenditures for each fund should be included on Line 1.
A28: (2) Amount budgeted on line 1 for the Adjacent Ways Fund that will result in a tax levy in FY 2024 | E28: 0
A29: =IF((E28>0),"Districts that are levying any amount for adjacent ways must fill in the Truth in Taxation Worksheet and follow the requirements of A.R.S. Sec. 15-905.01. The amount reported in footnote 2 above pulls to the Truth in Taxation Worksheet, Line 12.","")

Sheet Page 6
C1: DISTRICT NAME | D1: =DistrictName -> MADISON ELEMENTARY SCHOOL DISTRICT | I1: COUNTY | J1: =Cover!H1 -> MARICOPA | O1: CTD NUMBER | P1: =Cover!S1 -> 070438000 | S1: VERSION | T1: =Cover!C8 -> Adopted
B3: SPECIAL PROJECTS | M3: OTHER FUNDS EXPENDITURES
S4: Prior FY | T4: Budget FY
F5: FTE | I5: TOTAL ALL FUNCTIONS | M5: 1. | O5: 050 County, City, and Town Grants | S5: =[1]!F050BudgFY -> 0 | T5: 0 | U5: 1.
A6: FEDERAL PROJECTS FTE & EXPENDITURES | F6: Prior FY | G6: Budget FY | I6: Prior FY | J6: Budget FY | M6: 2. | O6: 071 English Language Learner (1) | S6: =F071CurrFY -> 0 | T6: =F071BudgFY -> 0 | U6: 2.
A7: 1. | C7: 100-130 ESEA Title I - Helping Disadvantaged Children | F7: =[1]!F100130Personnel -> 10 | G7: 10 | I7: =[1]!F100130BudgFY -> 1002571 | J7: 800000 | K7: 1. | M7: 3. | O7: 072 Compensatory Instruction (1) | S7: =F072CurrFY -> 0 | T7: =F072BudgFY -> 0 | U7: 3.
A8: 2. | C8: 140-150 ESEA Title II - Prof. Dev. and Technology | F8: =[1]!F140150Personnel -> 0 | G8: 0 | I8: =[1]!F140150BudgFY -> 274081 | J8: 250000 | K8: 2. | M8: 4. | O8: 500 School Plant (2) | S8: =[1]!F500BudgFY -> 1900000 | T8: 2500000 | U8: 4.
A9: 3. | C9: 160 ESEA Title IV - 21st Century Schools | F9: =[1]!F160Personnel -> 0 | G9: 0 | I9: =[1]!F160BudgFY -> 0 | J9: 250000 | K9: 3. | M9: 5. | O9: 510 Food Service | S9: =[1]!F510BudgFY -> 3800000 | T9: 3500000 | U9: 5.
A10: 4. | C10: 170-180 ESEA Title V - Promote Informed Parent Choice | F10: =[1]!F170180Personnel -> 0 | G10: 0 | I10: =[1]!F170180BudgFY -> 0 | J10: 0 | K10: 4. | M10: 6. | O10: 515 Civic Center | S10: =[1]!F515BudgFY -> 1600000 | T10: 1800000 | U10: 6.
A11: 5. | C11: 190 ESEA Title III - Limited Eng. & Immigrant Students | F11: =[1]!F190Personnel -> 0 | G11: 0 | I11: =[1]!F190BudgFY -> 82978 | J11: 80000 | K11: 5. | M11: 7. | O11: 520 Community School | S11: =[1]!F520BudgFY -> 6700000 | T11: 6700000 | U11: 7.
A12: 6. | C12: 200 ESEA Title VII - Indian Education | F12: =[1]!F200Personnel -> 0 | G12: 0 | I12: =[1]!F200BudgFY -> 41086 | J12: 40000 | K12: 6. | M12: 8. | O12: 525 Auxiliary Operations | S12: =[1]!F525BudgFY -> 0 | T12: 0 | U12: 8.
A13: 7. | C13: 210 ESEA Title VI - Flexibility and Accountability | F13: =[1]!F210Personnel -> 0 | G13: 0 | I13: =[1]!F210BudgFY -> 0 | J13: 0 | K13: 7. | M13: 9. | O13: 526 Extracurricular Activities Fees Tax Credit | S13: =[1]!F526BudgFY -> 900000 | T13: 900000 | U13: 9.
A14: 8. | C14: 220 IDEA Part B | F14: =[1]!F220Personnel -> 8 | G14: 8 | I14: =[1]!F220BudgFY -> 1691234 | J14: 1578000 | K14: 8. | M14: 10. | O14: 530 Gifts and Donations | S14: =[1]!F530BudgFY -> 175000 | T14: 175000 | U14: 10.
A15: 9. | C15: 230 Johnson-O'Malley | F15: =[1]!F230Personnel -> 0 | G15: 0 | I15: =[1]!F230BudgFY -> 55805 | J15: 50000 | K15: 9. | M15: 11. | O15: 535 Career & Technical Education Projects | S15: =[1]!F535BudgFY -> 0 | T15: 0 | U15: 11.
A16: 10. | C16: 240 Workforce Investment Act | F16: =[1]!F240Personnel -> 0 | G16: 0 | I16: =[1]!F240BudgFY -> 0 | J16: 0 | K16: 10. | M16: 12. | O16: 540 Fingerprint | S16: =[1]!F540BudgFY -> 0 | T16: 1200 | U16: 12.
A17: 11. | C17: 250 AEA - Adult Education | F17: =[1]!F250Personnel -> 0 | G17: 0 | I17: =[1]!F250BudgFY -> 0 | J17: 0 | K17: 11. | M17: 13. | O17: 545 School Opening | S17: =[1]!F545BudgFY -> 0 | T17: 0 | U17: 13.
A18: 12. | C18: 260-270 Vocational Education - Basic Grants | F18: =[1]!F260270Personnel -> 0 | G18: 0 | I18: =[1]!F260270BudgFY -> 0 | J18: 0 | K18: 12. | M18: 14. | O18: 550 Insurance Proceeds | S18: =[1]!F550BudgFY -> 90000 | T18: 112000 | U18: 14.
A19: 13. | C19: 280 ESEA Title X - Homeless Education | F19: =[1]!F280Personnel -> 0 | G19: 0 | I19: =[1]!F280BudgFY -> 0 | J19: 0 | K19: 13. | M19: 15. | O19: 555 Textbooks | S19: =[1]!F555BudgFY -> 24000 | T19: 25000 | U19: 15.
A20: 14. | C20: 290 Medicaid Reimbursement | F20: =[1]!F290Personnel -> 0 | G20: 0 | I20: =[1]!F290BudgFY -> 500000 | J20: 500000 | K20: 14. | M20: 16. | O20: 565 Litigation Recovery | S20: =[1]!F565BudgFY -> 900000 | T20: 85000 | U20: 16.
A21: 15. | C21: 374 E-Rate | F21: =[1]!F374Personnel -> 0 | G21: 0 | I21: =[1]!F374BudgFY -> 375000 | J21: 375000 | K21: 15. | M21: 17. | O21: 570 Indirect Costs | S21: =[1]!F570BudgFY -> 800000 | T21: 800000 | U21: 17.
A22: 16. | C22: 378 Impact Aid | F22: =[1]!F378Personnel -> 0 | G22: 0 | I22: =[1]!F378BudgFY -> 0 | J22: 0 | K22: 16. | M22: 18. | O22: 575 Unemployment Insurance | S22: =[1]!F575BudgFY -> 28000 | T22: 28000 | U22: 18.
A23: 17. | C23: 300-399 Other Federal Projects (Besides E-Rate & Impact Aid) | F23: =[1]!F300399OtherPersonnel -> 100 | G23: 10 | I23: =[1]!F300399OtherBudgFY -> 4014919 | J23: 3000000 | K23: 17. | M23: 19. | O23: 580 Teacherage | S23: =[1]!F580BudgFY -> 0 | T23: 0 | U23: 19.
A24: 18. | C24: Total Federal Project Funds (lines 1-17) | F24: =SUM(F7:F23) -> 118 | G24: =SUM(G7:H23) -> 28 | I24: =SUM(I7:I23) -> 8037674 | J24: =SUM(J7:J23) -> 6923000 | K24: 18. | M24: 20. | O24: 585 Insurance Refund | S24: =[1]!F585BudgFY -> 0 | T24: 0 | U24: 20.
A25: STATE PROJECTS FTE & EXPENDITURES | F25: =[1]!F400Personnel -> 0 | I25: =[1]!F400BudgFY -> 0 | M25: 21. | O25: 590 Grants and Gifts to Teachers | S25: =[1]!F590BudgFY -> 0 | T25: 0 | U25: 21.
A26: 19. | C26: 400 Vocational Education | G26: 0 | J26: 0 | K26: 19. | M26: 22. | O26: 595 Advertisement | S26: =[1]!F595BudgFY -> 34000 | T26: 35000 | U26: 22.
A27: 20. | C27: 410 Early Childhood Block Grant | F27: =[1]!F410Personnel -> 0 | G27: 0 | I27: =[1]!F410BudgFY -> 0 | J27: 0 | K27: 20. | M27: 23. | O27: 596 Career Technical Education | S27: =[1]!F596BudgFY -> 0 | T27: 0 | U27: 23.
A28: 21. | C28: 420 Ext. School Yr. - Pupils with Disabilities | F28: =[1]!F420Personnel -> 0 | G28: 0 | I28: =[1]!F420BudgFY -> 0 | J28: 0 | K28: 21. | M28: 24. | O28: 597 Arizona Industry Credentials Incentive | S28: =[1]!F597BudgFY -> 0 | T28: 0 | U28: 24
A29: 22. | C29: 425 Adult Basic Education | F29: =[1]!F425Personnel -> 0 | G29: 0 | I29: =[1]!F425BudgFY -> 0 | J29: 0 | K29: 22. | M29: 25. | O29: 639 Impact Aid Revenue Bond Building | S29: =[1]!F639BudgFY -> 0 | T29: 0 | U29: 25.
A30: 23. | C30: 430 Chemical Abuse Prevention Programs | F30: =[1]!F430Personnel -> 0 | G30: 0 | I30: =[1]!F430BudgFY -> 0 | J30: 0 | K30: 23. | M30: 26. | O30: 650 Gifts and Donations-Capital | S30: =[1]!F650BudgFY -> 50000 | T30: 40000 | U30: 26.
A31: 24. | C31: 435 Academic Contests | F31: =[1]!F435Personnel -> 0 | G31: 0 | I31: =[1]!F435BudgFY -> 0 | J31: 0 | K31: 24. | M31: 27. | O31: 660 Condemnation | S31: =[1]!F660BudgFY -> 0 | T31: 0 | U31: 27.
A32: 25. | C32: 450 Gifted Education | F32: =[1]!F450Personnel -> 0 | G32: 0 | I32: =[1]!F450BudgFY -> 10000 | J32: 10000 | K32: 25. | M32: 28. | O32: 665 Energy and Water Savings | S32: =[1]!F665BudgFY -> 0 | T32: 12000 | U32: 28.
A33: 26. | C33: 456 College Credit Exam Incentives | F33: {=[1]!F456Personnel} -> 0 | G33: 0 | I33: {=[1]!F456BudgFY} -> 0 | J33: 0 | K33: 26. | M33: 29. | O33: 686 Emergency Deficiencies Correction | S33: =[1]!F686BudgFY -> 0 | T33: 0 | U33: 29.
A34: 27. | C34: 460 Environmental Special Plate | F34: =[1]!F460Personnel -> 0 | G34: 0 | I34: =[1]!F460BudgFY -> 0 | J34: 0 | K34: 27. | M34: 30. | O34: 691 Building Renewal Grant | S34: =[1]!F691BudgFY -> 360000 | T34: 150000 | U34: 30.
A35: 28. | C35: Other State Projects | F35: =[1]!F465499Personnel -> 0 | G35: 8 | I35: =[1]!F465499BudgFY -> 227401 | J35: 750000 | K35: 28. | M35: 31. | O35: 700 Debt Service | S35: =[1]!F700BudgFY -> 17500000 | T35: 16900000 | U35: 31.
A36: 29. | C36: Total State Project Funds (lines 19-28) | F36: =SUM(F25:F35) -> 0 | G36: =SUM(G26:H35) -> 8 | I36: =SUM(I25:I35) -> 237401 | J36: =SUM(J26:J35) -> 760000 | K36: 29. | M36: 32. | O36: 720 Impact Aid Revenue Bond Debt Service | S36: =[1]!F720BudgFY -> 0 | T36: 0 | U36: 32.
A37: 30. | C37: Total Special Projects (lines 18 and 29) | F37: =F24+F36 -> 118 | G37: =G24+G36 -> 36 | I37: =I24+I36 -> 8275075 | J37: =J24+J36 -> 7683000 | K37: 30. | M37: 33. | O37: 850 Student Activities | S37: =[1]!F850BudgFY -> 80000 | T37: 80000 | U37: 33.
M38: 34. | O38: Other _____________________________________ | S38: =[1]!OtherFundsBudgFY -> 0 | T38: 0 | U38: 34.
A39: INSTRUCTIONAL IMPROVEMENT FUND EXPENDITURES (020) | F39: Prior FY | H39: Budget FY | O39: INTERNAL SERVICE FUNDS 950-989
A40: 1. | C40: Teacher Compensation Increases | F40: =[1]!F020TeachCompIncrBudgFY -> 265590 | H40: 255000 | J40: 1. | M40: 1. | O40: 9___ Self-Insurance | S40: =[1]!F9__SelfInsBudgFY -> 0 | T40: 0 | U40: 1.
A41: 2. | C41: Class Size Reduction | F41: =[1]!F020ClassSizeRedBudgFY -> 265590 | H41: 255000 | J41: 2. | M41: 2. | O41: 955 Intergovernmental Agreements | S41: =[1]!F955BudgFY -> 90000 | T41: 131000 | U41: 2.
A42: 3. | C42: Dropout Prevention Programs (M&O purposes) | F42: =[1]!F020DropPrevProgBudgFY -> 0 | H42: 0 | J42: 3. | M42: 3. | O42: 9__ OPEB | S42: =[1]!F9__OPEBBudgFY -> 0 | T42: 0 | U42: 3.
A43: 4. | C43: Instructional Improvement Programs (M&O purposes) | F43: =[1]!F020InstrImprProgBudgFY -> 0 | H43: 0 | J43: 4. | M43: 4. | O43: 905 Transportation | S43: =[1]!F9__OtherBudgFY -> 150000 | T43: 190000 | U43: 4.
A44: 5. | C44: Total Instructional Improvement Fund (lines 1-4) | F44: =SUM(F40:F43) -> 531180 | H44: =SUM(H40:H43) -> 510000 | J44: 5.
M46: (1) | N46: From Supplement, line 10 and line 20, respectively.
M47: (2) | N47: Indicate amount budgeted in Fund 500 for M&O purposes | S47: 500000

Sheet Page 7
C1: DISTRICT NAME | D1: =DistrictName -> MADISON ELEMENTARY SCHOOL DISTRICT | F1: COUNTY | G1: =Cover!H1 -> MARICOPA | L1: CTD NUMBER | M1: =Cover!S1 -> 070438000
L2: VERSION | M2: =Cover!C8 -> Adopted
A3: CALCULATION OF FY 2024 GENERAL BUDGET LIMIT
A4: (A.R.S. §15-947.C)
J6: A. | M6: B.
J7: Maintenance | M7: Unrestricted
J8: and Operation | M8: Capital Outlay
A9: *1. | B9: FY 2024 Revenue Control Limit (RCL) | N9: =IF((H10-J10)>=0,"","The RCL amount allocated to the M and O Fund exceeds the calculated RCL amount.")
B10: (from BSA55 tab, page 3) | G10: $ | H10: =RCL -> 35812809 | I10: $ | J10: 35812809 | L10: $ | M10: =IF((H10-J10)<0,"Error",H10-J10) -> 0
A14: *2. | B14: (a) | C14: FY 2024 District Additional Assistance (DAA) (from BSA55 tab, page 4) | G14: $ | H14: =PreAdjDAA -> 2889689
B15: (b) | C15: DAA Adjustment (from BSA55 tab, page 4) | G15: $ | H15: =TotalDAAAdj -> 0
B17: (c) | C17: Total DAA (line 2.a plus 2.b) | G17: $ | H17: =H14+H15 -> 2889689 | J17: 1909000 | M17: =IF((H17-J17)<0,"Error",H17-J17) -> 980689
A18: *3. | B18: FY 2024 Override Authorization (A.R.S. §§15-481 and 15-482 or 15-949 if small school adjustment phase down applies, see Calculations page, Calculation of Maximum Override for a District No Longer Eligible for a Small School Adjustment, line 6 and Calculation of Small School Adjustment Phase Down Limit, line 6)
B19: (a) | C19: Maintenance and Operation | J19: =0.15*J10 -> 5371921
B20: (b) | C20: Unrestricted Capital Outlay | M20: =0.1*J10 -> 3581281
B21: (c) | C21: Special Program | J21: 0 | M21: 0
A22: *4. | B22: Small School Adjustment for Districts with a Student Count of 125 or less in K-8 or 100 or less in 9-12 (A.R.S. §15-949) (Up to $50,000 if no election is chosen for phase down, see Calculations page, Calculation of Small School Adjustment Phase Down Limit, line 6) | O22: =IF(AND('Data Entry'!J22>0,OR(AND(UnweightedStudCntK8PY>0,UnweightedStudCntK8PY<=125),AND(UnweightedStudCnt912PY>0,UnweightedStudCnt912PY<=100)),(AND(SSA_MO=0,SSA_UCO=0))),"Reported FY 2022 ADM for K-8 and/or 9-12 is eligible for a small school adjustment. Amounts cannot be added or increased on line 4 after budget adoption.","")
J23: 0 | M23: 0
A24: *5. | B24: Tuition Revenue (A.R.S. §§15-823 and 15-824)
B25: (Do not include full-day kindergarten or summer school tuition)
B26: (a) | C26: Individuals and Other Private Sources | J26: 0 | M26: 0
B27: (b) | C27: Other Arizona Districts | J27: 0 | M27: 0
B28: (c) | C28: Out-of-State Districts and Other Governments | J28: 0 | M28: 0
B29: (d) | C29: Certificates of Educational Convenience (A.R.S. §§15-825, 15-825.01, and 15-825.02) | J29: 0 | M29: 0
A30: *6. | B30: State Assistance (A.R.S. §15-976) and Special Ed. Voucher Payments Received (A.R.S. §15-1204) | J30: 0 | M30: 0
A31: *7. | B31: Increase Authorized by County School Superintendent for Accommodation Schools
B32: [not to exceed amount on Calculations page, Calculation of M&O Fund Budget Balance Carryforward, line 15(e)] (A.R.S. §15-974.B) | J32: 0
A33: 8. | B33: Budget Increase for:
B34: (a) | C34: Desegregation Expenditures (A.R.S. §15-910.G-K) | J34: 0 | M34: 0
A35: * | B35: (b) | C35: Budget Balance Carryforward (from Calculations page, Calculation of M&O Fund Budget Balance Carryforward, line 13) (A.R.S. §15-943.01) | J35: =Calculations!R105 -> 2000000
B36: (c) | C36: Dropout Prevention Programs (Laws 1992, Ch. 305, §32 and Laws 2000, Ch. 398, §2) | J36: 0 | M36: 0
B37: (d) | C37: Registered Warrant or Tax Anticipation Note Interest Expense Incurred in | N37: =IF(AND(OR(J38>0,M38>0),T37<>"X"),"Districts with amounts on this line should have a FY 2022 Request Letter on file with ADE. Use the check box in T39 after verifying that ADE has the letter.","")
C38: FY 2022 (A.R.S. §15-910.N, as amended by Laws 2022, Ch. 285, §3) | J38: 0 | M38: 0
A39: * | B39: (e) | C39: Joint Career and Technical Education and Vocational Education Center (A.R.S. §15-910.01) | J39: 0 | M39: 0
A40: * | B40: (f) | C40: FY 2023 Performance Pay Unexpended Budget Carryforward (from Calculation page, | J40: =Calculations!R101 -> 0
C41: Calculation of M&O Fund Budget Balance Carryforward, line 10.f) (A.R.S. §15-920)
B42: (g) | C42: Excessive Property Tax Assessed Valuation Judgments (A.R.S. §§42-16213 and 42-16214) | J42: 0
A43: * | B43: (h) | C43: Transportation Revenues for Attendance of Nonresident Pupils (A.R.S. §§15-923 and 15-947) | J43: 0
A44: *9. | B44: Adjustment to the General Budget Limit (A.R.S. §§15-272, 15-905.M, 15-910.02, and 15-915) Include year(s) and descriptions, as applicable.
B45: (a) | C45: Prior Year Over Expenditures/Resolutions:
J46: 0
B47: (b) | C47: Decrease for Transfer from M&O to Energy and Water Savings Fund | J47: 0
B48: (c) | C48: Increase for Energy and Water Savings Fund Transfer to M&O | J48: 0
B50: (d) | C50: Noncompliance Adjustment | J50: 0
B51: (e) | C51: ADM/Transportation Audit Adjustment | J51: 0
B52: (f) | C52: Other: | J52: 0
A53: *10. | B53: Estimated Allocation of Additional Funding (2016 Prop 123 & Laws 2015, 1st S.S., Ch. 1, §6) | J53: 346608 | M53: 0
A54: *11. | B54: Estimated Allocation of Onetime State Aid Supplement (Laws 2023, Ch. 133, §31) | J54: 1362000 | M54: 0
A55: 12. | B55: FY 2024 General Budget Limit (column A, lines 1 through 10) | J55: =SUM(J10:J43)+SUM(J46:J54) -> 46802338
B56: (A.R.S. §15-905.F) (page 1, line 30 cannot exceed this amount) | I56: $
A57: 13. | B57: Total Amount to be Used for Capital Expenditures (column B, lines 1 through 10) | M57: =SUM(M10:M39)+M53+M54 -> 4561970
B58: ( A.R.S. §15-905.F) (to page 8, line 11) | L58: $
A60: * | B60: Subject to adjustment prior to May 15 as allowed by A.R.S. Revisions are described in the instructions for these lines, as needed.

Sheet Page 8
A1: DISTRICT NAME | E1: =DistrictName -> MADISON ELEMENTARY SCHOOL DISTRICT | F1: COUNTY | G1: =Cover!H1 -> MARICOPA | J1: CTD NUMBER | K1: =Cover!S1 -> 070438000
J2: VERSION | K2: =Cover!C8 -> Adopted
A3: CALCULATION OF FY 2024 UNRESTRICTED CAPITAL BUDGET LIMIT (A.R.S. §15-947.D)
A6: UNRESTRICTED CAPITAL BUDGET LIMIT
B7: 1. | C7: FY 2023 Unrestricted Capital Budget Limit (UCBL) | K7: =[1]!UCBLBudgFY -> 12295714
C8: (from FY 2023 latest revised Budget, page 8, line 12) | J8: $
B9: 2. | C9: Total UCBL Adjustment for prior years as notified by ADE on BUDG75 report (For budget
C10: adoption, use zero.) | J10: $ | K10: 0
B11: 3. | C11: Adjusted Amount Available for FY 2023 Capital Expenditures (line 1 + 2) | J11: $ | K11: =K7+K10 -> 12295714
B12: 4. | C12: Amount Budgeted in Fund 610 in FY 2023
C13: (from FY 2023 latest revised Budget, page 4, line 10) | J13: $ | K13: =[1]!F610TotalBudgFY -> 12295714
B14: 5. | C14: Lesser of line 3 or the sum of line 4 and any positive adjustment on line 2 | J14: $ | K14: =IF(K10>0,MIN(K13+K10,K11),MIN(K11,K13)) -> 12295714
B15: 6. | C15: FY 2023 Fund 610 Actual Expenditures (For budget adoption use actual expenditures
C16: to date plus estimated expenditures through fiscal year-end.) | J16: $ | K16: 4000000
B17: 7. | C17: Unexpended Budget Balance in Fund 610 (line 5 minus 6) If negative, use zero in | K17: =IF(K14-K16>0,K14-K16,0) -> 8295714
C18: calculation, but show negative amount here in parentheses. | G18: =IF((K14-K16)<0,K14-K16,"") | H18: =IF(G18<0,"OVEREXPENDED"," ") | J18: $
B19: 8. | C19: Interest Earned in Fund 610 in FY 2023 | J19: $ | K19: 100000
B20: 9. | C20: Monies deposited in Fund 610 from Division of School Facilities for donated land (A.R.S. §41-5741.F) | J20: $ | K20: 0
B22: 10. | C22: Adjustment to UCBL for FY 2024 (A.R.S. §15-905.M) Include year(s) and descriptions, as applicable.
C23: (a) | D23: Prior Year Over Expenditures/Resolutions:
J24: $ | K24: 0
C27: (b) | D27: ADM/Transportation Audit Adjustment | J27: $ | K27: 0
C28: (c) | D28: Other: | J28: $ | K28: 0
B30: 11. | C30: Amount to be Used for Capital Expenditures (from page 7, line 12) | J30: $ | K30: =TotAmtCapExped -> 4561970
B32: 12. | C32: FY 2024 Unrestricted Capital Budget Limit (lines 7 through 11) (1) | J32: $ | K32: =SUM(K17:K30) -> 12957684
A35: (1) | B35: The amount budgeted on page 4, line 10 cannot exceed this amount.

Sheet Supplement
A1: DISTRICT NAME | B1: =DistrictName -> MADISON ELEMENTARY SCHOOL DISTRICT | F1: COUNTY | G1: =Cover!H1 -> MARICOPA | J1: CTD NUMBER | K1: =Cover!S1 -> 070438000 | M1: VERSION | N1: =Cover!C8 -> Adopted
A2: SUPPLEMENT TO SCHOOL DISTRICT ANNUAL EXPENDITURE BUDGET FOR DISTRICTS THAT BUDGET FOR ENGLISH LANGUAGE LEARNERS (A.R.S. §§15-756.04 and 15-756.11)
G3: Employee | H3: Purchased | L3: Totals
A4: English Language Learners Supplement | D4: FTE | F4: Salaries | G4: Benefits | H4: Services | I4: Supplies | J4: Property | K4: Other | L4: Prior | M4: Budget | N4: %
D5: Prior | E5: Budget | H5: 6300, 6400, | L5: FY | M5: FY | N5: Increase/
A6: Expenditures | D6: FY | E6: FY | F6: 6100 | G6: 6200 | H6: 6500 | I6: 6600 | J6: 6700 | K6: 6800 | L6: 2023 | M6: 2024 | N6: Decrease
A7: English Language Learner Fund 071 (A.R.S. §15-756.04) | D7: =[1]!F071F1000Personnel -> 0 | L7: =[1]!F071F1000 -> 0 | M7: =SUM(F8:K8) -> 0 | N7: =IF(L7=M7,0,IF(L7>0,(M7-L7)/L7,"")) -> 0
A8: 1000 Instruction | C8: 1. | O8: 1.
A9: 2000 Support Services | D9: =[1]!F071F2100Personnel -> 0 | L9: =[1]!F071F2100 -> 0 | M9: =SUM(F10:K10) -> 0 | N9: =IF(L9=M9,0,IF(L9>0,(M9-L9)/L9,"")) -> 0
A10: 2100 Students | C10: 2. | O10: 2.
A11: 2200 Instructional Staff | C11: 3. | D11: =[1]!F071F2200Personnel -> 0 | L11: =[1]!F071F2200 -> 0 | M11: =SUM(F11:K11) -> 0 | N11: =IF(L11=M11,0,IF(L11>0,(M11-L11)/L11,"")) -> 0 | O11: 3.
A12: 2300 General Administration | C12: 4. | D12: =[1]!F071F2300Personnel -> 0 | L12: =[1]!F071F2300 -> 0 | M12: =SUM(F12:K12) -> 0 | N12: =IF(L12=M12,0,IF(L12>0,(M12-L12)/L12,"")) -> 0 | O12: 4.
A13: 2400 School Administration | C13: 5. | D13: =[1]!F071F2400Personnel -> 0 | L13: =[1]!F071F2400 -> 0 | M13: =SUM(F13:K13) -> 0 | N13: =IF(L13=M13,0,IF(L13>0,(M13-L13)/L13,"")) -> 0 | O13: 5.
A14: 2500 Central Services | C14: 6. | D14: =[1]!F071F2500Personnel -> 0 | L14: =[1]!F071F2500 -> 0 | M14: =SUM(F14:K14) -> 0 | N14: =IF(L14=M14,0,IF(L14>0,(M14-L14)/L14,"")) -> 0 | O14: 6.
A15: 2600 Operation & Maintenance of Plant | C15: 7. | D15: =[1]!F071F2600Personnel -> 0 | L15: =[1]!F071F2600 -> 0 | M15: =SUM(F15:K15) -> 0 | N15: =IF(L15=M15,0,IF(L15>0,(M15-L15)/L15,"")) -> 0 | O15: 7.
A16: 2700 Student Transportation | C16: 8. | D16: =[1]!F071F2700Personnel -> 0 | L16: =[1]!F071F2700 -> 0 | M16: =SUM(F16:K16) -> 0 | N16: =IF(L16=M16,0,IF(L16>0,(M16-L16)/L16,"")) -> 0 | O16: 8.
A17: 2900 Other | C17: 9. | D17: =[1]!F071F2900Personnel -> 0 | L17: =[1]!F071F2900 -> 0 | M17: =SUM(F17:K17) -> 0 | N17: =IF(L17=M17,0,IF(L17>0,(M17-L17)/L17,"")) -> 0 | O17: 9.
A18: Total (lines 1-9) (to Budget, page 6, Other Funds, line 2) | C18: 10. | D18: =SUM(D7:D17) -> 0 | E18: =E8+SUM(E10:E17) -> 0 | F18: =F8+SUM(F10:F17) -> 0 | G18: =G8+SUM(G10:G17) -> 0 | H18: =H8+SUM(H10:H17) -> 0 | I18: =I8+SUM(I10:I17) -> 0 | K18: =K8+SUM(K10:K17) -> 0 | L18: =SUM(L7:L17) -> 0 | M18: =SUM(M7:M17) -> 0 | N18: =IF(L18=M18,0,IF(L18>0,(M18-L18)/L18,"")) -> 0 | O18: 10.
A19: Compensatory Instruction Fund 072 (A.R.S. §15-756.11) | D19: =[1]!F072F1000Personnel -> 0 | L19: =[1]!F072F1000 -> 0 | M19: =SUM(F20:K20) -> 0 | N19: =IF(L19=M19,0,IF(L19>0,(M19-L19)/L19,"")) -> 0
A20: 1000 Instruction | C20: 11. | O20: 11.
A21: 2000 Support Services | D21: =[1]!F072F2100Personnel -> 0 | L21: =[1]!F072F2100 -> 0 | M21: =SUM(F22:K22) -> 0 | N21: =IF(L21=M21,0,IF(L21>0,(M21-L21)/L21,"")) -> 0
A22: 2100 Students | C22: 12. | O22: 12.
A23: 2200 Instructional Staff | C23: 13. | D23: =[1]!F072F2200Personnel -> 0 | L23: =[1]!F072F2200 -> 0 | M23: =SUM(F23:K23) -> 0 | N23: =IF(L23=M23,0,IF(L23>0,(M23-L23)/L23,"")) -> 0 | O23: 13.
A24: 2300 General Administration | C24: 14. | D24: =[1]!F072F2300Personnel -> 0 | L24: =[1]!F072F2300 -> 0 | M24: =SUM(F24:K24) -> 0 | N24: =IF(L24=M24,0,IF(L24>0,(M24-L24)/L24,"")) -> 0 | O24: 14.
A25: 2400 School Administration | C25: 15. | D25: =[1]!F072F2400Personnel -> 0 | L25: =[1]!F072F2400 -> 0 | M25: =SUM(F25:K25) -> 0 | N25: =IF(L25=M25,0,IF(L25>0,(M25-L25)/L25,"")) -> 0 | O25: 15.
A26: 2500 Central Services | C26: 16. | D26: =[1]!F072F2500Personnel -> 0 | L26: =[1]!F072F2500 -> 0 | M26: =SUM(F26:K26) -> 0 | N26: =IF(L26=M26,0,IF(L26>0,(M26-L26)/L26,"")) -> 0 | O26: 16.
A27: 2600 Operation & Maintenance of Plant | C27: 17. | D27: =[1]!F072F2600Personnel -> 0 | L27: =[1]!F072F2600 -> 0 | M27: =SUM(F27:K27) -> 0 | N27: =IF(L27=M27,0,IF(L27>0,(M27-L27)/L27,"")) -> 0 | O27: 17.
A28: 2700 Student Transportation | C28: 18. | D28: =[1]!F072F2700Personnel -> 0 | L28: =[1]!F072F2700 -> 0 | M28: =SUM(F28:K28) -> 0 | N28: =IF(L28=M28,0,IF(L28>0,(M28-L28)/L28,"")) -> 0 | O28: 18.
A29: 2900 Other | C29: 19. | D29: =[1]!F072F2900Personnel -> 0 | L29: =[1]!F072F2900 -> 0 | M29: =SUM(F29:K29) -> 0 | N29: =IF(L29=M29,0,IF(L29>0,(M29-L29)/L29,"")) -> 0 | O29: 19.
A30: Total (lines 11-19) (to Budget, page 6, Other Funds, line 3) | C30: 20. | D30: =SUM(D19:D29) -> 0 | E30: =E20+SUM(E22:E29) -> 0 | F30: =F20+SUM(F22:F29) -> 0 | G30: =G20+SUM(G22:G29) -> 0 | H30: =H20+SUM(H22:H29) -> 0 | I30: =I20+SUM(I22:I29) -> 0 | K30: =K20+SUM(K22:K29) -> 0 | L30: =SUM(L19:L29) -> 0 | M30: =SUM(M19:M29) -> 0 | N30: =IF(L30=M30,0,IF(L30>0,(M30-L30)/L30,"")) -> 0 | O30: 20.

Sheet Summary Page 1
A1: =IF(OR(Version="Proposed",Version=""),"SUMMARY OF SCHOOL DISTRICT PROPOSED EXPENDITURE BUDGET",IF(Version="Adopted","SUMMARY OF SCHOOL DISTRICT ADOPTED EXPENDITURE BUDGET","SUMMARY OF SCHOOL DISTRICT REVISED EXPENDITURE BUDGET")) -> SUMMARY OF SCHOOL DISTRICT ADOPTED EXPENDITURE BUDGET | H1: CTD NUMBER | I1: =CTD -> 070438000 | K1: proposed by the Governing Board on,
H2: VERSION | I2: =Cover!C8 -> Adopted | K2: revised by the Governing Board on, | L2: adopted by the Governing Board on,
A3: I certify that the Budget of | B3: Madison Elementary School | E3: District, | F3: Maricopa | G3: County for fiscal year 2024 was officially | K3: , and that the complete Proposed Expenditure Budget may be reviewed by contacting | L3: , and that the complete Adopted Expenditure Budget may be reviewed by contacting
A4: =IF(OR(I2="Proposed",I2=0),K1,IF(I2="Adopted",L2,K2)) -> adopted by the Governing Board on, | C4: =IF(ISNUMBER(SEARCH("Revised*",I2)),Cover!E15,IF(ISNUMBER(SEARCH("Proposed*",I2)),Cover!E13,IF(ISNUMBER(SEARCH("Adopted*",I2)),Cover!E14,""))) -> 45090 | D4: =IF(OR(I2="Proposed",I2=0),K3,IF(I2="Adopted",L3,K4)) -> , and that the complete Adopted Expenditure Budget may be reviewed by contacting | E4: =IF(ISNUMBER(SEARCH("Revised*",M2)),O2,O1) -> 0 | F4: =IF(ISNUMBER(SEARCH("Revised*",N2)),P2,P1) -> 0 | G4: =IF(ISNUMBER(SEARCH("Revised*",O2)),Q2,Q1) -> 0 | H4: =IF(ISNUMBER(SEARCH("Revised*",P2)),R2,R1) -> 0 | I4: =IF(ISNUMBER(SEARCH("Revised*",Q2)),S2,S1) -> 0 | K4: , and that the complete Revised Expenditure Budget may be reviewed by contacting
A5: Ella Conroy | B5: at the District Office, telephone | D5: 602-664-7916 | F5: during normal business hours. | I5: =IF(I10<1,"Enter average salaries on Budget Cover","") | K5: =IF(AND(ISNUMBER(SEARCH("Revised*",I2)),Cover!E15=""),"Enter revised date on Budget Cover",IF(AND(ISNUMBER(SEARCH("Proposed*",I2)),Cover!E13=""),"Enter proposed date on Budget Cover",""))
E7: President of the Governing Board
A9: 1. Average Daily Membership: | C9: Prior Year | D9: Budget Year | E9: 4. Average Teacher Salaries (A.R.S. §15-903.E)
B10: 2022 ADM | C10: 2023 ADM | D10: 2024 ADM | E10: 1. Average salary of all teachers employed in FY 2024 (budget year) | I10: =BudgetYearSalary -> 61241
A11: Attending | E11: 2. Average salary of all teachers employed in FY 2023 (prior year) | I11: =PriorYearSalary -> 58863
B12: 5326.5314 | C12: 5259.2387 | D12: 5259.2387 | E12: 3. Increase in average teacher salary from the prior year | I12: =SalaryIncrease -> 2378
A13: 2. Tax Rates: | C13: Prior FY | D13: Est. Budget FY | E13: 4. Percentage increase | I13: =PercentageIncrease -> 0.04
A14: Primary Rate (equalization formula funding and budget add-ons not required to be in secondary rate) | C14: =PrimTaxRateCurrFY -> 1.7437 | D14: =EstTaxRateBudgFY -> 1.7093
E15: =IF(SalaryComments="","",SalaryComments) -> Comments on average salary calculation (Optional):
A17: Secondary Rate (voter-approved overrides, bonds, and Career Technical Education Districts, and desegregation, if applicable) | C17: =TotSecTaxRateCurrFY -> 2.0695 | D17: =TotSecTaxRateBudgFY -> 2.0601
A20: 3. Budgeted Expenditures and Budget Limits: | C20: Budgeted Expenditures
D21: Budget Limit
A22: Maintenance & Operation Fund | C22: =F001TotalExp -> 46802338 | D22: =GBLBudgFY -> 46802338
A23: Classroom Site Fund | C23: =F010TotalExp -> 8916772 | D23: ='Page 3'!CSFBLBudgFY -> 8916772
A24: Unrestricted Capital Outlay Fund | C24: =F610TotalBudgFY -> 12957684 | D24: =UCBLBudgFY -> 12957684
A27: MAINTENANCE AND OPERATION EXPENDITURES
I28: % Inc./(Decr.)
C29: Salaries and Benefits | E29: Other | G29: TOTAL | I29: from
C30: Prior FY | D30: Budget FY | E30: Prior FY | F30: Budget FY | G30: Prior FY | H30: Budget FY | I30: Prior FY
A32: 100 Regular Education | C32: =[1]!F001P100F1000SBBudgFY -> 16465075 | D32: =F001P100F1000O6100+F001P100F1000O6200 -> 17701812 | E32: =[1]!F001P100F1000OthBudgFY -> 706000 | F32: =F001P100F1000O630064006500+F001P100F1000O6600+F001P100F1000O6800 -> 706000 | G32: =C32+E32 -> 17171075 | H32: =D32+F32 -> 18407812 | I32: =IF(G32=H32,0,IF(G32>0,(H32-G32)/G32,"")) -> 0.072
A33: 1000 Instruction
A34: 2000 Support Services | C34: =[1]!F001P100F2100SBBudgFY -> 1475000 | D34: =F001P100F2100O6100+F001P100F2100O6200 -> 1923200 | E34: =[1]!F001P100F2100OthBudgFY -> 151000 | F34: =F001P100F2100O630064006500+F001P100F2100O6600+F001P100F2100O6800 -> 151000 | G34: =C34+E34 -> 1626000 | H34: =D34+F34 -> 2074200 | I34: =IF(G34=H34,0,IF(G34>0,(H34-G34)/G34,"")) -> 0.276
A35: 2100 Students
A36: 2200 Instructional Staff | C36: =[1]!F001P100F2200SBBudgFY -> 1750000 | D36: =F001P100F2200O6100+F001P100F2200O6200 -> 1818000 | E36: =[1]!F001P100F2200OthBudgFY -> 215100 | F36: =F001P100F2200O630064006500+F001P100F2200O6600+F001P100F2200O6800 -> 215100 | G36: =C36+E36 -> 1965100 | H36: =D36+F36 -> 2033100 | I36: =IF(G36=H36,0,IF(G36>0,(H36-G36)/G36,"")) -> 0.035
A37: 2300, 2400, 2500 Administration | C37: =[1]!F001P100F230024002500SBBudgFY -> 5425981 | D37: =F001P100F2300O6100+F001P100F2400O6100+F001P100F2500O6100+F001P100F2300O6200+F001P100F2400O6200+F001P100F2500O6200 -> 5593600 | E37: =[1]!F001P100F230024002500OthBudgFY -> 1216700 | F37: =F001P100F2300O630064006500+F001P100F2300O6600+F001P100F2300O6800+F001P100F2400O630064006500+F001P100F2400O6600+F001P100F2400O6800+F001P100F2500O630064006500+F001P100F2500O6600+F001P100F2500O6800 -> 1216700 | G37: =C37+E37 -> 6642681 | H37: =D37+F37 -> 6810300 | I37: =IF(G37=H37,0,IF(G37>0,(H37-G37)/G37,"")) -> 0.025
A38: 2600 Oper./Maint. of Plant | C38: =[1]!F001P100F2600SBBudgFY -> 2300000 | D38: =F001P100F2600O6100+F001P100F2600O6200 -> 2450000 | E38: =[1]!F001P100F2600OthBudgFY -> 3719000 | F38: =F001P100F2600O630064006500+F001P100F2600O6600+F001P100F2600O6800 -> 3731000 | G38: =C38+E38 -> 6019000 | H38: =D38+F38 -> 6181000 | I38: =IF(G38=H38,0,IF(G38>0,(H38-G38)/G38,"")) -> 0.027
A39: 2900 Other | C39: =[1]!F001P100F2900SBBudgFY -> 0 | D39: =F001P100F2900O6100+F001P100F2900O6200 -> 0 | E39: =[1]!F001P100F2900OthBudgFY -> 0 | F39: =F001P100F2900O630064006500+F001P100F2900O6600+F001P100F2900O6800 -> 0 | G39: =C39+E39 -> 0 | H39: =D39+F39 -> 0 | I39: =IF(G39=H39,0,IF(G39>0,(H39-G39)/G39,"")) -> 0
A40: 3000 Oper. of Noninstructional Services | C40: =[1]!F001P100F3000SBBudgFY -> 25775 | D40: =F001P100F3000O6100+F001P100F3000O6200 -> 25775 | E40: =[1]!F001P100F3000OthBudgFY -> 135000 | F40: =F001P100F3000O630064006500+F001P100F3000O6600+F001P100F3000O6800 -> 140000 | G40: =C40+E40 -> 160775 | H40: =D40+F40 -> 165775 | I40: =IF(G40=H40,0,IF(G40>0,(H40-G40)/G40,"")) -> 0.031
A41: 610 School-Sponsored Cocurric. Activities | C41: =[1]!F001P610SBBudgFY -> 0 | D41: =F001P610O6100+F001P610O6200 -> 0 | E41: =[1]!F001P610OthBudgFY -> 0 | F41: =F001P610O630064006500+F001P610O6600+F001P610O6800 -> 0 | G41: =C41+E41 -> 0 | H41: =D41+F41 -> 0 | I41: =IF(G41=H41,0,IF(G41>0,(H41-G41)/G41,"")) -> 0
A42: 620 School-Sponsored Athletics | C42: =[1]!F001P620SBBudgFY -> 0 | D42: =F001P620O6100+F001P620O6200 -> 0 | E42: =[1]!F001P620OthBudgFY -> 0 | F42: =F001P620O630064006500+F001P620O6600+F001P620O6800 -> 0 | G42: =C42+E42 -> 0 | H42: =D42+F42 -> 0 | I42: =IF(G42=H42,0,IF(G42>0,(H42-G42)/G42,"")) -> 0
A43: 630, 700, 800, 900 Other Programs | C43: =[1]!F001P630700800900SBBudgFY -> 0 | D43: =F001P630O6100+F001P630O6200+F001P700800900O6100+F001P700800900O6200 -> 0 | E43: =[1]!F001P630700800900OthBudgFY -> 0 | F43: =F001P630O630064006500+F001P630O6600+F001P630O6800+F001P700800900O630064006500+F001P700800900O6600+F001P700800900O6800 -> 0 | G43: =C43+E43 -> 0 | H43: =D43+F43 -> 0 | I43: =IF(G43=H43,0,IF(G43>0,(H43-G43)/G43,"")) -> 0
A44: Regular Education Subsection Subtotal | C44: =SUM(C32:C43) -> 27441831 | D44: =SUM(D32:D43) -> 29512387 | E44: =SUM(E32:E43) -> 6142800 | F44: =SUM(F32:F43) -> 6159800 | G44: =SUM(G32:G43) -> 33584631 | H44: =SUM(H32:H43) -> 35672187 | I44: =IF(G44=H44,0,IF(G44>0,(H44-G44)/G44,"")) -> 0.062
A45: 200 and 300 Special Education | C45: =[1]!F001P200F1000SBBudgFY -> 4000000 | D45: =F001P200F1000O6100+F001P200F1000O6200 -> 4384000 | E45: =[1]!F001P200F1000OthBudgFY -> 625500 | F45: =F001P200F1000O630064006500+F001P200F1000O6600+F001P200F1000O6800 -> 625500 | G45: =C45+E45 -> 4625500 | H45: =D45+F45 -> 5009500 | I45: =IF(G45=H45,0,IF(G45>0,(H45-G45)/G45,"")) -> 0.083
A46: 1000 Instruction
A47: 2000 Support Services | C47: =[1]!F001P200F2100SBBudgFY -> 2175000 | D47: =F001P200F2100O6100+F001P200F2100O6200 -> 2376000 | E47: =[1]!F001P200F2100OthBudgFY -> 372000 | F47: =F001P200F2100O630064006500+F001P200F2100O6600+F001P200F2100O6800 -> 372000 | G47: =C47+E47 -> 2547000 | H47: =D47+F47 -> 2748000 | I47: =IF(G47=H47,0,IF(G47>0,(H47-G47)/G47,"")) -> 0.079
A48: 2100 Students
A49: 2200 Instructional Staff | C49: =[1]!F001P200F2200SBBudgFY -> 500000 | D49: =F001P200F2200O6100+F001P200F2200O6200 -> 550000 | E49: =[1]!F001P200F2200OthBudgFY -> 36800 | F49: =F001P200F2200O630064006500+F001P200F2200O6600+F001P200F2200O6800 -> 36800 | G49: =C49+E49 -> 536800 | H49: =D49+F49 -> 586800 | I49: =IF(G49=H49,0,IF(G49>0,(H49-G49)/G49,"")) -> 0.093
A50: 2300, 2400, 2500 Administration | C50: =[1]!F001P200F230024002500SBBudgFY -> 0 | D50: =F001P200F2300O6100+F001P200F2300O6200+F001P200F2400O6100+F001P200F2400O6200+F001P200F2500O6100+F001P200F2500O6200 -> 0 | E50: =[1]!F001P200F230024002500OthBudgFY -> 5000 | F50: =F001P200F2300O630064006500+F001P200F2300O6600+F001P200F2300O6800+F001P200F2400O630064006500+F001P200F2400O6600+F001P200F2400O6800+F001P200F2500O630064006500+F001P200F2500O6600+F001P200F2500O6800 -> 5000 | G50: =C50+E50 -> 5000 | H50: =D50+F50 -> 5000 | I50: =IF(G50=H50,0,IF(G50>0,(H50-G50)/G50,"")) -> 0
A51: 2600 Oper./Maint. of Plant | C51: =[1]!F001P200F2600SBBudgFY -> 0 | D51: =F001P200F2600O6100+F001P200F2600O6200 -> 0 | E51: =[1]!F001P200F2600OthBudgFY -> 0 | F51: =F001P200F2600O630064006500+F001P200F2600O6600+F001P200F2600O6800 -> 0 | G51: =C51+E51 -> 0 | H51: =D51+F51 -> 0 | I51: =IF(G51=H51,0,IF(G51>0,(H51-G51)/G51,"")) -> 0
A52: 2900 Other | C52: =[1]!F001P200F2900SBBudgFY -> 0 | D52: =F001P200F2900O6100+F001P200F2900O6200 -> 0 | E52: =[1]!F001P200F2900OthBudgFY -> 0 | F52: =F001P200F2900O630064006500+F001P200F2900O6600+F001P200F2900O6800 -> 0 | G52: =C52+E52 -> 0 | H52: =D52+F52 -> 0 | I52: =IF(G52=H52,0,IF(G52>0,(H52-G52)/G52,"")) -> 0
A53: 3000 Oper. of Noninstructional Services | C53: =[1]!F001P200F3000SBBudgFY -> 0 | D53: =F001P200F3000O6100+F001P200F3000O6200 -> 0 | E53: =[1]!F001P200F3000OthBudgFY -> 0 | F53: =F001P200F3000O630064006500+F001P200F3000O6600+F001P200F3000O6800 -> 0 | G53: =C53+E53 -> 0 | H53: =D53+F53 -> 0 | I53: =IF(G53=H53,0,IF(G53>0,(H53-G53)/G53,"")) -> 0
A54: Special Education Subsection Subtotal | C54: =SUM(C45:C53) -> 6675000 | D54: =SUM(D45:D53) -> 7310000 | E54: =SUM(E45:E53) -> 1039300 | F54: =SUM(F45:F53) -> 1039300 | G54: =SUM(G45:G53) -> 7714300 | H54: =SUM(H45:H53) -> 8349300 | I54: =IF(G54=H54,0,IF(G54>0,(H54-G54)/G54,"")) -> 0.082
A55: 400 Pupil Transportation | C55: =[1]!F001P400SBBudgFY -> 1450000 | D55: =F001P400O6100+F001P400O6200 -> 1549000 | E55: =[1]!F001P400OthBudgFy -> 800000 | F55: =F001P400O630064006500+F001P400O6600+F001P400O6800 -> 801000 | G55: =C55+E55 -> 2250000 | H55: =D55+F55 -> 2350000 | I55: =IF(G55=H55,0,IF(G55>0,(H55-G55)/G55,"")) -> 0.044
A56: 510 Desegregation | C56: =[1]!F001P510SBBudgFY -> 0 | D56: =F001P510O6100+F001P510O6200 -> 0 | E56: =[1]!F001P510OthBudgFY -> 0 | F56: =F001P510O630064006500+F001P510O6600+F001P510O6800 -> 0 | G56: =C56+E56 -> 0 | H56: =D56+F56 -> 0 | I56: =IF(G56=H56,0,IF(G56>0,(H56-G56)/G56,"")) -> 0
A57: 530 Dropout Prevention Programs | C57: =[1]!F001P530SBBudgFY -> 0 | D57: =F001P530O6100+F001P530O6200 -> 0 | E57: =[1]!F001P530OthBudgFY -> 0 | F57: =F001P530O630064006500+F001P530O6600+F001P530O6800 -> 0 | G57: =C57+E57 -> 0 | H57: =D57+F57 -> 0 | I57: =IF(G57=H57,0,IF(G57>0,(H57-G57)/G57,"")) -> 0
A58: 540 Joint Career and Technical Education | C58: =[1]!F001P540SBBudgFY -> 0 | D58: =F001P540O6100+F001P540O6200 -> 0 | E58: =[1]!F001P540OthBudgFY -> 0 | F58: =F001P540O630064006500+F001P540O6600+F001P540O6800 -> 0 | G58: =C58+E58 -> 0 | H58: =D58+F58 -> 0 | I58: =IF(G58=H58,0,IF(G58>0,(H58-G58)/G58,"")) -> 0
A59: and Vocational Education Center
A60: 550 K-3 Reading Program | C60: =[1]!F001P550SBBudgFY -> 416724 | D60: =F001P550O6100+F001P550O6200 -> 430851 | E60: =[1]!F001P550OthBudgFY -> 0 | F60: =F001P550O630064006500+F001P550O6600+F001P550O6800 -> 0 | G60: =C60+E60 -> 416724 | H60: =D60+F60 -> 430851 | I60: =IF(G60=H60,0,IF(G60>0,(H60-G60)/G60,"")) -> 0.034
A61: TOTAL EXPENDITURES | C61: =SUM(C54:C60)+C44 -> 35983555 | D61: =SUM(D54:D60)+D44 -> 38802238 | E61: =SUM(E54:E60)+E44 -> 7982100 | F61: =SUM(F54:F60)+F44 -> 8000100 | G61: =SUM(G54:G60)+G44 -> 43965655 | H61: =SUM(H54:H60)+H44 -> 46802338 | I61: =IF(G61=H61,0,IF(G61>0,(H61-G61)/G61,"")) -> 0.065

Sheet Summary Page 2
A1: =IF(OR(Version="Proposed",Version=""),"SUMMARY OF SCHOOL DISTRICT PROPOSED EXPENDITURE BUDGET (Concl'd)",IF(Version="Adopted","SUMMARY OF SCHOOL DISTRICT ADOPTED EXPENDITURE BUDGET (Concl'd)","SUMMARY OF SCHOOL DISTRICT REVISED EXPENDITURE BUDGET (Concl'd)")) -> SUMMARY OF SCHOOL DISTRICT ADOPTED EXPENDITURE BUDGET (Concl'd) | H1: CTD NUMBER | I1: =Cover!S1 -> 070438000 | L1: The table below calculates the total amount shown on the Total Expenditures by Fund, Other line. This table does not need to be printed as an official part of the budget forms.
A2: TOTAL EXPENDITURES BY FUND | H2: VERSION | I2: =Cover!C8 -> Adopted
C3: Budgeted Expenditures | E3: $ Increase/(Decrease) | F3: % Increase/(Decrease)
A4: Fund | E4: from | F4: from | G4: =IF((F001TotalExp>0)*AND(OR(TotalFTECertSubtotal=0,TotalFTEClassSubtotal=0)),"Incomplete: Please complete the Certified and Classified sections of the Proposed Staffing Table below."," ") | L4: From page 6, Other Funds | M4: Prior FY | N4: Budget FY
C5: Prior FY | D5: Budget FY | E5: Prior FY | F5: Prior FY | L5: 050 County, City, and Town Grants | M5: =F050CurrFY -> 0 | N5: =F050BudgFY -> 0
A6: Maintenance & Operation | C6: =F001TotExpCurrFY -> 43965655 | D6: =F001TotalExp -> 46802338 | E6: =D6-C6 -> 2836683 | F6: =IF(C6=D6,0,IF(C6>0,E6/C6,"")) -> 0.065 | L6: 515 Civic Center | M6: =F515CurrFY -> 1600000 | N6: =F515BudgFY -> 1800000
A7: Instructional Improvement | C7: =F020TotCurrFY -> 531180 | D7: =F020TotBudgFY -> 510000 | E7: =D7-C7 -> -21180 | F7: =IF(C7=D7,0,IF(C7>0,E7/C7,"")) -> -0.04 | L7: 520 Community School | M7: =F520CurrFY -> 6700000 | N7: =F520BudgFY -> 6700000
A8: English Language Learner | C8: =F071CurrFY -> 0 | D8: =F071BudgFY -> 0 | E8: =D8-C8 -> 0 | F8: =IF(C8=D8,0,IF(C8>0,E8/C8,"")) -> 0 | L8: 526 Extracurricular Activities Fees Tax Credit | M8: =F526CurrFY -> 900000 | N8: =F526BudgFY -> 900000
A9: Compensatory Instruction | C9: =F072CurrFY -> 0 | D9: =F072BudgFY -> 0 | E9: =D9-C9 -> 0 | F9: =IF(C9=D9,0,IF(C9>0,E9/C9,"")) -> 0 | L9: 530 Gifts and Donations | M9: =F530CurrFY -> 175000 | N9: =F530BudgFY -> 175000
A10: Classroom Site | C10: =F010TotalExpPY -> 7911969 | D10: =F010TotalExp -> 8916772 | E10: =D10-C10 -> 1004803 | F10: =IF(C10=D10,0,IF(C10>0,E10/C10,"")) -> 0.127 | L10: 535 Career & Technical Education Projects | M10: =F535CurrFY -> 0 | N10: =F535BudgFY -> 0
A11: Federal Projects | C11: =TotFedProjFundCurrFY -> 8037674 | D11: =TotFedProjFundBudgFY -> 6923000 | E11: =D11-C11 -> -1114674 | F11: =IF(C11=D11,0,IF(C11>0,E11/C11,"")) -> -0.139 | L11: 540 Fingerprint | M11: =F540CurrFY -> 0 | N11: =F540BudgFY -> 1200
A12: State Projects | C12: =TotStateProjFundCurrFY -> 237401 | D12: =TotStateProjFundBudgFY -> 760000 | E12: =D12-C12 -> 522599 | F12: =IF(C12=D12,0,IF(C12>0,E12/C12,"")) -> 2.201 | L12: 545 School Opening | M12: =F545CurrFY -> 0 | N12: =F545BudgFY -> 0
A13: Unrestricted Capital Outlay | C13: =F610TotalCurrFY -> 12295714 | D13: =F610TotalBudgFY -> 12957684 | E13: =D13-C13 -> 661970 | F13: =IF(C13=D13,0,IF(C13>0,E13/C13,"")) -> 0.054 | L13: 550 Insurance Proceeds | M13: =F550CurrFY -> 90000 | N13: =F550BudgFY -> 112000
A14: New School Facilities | C14: =F695TotalCurrFY -> 0 | D14: =F695TotalBudgFY -> 0 | E14: =D14-C14 -> 0 | F14: =IF(C14=D14,0,IF(C14>0,E14/C14,"")) -> 0 | L14: 555 Textbooks | M14: =F555CurrFY -> 24000 | N14: =F555BudgFY -> 25000
A15: Adjacent Ways | C15: =F620TotalCurrFY -> 2030594 | D15: =F620TotalBudgFY -> 2060000 | E15: =D15-C15 -> 29406 | F15: =IF(C15=D15,0,IF(C15>0,E15/C15,"")) -> 0.014 | L15: 565 Litigation Recovery | M15: =F565CurrFY -> 900000 | N15: =F565BudgFY -> 85000
A16: Debt Service | C16: =F700CurrFY -> 17500000 | D16: =F700BudgFY -> 16900000 | E16: =D16-C16 -> -600000 | F16: =IF(C16=D16,0,IF(C16>0,E16/C16,"")) -> -0.034 | G16: =IF((F001P200Subtotal>0)*AND(OR((SUM(TotalFTESpecEdTeacher+TotalFTESpecEdStaff=0,(SUM(SPEDTeacher+SPEDStaff=0)))))),"Incomplete: Please complete the Special Education section of the Proposed Staffing Table below."," ") | L16: 570 Indirect Costs | M16: =F570CurrFY -> 800000 | N16: =F570BudgFY -> 800000
A17: School Plant Fund | C17: =F500CurrFY -> 1900000 | D17: =F500BudgFY -> 2500000 | E17: =D17-C17 -> 600000 | F17: =IF(C17=D17,0,IF(C17>0,E17/C17,"")) -> 0.316 | L17: 575 Unemployment Insurance | M17: =F575CurrFY -> 28000 | N17: =F575BudgFY -> 28000
A18: Auxiliary Operations | C18: =F525CurrFY -> 0 | D18: =F525BudgFY -> 0 | E18: =D18-C18 -> 0 | F18: =IF(C18=D18,0,IF(C18>0,E18/C18,"")) -> 0 | L18: 580 Teacherage | M18: =F580CurrFY -> 0 | N18: =F580BudgFY -> 0
A19: Bond Building | C19: =F630TotalCurrFY -> 81000000 | D19: =F630TotalBudgFY -> 52000000 | E19: =D19-C19 -> -29000000 | F19: =IF(C19=D19,0,IF(C19>0,E19/C19,"")) -> -0.358 | L19: 585 Insurance Refund | M19: =F585CurrFY -> 0 | N19: =F585BudgFY -> 0
A20: Food Service | C20: =F510CurrFY -> 3800000 | D20: =F510BudgFY -> 3500000 | E20: =D20-C20 -> -300000 | F20: =IF(C20=D20,0,IF(C20>0,E20/C20,"")) -> -0.079 | L20: 590 Grants and Gifts to Teachers | M20: =F590CurrFY -> 0 | N20: =F590BudgFY -> 0
A21: Other | C21: =M37 -> 11981000 | D21: =N37 -> 11264200 | E21: =D21-C21 -> -716800 | F21: =IF(C21=D21,0,IF(C21>0,E21/C21,"")) -> -0.06 | L21: 595 Advertisement | M21: =F595CurrFY -> 34000 | N21: =F595BudgFY -> 35000
L22: 596 Career Technical Education | M22: =F596CurrFY -> 0 | N22: =F596BudgFY -> 0
A23: M&O FUND SPECIAL EDUCATION PROGRAMS BY TYPE | L23: 597 Arizona Industry Credentials Incentive | M23: =F597CurrFY -> 0 | N23: =F597BudgFY -> 0
A24: Program (A.R.S. §§15-761 and 15-903) | D24: Prior FY | E24: Budget FY | L24: 639 Impact Aid Revenue Bond Building | M24: =F639CurrFY -> 0 | N24: =F639BudgFY -> 0
A25: Total All Disability Classifications | D25: =F001P200PYDisabilityTot -> 6540300 | E25: =F001P200Subtotal -> 7254300 | L25: 650 Gifts and Donations-Capital | M25: =F650CurrFY -> 50000 | N25: =F650BudgFY -> 40000
A26: Gifted Education | D26: =SPEDGiftedEdCurrFY -> 675000 | E26: =SPEDGiftedEdBudgFY -> 695000 | L26: 660 Condemnation | M26: =F660CurrFY -> 0 | N26: =F660BudgFY -> 0
A27: Remedial Education | D27: =SPEDRemedialEdCurrFY -> 0 | E27: =SPEDRemedialEdBudgFY -> 0 | L27: 665 Energy and Water Savings | M27: =F665CurrFY -> 0 | N27: =F665BudgFY -> 12000
A28: ELL Incremental Costs | D28: =SPEDELLIncCostCurrFY -> 499000 | E28: =SPEDELLIncCostBudgFY -> 400000 | L28: 686 Emergency Deficiencies Correction | M28: =F686CurrFY -> 0 | N28: =F686BudgFY -> 0
A29: ELL Compensatory Instruction | D29: =SPEDELLCompInstrCurrFY -> 0 | E29: =SPEDELLCompInstrBudgFY -> 0 | L29: 691 Building Renewal Grant | M29: =F691CurrFY -> 360000 | N29: =F691BudgFY -> 150000
A30: Vocational and Technical Education (non-CTED) | D30: =SPEDVocTechEdCurrFY -> 0 | E30: =SPEDVocTechEdBudgFY -> 0 | L30: 720 Impact Aid Revenue Bond Debt Service | M30: =F720CurrFY -> 0 | N30: =F720BudgFY -> 0
A31: Career Education (non-CTED) | D31: =SPEDCareerEdCurrFY -> 0 | E31: =SPEDCareerEdBudgFY -> 0 | L31: 850 Student Activities | M31: =F850CurrFY -> 80000 | N31: =F850BudgFY -> 80000
A32: Career Technical Education (CTED) | D32: {=[1]!SummCTEDBY} -> 0 | E32: =JTEDBudgFY -> 0 | L32: ='Page 6'!O38 -> Other _____________________________________ | M32: =OtherFundsCurrFY -> 0 | N32: =OtherFundsBudgFY -> 0
A33: TOTAL | D33: =SUM(D25:D32) -> 7714300 | E33: =SUM(E25:E32) -> 8349300 | F33: =IF(SUM(E25:E32)=F001P200TotBudgFY,"","INVALID. The amount should equal the total budgeted amount reported on line 24, page 1.") | L33: ='Page 6'!O40 -> 9___ Self-Insurance | M33: =F9__SelfInsCurrFY -> 0 | N33: =F9__SelfInsBudgFY -> 0
L34: 955 Intergovernmental Agreements | M34: =F955CurrFY -> 90000 | N34: =F955BudgFY -> 131000
A35: PROPOSED STAFFING SUMMARY | L35: ='Page 6'!O42 -> 9__ OPEB | M35: =F9__OPEBCurrFY -> 0 | N35: =F9__OPEBBudgFY -> 0
A36: Staff Type | D36: Purchased Services Personnel FTE | E36: Employee FTE | F36: Total FTE | G36: Staff-Pupil Ratio | L36: ='Page 6'!O43 -> 905 Transportation | M36: =F9__OtherCurrFY -> 150000 | N36: =F9__OtherBudgFY -> 190000
A37: Certified -- | L37: Total | M37: =SUM(M5:M36) -> 11981000 | N37: =SUM(N5:N36) -> 11264200
A38: Superintendent, Principals, Other Administrators | D38: 0 | E38: 26 | F38: =D38+E38 -> 26 | G38: 1 to | H38: =IF(F38>0,ROUND(BudgetYearADM/F38,1)," ") -> 202.3
A39: Teachers | D39: 5 | E39: 298 | F39: =D39+E39 -> 303 | G39: 1 to | H39: =IF(F39>0,ROUND(BudgetYearADM/F39,1)," ") -> 17.4
A40: Other | D40: 0 | E40: 49 | F40: =D40+E40 -> 49 | G40: 1 to | H40: =IF(F40>0,ROUND(BudgetYearADM/F40,1)," ") -> 107.3
B41: Subtotal | D41: =SUM(D38:D40) -> 5 | E41: =SUM(E38:E40) -> 373 | F41: =D41+E41 -> 378 | G41: 1 to | H41: =IF(F41>0,ROUND(BudgetYearADM/F41,1)," ") -> 13.9
A42: Classified --
A43: Managers, Supervisors, Directors | D43: 0 | E43: 21 | F43: =D43+E43 -> 21 | G43: 1 to | H43: =IF(F43>0,ROUND(BudgetYearADM/F43,1)," ") -> 250.4
A44: Teachers Aides | D44: 0 | E44: 87 | F44: =D44+E44 -> 87 | G44: 1 to | H44: =IF(F44>0,ROUND(BudgetYearADM/F44,1)," ") -> 60.5
A45: Other | D45: 0 | E45: 336 | F45: =D45+E45 -> 336 | G45: 1 to | H45: =IF(F45>0,ROUND(BudgetYearADM/F45,1)," ") -> 15.7
B46: Subtotal | D46: =SUM(D43:D45) -> 0 | E46: =SUM(E43:E45) -> 444 | F46: =D46+E46 -> 444 | G46: 1 to | H46: =IF(F46>0,ROUND(BudgetYearADM/F46,1)," ") -> 11.8
B47: TOTAL | D47: =D41+D46 -> 5 | E47: =E41+E46 -> 817 | F47: =D47+E47 -> 822 | G47: 1 to | H47: =IF(F47>0,ROUND(BudgetYearADM/F47,1)," ") -> 6.4
A49: Special Education --
A50: Teacher | D50: 0 | E50: 35 | F50: =D50+E50 -> 35 | G50: 1 to | H50: 15
A51: Staff | D51: 4 | E51: 51 | F51: =D51+E51 -> 55 | G51: 1 to | H51: 10

Sheet Truth in Tax
A1: DISTRICT NAME | E1: =DistrictName -> MADISON ELEMENTARY SCHOOL DISTRICT | I1: CTD NUMBER | L1: =Cover!S1 -> 070438000
K2: VERSION | L2: =Cover!C8 -> Adopted
A3: FY 2024 Truth in Taxation Work Sheet (A.R.S. §15-905.01)
A5: 1. | C5: FY 2024 Truth in Taxation Base Limit (from FY 2022 TNT work sheet, line 3 + line 11) | H5: $ | I5: ='[1]Truth in Tax'!$I$7+'[1]Truth in Tax'!$I$25 -> 0
A6: 2. | C6: Deduction for discontinued programs | F6: =IF(SUM(I11:I14)=0,IF(I7>0,"No budget on lines 4 -7 below. Click here for Instructions",""),"")
A7: 3. | C7: Adjusted FY 2024 TNT Base Limit | H7: $ | I7: =I5-I6 -> 0
K8: Primary Property Tax Rate Related to Budgeted Expenditures
A9: FY 2024 Budgeted Expenditures
A11: 4. | C11: Desegregation (no longer a primary levy, must be zero) | H11: $ | I11: 0 | L11: =IF(ISERROR(I11/$I$35),"",I11/$I$35)
A12: 5. | C12: Dropout Prevention (from page 1, line 27) | I12: =F001P530 -> 0 | L12: =IF(ISERROR(I12/$I$35),"",I12/$I$35)
A13: 6. | C13: Joint Career and Technical Education and Vocational Education Center | I13: 0 | L13: =IF(ISERROR(I13/$I$35),"",I13/$I$35)
A14: 7. | C14: Small School Adjustment (from page 7, line 4, columns A and B) | H14: $ | I14: =SSA_MO+SSA_UCO -> 0 | L14: =IF(ISERROR(I14/$I$35),"",I14/$I$35)
A15: Adjustments for FY 2023 Expenditures
A16: 8. | C16: Desegregation, Dropout Prevention, and Joint Career and Technical Education and Vocational Education Center
C17: a. | D17: FY 2023 Total Actual Expenditures for programs above | F17: $
C18: b. | D18: Sum of FY 2023 original budget amounts for programs above (from FY 2023 TNT work sheet, sum of lines 4, 5, and 6) | G18: =SUM('[1]Truth in Tax'!$I$11:$I$13) -> 0
C19: c. | D19: Expenditures over/(under) original budget (line 8.a minus line 8.b) | H19: $ | I19: =IF(G17<>0,G17-G18,0) -> 0
A20: 9. | C20: Small School Adjustment
C21: a. | D21: FY 2023 final budget for Small School Adjustment | F21: $
C22: b. | D22: FY 2023 original budget for Small School Adjustment (from FY 2023 TNT work sheet, line 7) | F22: $ | G22: ='[1]Truth in Tax'!$I$14 -> 0
C23: c. | D23: Amount over/(under) budget for Small School Adjustment (line 9.a minus line 9.b) | H23: $ | I23: =IF(G21<>0,G21-G22,0) -> 0
A24: 10. | C24: Total (add lines 4 through 7 and line 8.c. and line 9.c.) | H24: $ | I24: =SUM(I11:I14)+I19+I23 -> 0
A25: 11. | C25: Excess over Truth in Taxation Limit (1) | I25: =IF(I24-I7>0,I24-I7,0) -> 0
C26: (Line 10 minus line 3. If negative, enter zero.) | H26: $
A28: 12. | C28: Amount to be Levied in FY 2024 for Adjacent Ways
C29: pursuant to A.R.S. §15-995 (from page 5, footnote 2) (1) | H29: $ | I29: =AdjWaysLevy -> 0 | L29: =IF(ISERROR(I29/$I$35),"",I29/$I$35)
A30: 13. | C30: Amount to be Levied in FY 2024 for Liabilities in Excess
C31: of the Budget pursuant to A.R.S. §15-907 (1) | H31: $ | L31: =IF(ISERROR(I31/$I$35),"",I31/$I$35)
A33: Calculations for Truth in Taxation Notice
A34: A. | C34: Sum of lines 11, 12, and 13 | H34: $ | I34: =I25+I29+I31 -> 0
A35: B.1. | C35: Current Assessed Value | H35: $
A36: B.2. | C36: (Line 3 divided by line B.1) x $10,000 | H36: $ | I36: =IF(I35>0,ROUND((I7/I35)*10000,4)," ") | J36: (2)
A37: C.1. | C37: Sum of lines 3, 11, 12, and 13 | H37: $ | I37: =I7+I25+I29+I31 -> 0
A38: C.2. | C38: (Line C.1 divided by line B.1) x $10,000 | H38: $ | I38: =IF(I35>0,ROUND((I37/I35)*10000,4)," ") | J38: (2)
A41: (1) | C41: If an amount on line 11, 12, or 13 is greater than zero, the district must publish a Truth in Taxation Hearing Notice as described in A.R.S. §15-905.01.
A44: (2) | C44: $10,000 is used in these calculations to determine the amounts to include on the truth in taxation hearing notice for a $100,000 home, as property taxes on residential properties are levied at 10% of the assessed valuation per A.R.S. §42-15003.

Sheet Data Entry
A1: District Name | E1: =DistrictName -> MADISON ELEMENTARY SCHOOL DISTRICT | H1: County | I1: =Cover!H1 -> MARICOPA | K1: CTD Number | L1: =CTD -> 070438000
K2: Version | L2: =Cover!C8 -> Adopted
F3: DATA ENTRY SHEET
B5: FY 2024 LEGISLATIVE AMOUNTS | L5: =IF(OR(L1=0,L2=0),"ENTER CTD NUMBER AND VERSION ON COVER PAGE","")
C6: Base Level Amount (A.R.S. §15-901, as amended by Laws 2023, Ch. 142, §3) | I6: $ | J6: 4914.71
C7: State Support Level per Route Mile (A.R.S. §15-945, as amended by Laws 2023, Ch. 142, §5)
D8: 0.5 mile or less OR more than 1.0 mile | I8: $ | J8: 2.89
D9: More than 0.5 mile through 1.0 mile | I9: $ | J9: 2.37
C10: Qualifying Tax Rate for elementary or secondary (CTEDs use 0.05) A.R.S. §41-1276(I), as amended by Laws 2023, Ch.142, §9 | J10: 1.6549
A13: UNWEIGHTED STUDENT COUNT
B14: All districts must complete lines 1 through 6 below. Prior years ADM amounts (lines 1 and 2) are used to calculate district additional assistance (DAA), including DAA growth factor if applicable, in accordance with A.R.S. §15-961. Estimated current year ADM (lines 3 through 6) is used to calculate the Group A weighted student count included in the Base Support Level calculation on the BSA55 tab, page 2.
C15: Prior Years ADM (A.R.S. §§15-901 and 15-961) | G15: PSD | H15: K-8 | I15: 9-12 | J15: Total | L15: Check box for Type 03 districts that educate high school students.
B16: 1. | C16: FY 2022 100th-Day ADM | J16: 5326.5314 | K16: =IF(AND(J22>0,PY100DayADM=""),"ENTER "&C16,"")
B17: 2. | C17: FY 2023 100th-Day ADM | G17: 20.025 | H17: 5239.2137 | I17: 0 | J17: =UnweightedStudCntPSDPY+UnweightedStudCntK8PY+UnweightedStudCnt912PY -> 5259.2387 | Y17: =IF(AND(UnweightedStudCntK8PY>125,UnweightedStudCntK8PY<154),1,0) -> 0 | Z17: =IF(AND(UnweightedStudCnt912PY>100,UnweightedStudCnt912PY<176),1,0) -> 0
C18: Current Year ADM (A.R.S. §§15-943 and 15-808)
B19: 3. | C19: FY 2024 Estimated Non-AOI Student Count | G19: 20.025 | H19: 5239.2137 | I19: 0 | J19: =NonAOIStudCntPSDCY+NonAOIStudCntK8CY+NonAOIStudCnt912CY -> 5259.2387 | K19: =IF(AND(VALUE(LEFT(RIGHT(L1,7),2))=3,P15<>"X",OR(NonAOIStudCnt912CY<>"",AOIFTStudCnt912CY<>"",AOIPTStudCnt912CY<>"")),"ERROR: Type 03 districts should only enter amounts on lines 3 through 5 for those high school students that it educates. Type 03 districts that educate their high school students should use the checkbox in cell P15.","")
B20: 4. | C20: FY 2024 Estimated AOI Full-Time Student Count | H20: 0 | I20: 0 | J20: =AOIFTStudCntK8CY+AOIFTStudCnt912CY -> 0
B21: 5. | C21: FY 2024 Estimated AOI Part-Time Student Count | H21: 0 | I21: 0 | J21: =AOIPTStudCntK8CY+AOIPTStudCnt912CY -> 0
B22: 6. | C22: Total FY 2024 Estimated Student Count | G22: =NonAOIStudCntPSDCY -> 20.025 | H22: =NonAOIStudCntK8CY+AOIFTStudCntK8CY+AOIPTStudCntK8CY -> 5239.2137 | I22: =NonAOIStudCnt912CY+AOIFTStudCnt912CY+AOIPTStudCnt912CY -> 0 | J22: =G22+H22+I22 -> 5259.2387
B25: STUDENT COUNT BY CATEGORY
C26: Student counts used to calculate the Group B weighted add-on count used in calculating the Base Support Level.
G27: Non-AOI Student Count | H27: AOI Full-Time Student Count | I27: AOI Part-Time Student Count
B28: 7. | C28: K-3 Reading | G28: 2182.2579 | H28: 0 | I28: 0
B29: 8. | C29: K-3 | G29: 2182.2579 | H29: 0 | I29: 0
B30: 9. | C30: ELL | G30: 231.0549 | H30: 0 | I30: 0
B31: 10. | C31: HI | G31: 5.135 | H31: 0 | I31: 0
B32: 11. | C32: MD-R, A-R, and SID-R | G32: 41.75 | H32: 0 | I32: 0
B33: 12. | C33: MD-SC, A-SC, and SID-SC | G33: 28.2044 | H33: 0 | I33: 0
B34: 13. | C34: MD-SSI | G34: 2.98 | H34: 0 | I34: 0
B35: 14. | C35: OI-R | G35: 1 | H35: 0 | I35: 0
B36: 15. | C36: OI-SC | G36: 1.5 | H36: 0 | I36: 0
B37: 16. | C37: P-SD | G37: =2.075+0.215 -> 2.29 | H37: 0 | I37: 0
B38: 17. | C38: DD*, ED, MIID, SLD, SLI*, and OHI | G38: =37.4439+385.3803 -> 422.8242 | H38: 0 | I38: 0 | J38: *School aged students only
B39: 18. | C39: ED-P | G39: 5.4739 | H39: 0 | I39: 0
B40: 19. | C40: MOID | G40: 5.56 | H40: 0 | I40: 0
B41: 20. | C41: VI | G41: 2.42 | H41: 0 | I41: 0
B42: 21. | C42: G | G42: 504.6599 | H42: 0 | I42: 0
B43: 22. | C43: FRPL | G43: 1446.6133 | H43: 0 | I43: 0
B44: 23. | C44: Total Add-on Count (lines 7 through 21) | G44: =SUM(G28:G43) -> 7065.9814 | H44: =SUM(H28:H43) -> 0 | I44: =SUM(I28:I43) -> 0
A45: ADJUSTMENTS TO BASE SUPPORT LEVEL/BASE REVENUE CONTROL LIMIT (A.R.S. §15-944.E)
C46: K-8 | D46: 9-12
B47: 1. | E47: Check box(es) if the district's schools are designated as small isolated by the State Board of Education. (A.R.S. §15-901)
B51: 2. | E51: Check box if the district has been approved to provide 200 days of instruction by ADE. (A.R.S. §15-902.04)
B53: 3. | C53: Adjusted FY 2024 Base Level Amount | L53: =BSA55BLA -> 4914.71
B54: 4. | C54: Actual Teacher Experience Index (TEI) from FY 2023 Teacher Experience Report (if actual TEI is less than 1.0000 use 1.0000) (A.R.S. §15-941) | L54: 1.0043
B55: 5. | C55: FY 2022 actual non-federal audit expenditures from all funds (A.R.S. §15-914.F) | L55: 39500
B56: 6. | C56: FY 2022 actual federal audit expenditures from all funds | L56: 10000
B57: 7. | C57: FY 2022 actual total audit expenditures from all funds (line 6 plus line 7) | L57: =L55+L56 -> 49500
A59: TRANSPORTATION (A.R.S. §§15-816.01, 15-945, and 15-946)
B60: 1. | C60: FY 2023 Approved Daily Route Miles | L60: 683
B61: 2. | C61: Number of Eligible Students Transported in FY 2023 | L61: 842
B62: 3. | C62: FY 2023 Annual Expenditure for Bus Tokens | L62: 0
B63: 4. | C63: FY 2023 Annual Expenditure for Bus Passes | L63: 0
B64: 5. | C64: Actual Route Miles traveled in July and August 2022 to Transport Pupils w/Disabilities for Extended School Year | L64: 829
B65: 6. | C65: Estimated Route Miles Traveled in June 2023 to Transport Pupils w/Disabilities for Extended School Year | L65: 0
A67: OTHER INFORMATION
B68: 1. | C68: Capital Transportation Adjustment (A.R.S. §15-963.B)
C69: a. | D69: PSD
C70: b. | D70: K-8
C71: c. | D71: 9-12
B74: 2. | C74: Adjustment for Remote Instructional Time calculated by ADE (A.R.S. §15-901.08, leave blank for budget adoption)
B75: 3. | C75: Consolidation/Unification Increase for Transitional Costs incurred in first year (A.R.S. §§15-912 and 15-912.01)
B77: ASSESSED PROPERTY VALUATIONS
B78: 4. | C78: 2023 Primary Net Assessed Valuation (AV) | L78: 1289478606
B79: 5. | C79: 2023 Primary Net Assessed Valuation (AV2) | L79: 0 | M79: =IF(AND(_PAV2>0,P79<>"X"),"If the amount shown for Primary Assessed Valuation 2 (AV2) on page 6 of the District's most recent BSA 55-1 report from ADE is greater than 0, mark X in cell P77.","")
B80: 6. | C80: 2023 Salt River Project (SRP) Valuation | L80: 3846213
B81: 7. | C81: 2023 Government Property Lease Excise Tax Assessed Valuation | L81: 0
B83: BUDGET BALANCE CARRYFORWARD (A.R.S. §15-943.01)
B84: 8. | C84: Adjustments to the General Budget Limit (from FY 2023 BUDG75, leave blank for budget adoption)
B85: 9. | C85: FY 2023 M&O Fund actual expenditures (from FY 2023 AFR, amount will be estimated for budget adoption) | L85: 41965655
B86: 10. | C86: FY 2023 M&O Fund Actual Expenditures (if any) for:
C87: a. | D87: Special Program Override | L87: 0
C88: b. | D88: Desegregation (A.R.S. §15-910) | L88: 0
C89: c. | D89: Tuition Out Debt Service | L89: 0
C90: d. | D90: Dropout Prevention Programs | L90: 0
C91: e. | D91: Joint Career and Technical Education and Vocational Education Center (A.R.S. §15-910.01) | L91: 0
C92: f. | D92: Performance Pay (A.R.S. §15-920) | L92: 0
B93: 11. | C93: Budget Balance Carryforward transferred to the School Opening Fund (if any) | L93: 0
B95: DISTRICTS RECEIVING FEDERAL IMPACT AID REVENUES (A.R.S. §15-905.R):
B96: 12. | C96: FY 2024 Impact Aid Revenue | L96: 0
B97: 13. | C97: Impact Aid revenue deposited in FY 2024 to the Impact Aid Revenue Bond Debt Service Fund for principal and interest payments | L97: 0
B98: 14. | C98: Impact Aid revenue transferred in FY 2024 to the M&O Fund to provide cash for the TRCL/TSL difference | L98: 0 | O98: TRCL/TSL difference | Q98: =Calculations!O122 -> 0
B99: 15. | C99: Impact Aid revenue transferred in FY 2024 to the M&O Fund to reduce or eliminate taxes | L99: 0
B100: 16. | C100: FY 2023 Ending Cash Balance in the Impact Aid Fund | L100: 0
B102: DISTRICTS OPERATING UNDER THE PROVISIONS OF THE SMALL SCHOOL ADJUSTMENT (A.R.S. §15-949):
B103: 17. | E103: Check box if the district previously operated under a small school adjustment and no longer qualifies based on current year ADM. The phase down limit for an override election pursuant to A.R.S. §15-481 is shown in the appropriate section of the Calculations page. If this box is checked, the district must complete line 18 below. | K103: =IF(AND(SSAPhaseDownCheckbox="X",SSAFYExceeded=""),"COMPLETE LINE 18 BELOW"," ")
B106: 18. | C106: Enter the fiscal year that the district exceeded the allowable student counts for the first time. (A.R.S. §15-949.C and .E) | K106: FY
B107: 19. | C107: For unified districts that qualified for a phase down limit for K-8 or 9-12 but not both, enter 10% of the RCL attributable to the nonqualifying K-8 or 9-12 weighted student count as provided in A.R.S. §15-971(B)(2)(a).
B109: DISTRICTS NEEDING BSL ADJUSTMENT DUE TO TUITION LOSS (A.R.S. §§15-954 and 15-902.01):
C110: Only complete this section if the district receives less tuition from a district which is inside or outside of this state because the district of residence began to offer instruction in one or more high school grade levels not previously offered.
B112: 20. | C112: Base year - the fiscal year before the other district began to offer instruction | K112: FY
B113: 21. | C113: Base year Attending ADM Grades 9-12
B114: 22. | C114: Number of tuitioned students lost in the year after the base year due to district of residence offering instruction in Grades 9-12 not offered previously
B115: 23. | C115: Tuition received in base year
B116: 24. | C116: Tuition received in fiscal year after base year
B118: 25. | E118: Check box if the district lost student count resulting from the formation of a joint unified school district pursuant to A.R.S. §15-450
B120: 26. | C120: Additional number of tuitioned students lost in the second year after the base year (Type 05 districts only)
B121: 27. | C121: Additional number of tuitioned students lost in the third year after the base year (Type 05 districts only)
A123: TYPE 03 DISTRICT INFORMATION
B124: 1. | C124: High School Student Count Transported by District of Residence to District of Attendance (A.R.S. §15-961.D, as amended by Laws 2023, Ch. 142, Sec. 6)
...

Sheet Calculations
A1: District Name | E1: =Cover!C1 -> MADISON ELEMENTARY SCHOOL DISTRICT | H1: County | I1: =Cover!H1 -> MARICOPA | L1: CTD Number | O1: =CTD -> 070438000
N2: Version | O2: =Cover!C8 -> Adopted
F4: CALCULATIONS
A8: CALCULATION OF SUPPORT LEVEL WEIGHTS (GROUP A WEIGHTS)
H9: DESIGNATED AS ISOLATED | J9: NOT DESIGNATED AS ISOLATED
H11: K-8 | I11: 9-12 | J11: K-8 | L11: 9-12
A12: Student Count 0.001-99.999
B13: Support Level Weight | H13: 1.559 | I13: 1.669 | J13: 1.399 | L13: 1.559
A14: Student Count 100.000-499.999
B15: Student Count Constant | H15: 500 | I15: 500 | J15: 500 | L15: 500
B16: Student Count | G16: - | H16: =IF(AND(UnweightedStudCntK8CY>=100,UnweightedStudCntK8CY<500,SmallIsolatedPSD8Checkbox="X"),UnweightedStudCntK8CY,0) -> 0 | I16: =IF(AND(UnweightedStudCnt912CY>=100,UnweightedStudCnt912CY<500,SmallIsolated912Checkbox="X"),UnweightedStudCnt912CY,0) -> 0 | J16: =IF(AND(UnweightedStudCntK8CY>=100,UnweightedStudCntK8CY<500,SmallIsolatedPSD8Checkbox<>"X"),UnweightedStudCntK8CY,0) -> 0 | L16: =IF(AND(UnweightedStudCnt912CY>=100,UnweightedStudCnt912CY<500,SmallIsolated912Checkbox<>"X"),UnweightedStudCnt912CY,0) -> 0
B17: Difference | G17: = | H17: =IF(H16>0,H15-H16,0) -> 0 | I17: =IF(I16>0,I15-I16,0) -> 0 | J17: =IF(J16>0,J15-J16,0) -> 0 | L17: =IF(L16>0,L15-L16,0) -> 0
B18: Weight Adjustment Factor | G18: x | H18: 0.0005 | I18: 0.0005 | J18: 0.0003 | L18: 0.0004
B19: Support Level Weight Increase | G19: = | H19: =H17*H18 -> 0 | I19: =I17*I18 -> 0 | J19: =J17*J18 -> 0 | L19: =L17*L18 -> 0
B20: Support Level Weight | G20: + | H20: 1.358 | I20: 1.468 | J20: 1.278 | L20: 1.398
C21: Adjusted Support Level Weight | G21: = | H21: =IF(H16>0,H19+H20,0) -> 0 | I21: =IF(I16>0,I19+I20,0) -> 0 | J21: =IF(J16>0,J19+J20,0) -> 0 | L21: =IF(L16>0,L19+L20,0) -> 0
A22: Student Count 500.000-599.999
B23: Student Count Constant | H23: 600 | I23: 600 | J23: 600 | L23: 600
B24: Student Count | G24: - | H24: =IF(AND(UnweightedStudCntK8CY>=500,UnweightedStudCntK8CY<600,SmallIsolatedPSD8Checkbox="X"),UnweightedStudCntK8CY,0) -> 0 | I24: =IF(AND(UnweightedStudCnt912CY>=500,UnweightedStudCnt912CY<600,SmallIsolated912Checkbox="X"),UnweightedStudCnt912CY,0) -> 0 | J24: =IF(AND(UnweightedStudCntK8CY>=500,UnweightedStudCntK8CY<600,SmallIsolatedPSD8Checkbox<>"X"),UnweightedStudCntK8CY,0) -> 0 | L24: =IF(AND(UnweightedStudCnt912CY>=500,UnweightedStudCnt912CY<600,SmallIsolated912Checkbox<>"X"),UnweightedStudCnt912CY,0) -> 0
B25: Difference | G25: = | H25: =IF(H24>0,H23-H24,0) -> 0 | I25: =IF(I24>0,I23-I24,0) -> 0 | J25: =IF(J24>0,J23-J24,0) -> 0 | L25: =IF(L24>0,L23-L24,0) -> 0
B26: Weight Adjustment Factor | G26: x | H26: 0.002 | I26: 0.002 | J26: 0.0012 | L26: 0.0013
B27: Support Level Weight Increase | G27: = | H27: =H25*H26 -> 0 | I27: =I25*I26 -> 0 | J27: =J25*J26 -> 0 | L27: =L25*L26 -> 0
B28: Support Level Weight | G28: + | H28: 1.158 | I28: 1.268 | J28: 1.158 | L28: 1.268
C29: Adjusted Support Level Weight | G29: = | H29: =IF(H24>0,H27+H28,0) -> 0 | I29: =IF(I24>0,I27+I28,0) -> 0 | J29: =IF(J24>0,J27+J28,0) -> 0 | L29: =IF(L24>0,L27+L28,0) -> 0
A30: Student Count 600.000 or More
B31: Support Level Weight | J31: 1.158 | L31: 1.268
A32: Career Technical Education District
B33: Support Level Weight (A.R.S. §15-943.02) | L33: 1.339 | T33: Total Weighted Student Count
U34: K-3 | V34: K-3 R
T35: Non-AOI | U35: =NonAOIStudCntK3*K3SLW -> 130.9355 | V35: =NonAOIStudCntK3R*K3RSLW -> 87.2903
T36: AOI FT* | U36: =AOIFTStudCntK3*K3SLW*AOIFTFundFactor -> 0 | V36: =AOIFTStudCntK3R*K3RSLW*AOIFTFundFactor -> 0
A37: OTHER CALCULATIONS | T37: AOI PT* | U37: =AOIPTStudCntK3*K3SLW*AOIPTFundFactor -> 0 | V37: =AOIPTStudCntK3R*K3RSLW*AOIPTFundFactor -> 0
B38: 1. | C38: Portion of BSL/BRCL from total K-3 and total K-3 Reading weighted student counts: | L38: K-3 | N38: $ | O38: =ROUND(U38*BSA55BLA*BSA55TEI,2) -> 646277.1 | T38: Total | U38: =U35+U36+U37 -> 130.9355 | V38: =V35+V36+V37 -> 87.2903
L39: K-3 Reading | N39: $ | O39: =ROUND(V38*BSA55BLA*BSA55TEI,2) -> 430851.24 | T39: *AOI counts shown reflect applicable full-time or part-time funding ratio.
B41: 2. | C41: Additional Tax in Districts Ineligible for Equalization Assistance, Amount to be Levied and Paid to the State (A.R.S. §15-992) | N41: $ | O41: 0
A48: CALCULATION OF DISTRICT ADDITIONAL ASSISTANCE (DAA) PER STUDENT COUNT AMOUNTS (A.R.S. §§15-961, as amended by Laws 2023, Ch. 142, §6; 15-951.C; and 15-962.01)
F49: TABLE TO CALCULATE DAA PER STUDENT COUNT
L50: K-8 | O50: 9-12
B51: 1. | C51: FY 2024 Student Count (2023 ADM): .001 - 99.999
F52: DAA per Student Count | K52: $ | L52: 663.81 | N52: $ | O52: 732.87
B54: 2. | C54: FY 2024 Student Count (2023 ADM): 100.000 - 499.999
C55: a. | D55: Student Count Constant | L55: 500 | O55: 500
C56: b. | D56: Student Count | J56: - | L56: =IF(AND(100<='Data Entry'!H17,'Data Entry'!H17<500),'Data Entry'!H17,0) -> 0 | M56: - | O56: =IF(AND(VALUE(LEFT(RIGHT(O1,7),2))=3,(UnweightedStudCnt912PY+HSCountDORtoDOA)>=100,(UnweightedStudCnt912PY+HSCountDORtoDOA)<500),(UnweightedStudCnt912PY+HSCountDORtoDOA),IF(AND(UnweightedStudCnt912PY>=100,UnweightedStudCnt912PY<500),UnweightedStudCnt912PY,0)) -> 0
C57: c. | D57: Difference | J57: = | L57: =IF(L56>0,L55-L56,0) -> 0 | M57: = | O57: =IF(O56>0,O55-O56,0) -> 0
C58: d. | D58: Weight Adjustment Factor | J58: x | L58: 0.0003 | M58: x | O58: 0.0004
C59: e. | D59: Support Level Weight Increase | J59: = | L59: =IF(L56>0,ROUND(+L57*L58,3),0) -> 0 | M59: = | O59: =IF(O56>0,ROUND(+O57*O58,3),0) -> 0
C60: f. | D60: Support Level Weight | J60: + | L60: 1.278 | M60: + | O60: 1.398
C61: g. | D61: Adjusted Support Level Weight | J61: = | L61: =IF(L56>0,+L59+L60,0) -> 0 | M61: = | O61: =IF(O56>0,+O59+O60,0) -> 0
C62: h. | D62: Support Level Amount | J62: x | K62: $ | L62: 474.47 | M62: x | N62: $ | O62: 494.39
C63: i. | F63: DAA per Student Count | J63: = | K63: $ | L63: =IF(L56>0,ROUND(+L61*L62,2),0) -> 0 | M63: = | N63: $ | O63: =IF(O56>0,ROUND(+O61*O62,2),0) -> 0
B65: 3. | C65: FY 2024 Student Count (2023 ADM): 500.000 - 599.999
C66: a. | D66: Student Count Constant | L66: 600 | O66: 600
C67: b. | D67: Student Count | J67: - | L67: =IF(AND(500<='Data Entry'!H17,'Data Entry'!H17<600),'Data Entry'!H17,0) -> 0 | M67: - | O67: =IF(AND(VALUE(LEFT(RIGHT(O1,7),2))=3,('Data Entry'!I17+'Data Entry'!L124)>=500,('Data Entry'!I17+'Data Entry'!L124)<600),('Data Entry'!I17+'Data Entry'!L124),IF(AND('Data Entry'!I17>=500,'Data Entry'!I17<600),'Data Entry'!I17,0)) -> 0
C68: c. | D68: Difference | J68: = | L68: =IF(L67>0,+L66-L67,0) -> 0 | M68: = | O68: =IF(O67>0,+O66-O67,0) -> 0
C69: d. | D69: Weight Adjustment Factor | J69: x | L69: 0.0012 | M69: x | O69: 0.0013
C70: e. | D70: Support Level Weight Increase | J70: = | L70: =IF(L67>0,ROUND(+L68*L69,3),0) -> 0 | M70: = | O70: =IF(O67>0,ROUND(+O68*O69,3),0) -> 0
C71: f. | D71: Support Level Weight | J71: + | L71: 1.158 | M71: + | O71: 1.268
C72: g. | D72: Adjusted Support Level Weight | J72: = | L72: =IF(L67>0,+L70+L71,0) -> 0 | M72: = | O72: =IF(O67>0,+O70+O71,0) -> 0
C73: h. | D73: Support Level Amount | J73: x | K73: $ | L73: 474.47 | M73: x | N73: $ | O73: 494.39
C74: i. | F74: DAA per Student Count | J74: = | K74: $ | L74: =IF(L67>0,ROUND(+L72*L73,2),0) -> 0 | M74: = | N74: $ | O74: =IF(O67>0,ROUND(+O72*O73,2),0) -> 0
B76: 4. | C76: FY 2024 Student Count (2023 ADM): 600.000 or More & Career Technical Education Districts
F77: DAA per Student Count | K77: $ | L77: 549.45 | N77: $ | O77: 600.86
A82: CALCULATION OF MAINTENANCE AND OPERATION (M&O) FUND BUDGET BALANCE CARRYFORWARD (A.R.S. §15-943.01)
B83: 1. | C83: General Budget Limit (GBL) (from FY 2023 latest revised Budget, page 7, line 11) | Q83: $ | R83: =[1]!GBLBudgFY -> 43965655
B84: 2. | C84: Adjustments to the GBL (from FY 2023 BUDG75, amount will be zero for budget adoption) | Q84: $ | R84: =BUDG75Adj -> 0
B85: 3. | C85: Adjusted GBL | Q85: $ | R85: =R83+R84 -> 43965655
B86: 4. | C86: Budgeted M&O expenditures (from FY 2023 latest revised Budget, page 1, line 30, Total Budget Year Column) | Q86: $ | R86: =[1]!F001TotalExp -> 43965655
B87: 5. | C87: Adjustments to the GBL (from line 2) | Q87: $ | R87: =R84 -> 0
B88: 6. | C88: Adjusted Budgeted Expenditures | Q88: $ | R88: =R86+R87 -> 43965655
B89: 7. | C89: Lesser of the Adjusted GBL (line 3) or the Adjusted Budgeted Expenditures (line 6) | Q89: $ | R89: =MIN(R85,R88) -> 43965655
B90: 8. | C90: FY 2023 M&O Fund actual expenditures (from FY 2023 AFR, amount will be estimated for budget adoption) | Q90: $ | R90: =PYTotMOActExpend -> 41965655
B91: 9. | C91: Budget Balance (line 7 minus line 8) (If negative, zero is shown. Any negative amount is shown here in parentheses.) | K91: $ | L91: =IF((R89-R90<0),R89-R90," ") | N91: =IF(L91<0,"OVEREXPENDED"," ") | Q91: $ | R91: =IF(R89-R90>0,R89-R90,0) -> 2000000
B93: Note: For lines 10.a through 10.f the FY 2023 actual expenditures are deducted from the budget amount. If the result is negative, zero is shown.
B95: 10. | C95: FY 2023 Actual Expenditures: | K95: FY 2023 Budget | N95: Actual | Q95: Unexpended Budget
C96: a. | D96: Special Program Override | K96: $ | L96: =[1]!SpecProgOverride -> 0 | M96: - | N96: $ | O96: ='Data Entry'!L87 -> 0 | P96: = | Q96: $ | R96: =IF(L96-O96>0,L96-O96,0) -> 0
C97: b. | D97: Desegregation | K97: $ | L97: =[1]!BudgIncrDesegExp -> 0 | M97: - | N97: $ | O97: ='Data Entry'!L88 -> 0 | P97: = | Q97: $ | R97: =IF(L97-O97>0,L97-O97,0) -> 0
C98: c. | D98: Tuition Out Debt Service | K98: $ | L98: =[1]!BudgIncrTuitOutDebtServ -> 0 | M98: - | N98: $ | O98: ='Data Entry'!L89 -> 0 | P98: = | Q98: $ | R98: =IF(L98-O98>0,L98-O98,0) -> 0
C99: d. | D99: Dropout Prevention Programs | K99: $ | L99: =[1]!BudgIncrDropPrevProg -> 0 | M99: - | N99: $ | O99: ='Data Entry'!L90 -> 0 | P99: = | Q99: $ | R99: =IF(L99-O99>0,L99-O99,0) -> 0
C100: e. | D100: Joint Career and Technical Education and Vocational Education Center | K100: $ | L100: =[1]!BudgIncrJCTEVEC -> 0 | M100: - | N100: $ | O100: ='Data Entry'!L91 -> 0 | P100: = | Q100: $ | R100: =IF(L100-O100>0,L100-O100,0) -> 0
C101: f. | D101: Performance Pay | K101: $ | L101: =[1]!BudgIncrJCTEVEC -> 0 | M101: - | N101: $ | O101: ='Data Entry'!L92 -> 0 | P101: = | Q101: $ | R101: =IF(L101-O101>0,L101-O101,0) -> 0
C102: g. | D102: Total Budget Balance Deductions (lines 10.a through 10.f) | P102: = | Q102: $ | R102: =R96+R97+R98+R99+R100+R101 -> 0
B103: 11. | C103: Budget Balance after Deductions (If negative, the district does not have any budget balance to carry forward.) | Q103: $ | R103: =IF(R91-R102>0,R91-R102,0) -> 2000000
B104: 12. | C104: Budget Balance Carryforward transferred to the School Opening Fund (not to exceed the lesser of line 11 or the FY 2023 M&O Fund ending cash balance) | P104: - | Q104: $ | R104: =IF('Data Entry'!L93>0,MIN('Data Entry'!L93,R103),0) -> 0
B105: 13. | C105: Actual Budget Balance Carryforward to be used in M&O Fund (for GBL calculation on page 7, line 8.c) | P105: = | Q105: $ | R105: =R103-R104 -> 2000000
B107: 14. | C107: Accommodation District Cash Balance Carryforward
C108: a. | D108: M&O Fund cash balance as of June 30, 2023 | Q108: $ | R108: =IF(VALUE(LEFT(RIGHT(O1,7),2))=1,PYEndMOCash,0) -> 0
C109: b. | D109: Actual Budget Balance Carryforward | P109: - | Q109: $ | R109: 0
C110: c. | D110: Remaining M&O Cash Balance | P110: = | Q110: $ | R110: =R108-R109 -> 0
B111: 15. | C111: Accommodation District Maximum RCL Addition that may be authorized by County School Superintendent:
C112: a. | D112: The amount on line 14.c or | N112: $ | O112: =R110 -> 0
C113: b. | D113: 10% of the FY 2024 RCL calculated using the district's 2023 ADM | N113: $ | O113: =AccommRCL10 -> 0
C114: c. | D114: Up to 5% of the FY 2024 RCL calculated pursuant to A.R.S. §15-482.B | M114: + | N114: $ | O114: =AccommRCL05 -> 0
C115: d. | D115: Result (line 15.b plus line 15.c) | M115: = | N115: $ | O115: =O113+O114 -> 0
C116: e. | D116: The lesser of line 15.a or 15.d | Q116: $ | R116: =MIN(O112,O115) -> 0
A118: CALCULATION OF THE AMOUNT AVAILABLE TO BE SPENT IN THE IMPACT AID FUND (A.R.S. §15-905.R)
B119: 1. | C119: FY 2024 Impact Aid Revenue | Q119: $ | R119: ='Data Entry'!L96 -> 0
B120: 2. | C120: Impact Aid revenue deposited in FY 2024 to the Impact Aid Revenue Bond Debt Service Fund for principal and interest payments
P121: - | Q121: $ | R121: ='Data Entry'!L97 -> 0
B122: 3. | C122: TRCL/TSL Difference | N122: $ | O122: =IF('Data Entry'!L96>0,CYTRCL-TSL,0) -> 0
B123: 4. | C123: Impact Aid revenue transferred in FY 2024 to the M&O Fund to provide cash for the TRCL/TSL difference calculated on line 3 | P123: - | Q123: $ | R123: ='Data Entry'!L98 -> 0
...

Sheet BSA55
A1: District Name | B1: =DistrictName -> MADISON ELEMENTARY SCHOOL DISTRICT | F1: County | G1: =Cover!H1 -> MARICOPA | K1: CTD Number | L1: =CTD -> 070438000
K2: Version | L2: =Version -> Adopted
D3: =IF(DistrictName<>0,DistrictName,"") -> MADISON ELEMENTARY SCHOOL DISTRICT
D4: Basic Calculations For Equalization Assistance
F5: Is Small Isolated School District: | G5: =IF(AND(SmallIsolatedPSD8Checkbox="X",SmallIsolated912Checkbox="X"),"Both Elementary and High School",IF(SmallIsolatedPSD8Checkbox="X","Elementary",IF(SmallIsolated912Checkbox="X","High School","Not Isolated"))) -> Not Isolated | L5: District Page: | M5: 1 of 5
A6: Grade Levels | C6: Non-AOI ADM | D6: AOI-FT ADM | E6: AOI-PT ADM | F6: Support Level Weight | G6: Non-AOI Weighted ADM | H6: AOI-FT Weighted ADM | I6: AOI-PT Weighted ADM
A7: PSD | C7: =NonAOIStudCntPSDCY -> 20.025 | D7: =AOIFTStudCntPSDCY -> 0 | E7: =AOIPTStudCntPSDCY -> 0 | F7: =IF(AND(C7=0,D7=0,E7=0),0,1.45) -> 1.45 | G7: =NonAOIStudCntPSDCY*F7 -> 29.0363 | H7: =AOIFTStudCntPSDCY*F7 -> 0 | I7: =AOIPTStudCntPSDCY*F7 -> 0
A8: K-8,UE | C8: =NonAOIStudCntK8CY -> 5239.2137 | D8: =AOIFTStudCntK8CY -> 0 | E8: =AOIPTStudCntK8CY -> 0 | F8: =IF(UnweightedStudCntK8CY>0,AA13,0) -> 1.158 | G8: =NonAOIStudCntK8CY*F8 -> 6067.0095 | H8: =AOIFTStudCntK8CY*F8 -> 0 | I8: =AOIPTStudCntK8CY*F8 -> 0
A9: 9-12 | C9: =NonAOIStudCnt912CY -> 0 | D9: =AOIFTStudCnt912CY -> 0 | E9: =AOIPTStudCnt912CY -> 0 | F9: =IF(VALUE(LEFT(RIGHT(L1,7),2))=8,SuppLvlWgt912NonIsolated,IF(UnweightedStudCnt912CY>0,AA15,0)) -> 0 | G9: =NonAOIStudCnt912CY*F9 -> 0 | H9: =AOIFTStudCnt912CY*F9 -> 0 | I9: =AOIPTStudCnt912CY*F9 -> 0
A10: Regular Education Unweighted ADM | C10: =TotalNonAOIStudCntCY -> 5259.2387 | D10: =TotalAOIFTStudCntCY -> 0 | E10: =TotalAOIPTStudCntCY -> 0
A11: Total of Unweighted ADM | E11: =SUM(C10:E10) -> 5259.2387
A12: Regular Education Weighted ADM | G12: =((C7*F7)+(C8*F8)+(C9*F9)) -> 6096.0457 | H12: =((D7*F7)+(D8*F8)+(D9*F9)) -> 0 | I12: =((E7*F7)+(E8*F8)+(E9*F9)) -> 0
A13: Total of Weighted ADM | I13: =(((C7+D7+E7)*F7)+((C8+D8+E8)*F8)+((C9+D9+E9)*F9)) -> 6096.0457 | AA13: =IF(AND('Data Entry'!H22<100,SmallIsolatedPSD8Checkbox="X"),Calculations!H13,IF(AND('Data Entry'!H22<100,SmallIsolatedPSD8Checkbox<>"X"),Calculations!J13,IF(AND('Data Entry'!H22>=100,'Data Entry'!H22<500,SmallIsolatedPSD8Checkbox="X"),Calculations!H21,IF(AND('Data Entry'!H22>=100,'Data Entry'!H22<500,SmallIsolatedPSD8Checkbox<>"X"),Calculations!J21,IF(AND('Data Entry'!H22>=500,'Data Entry'!H22<600,SmallIsolatedPSD8Checkbox="X"),Calculations!H29,IF(AND('Data Entry'!H22>=500,'Data Entry'!H22<600,SmallIsolatedPSD8Checkbox<>"X"),Calculations!J29,IF('Data Entry'!H22>=600,Calculations!J31,0))))))) -> 1.158
AA15: =IF(AND('Data Entry'!I22<100,SmallIsolated912Checkbox="X"),Calculations!I13,IF(AND('Data Entry'!I22<100,SmallIsolated912Checkbox<>"X"),Calculations!L13,IF(AND('Data Entry'!I22>=100,'Data Entry'!I22<500,SmallIsolated912Checkbox="X"),Calculations!I21,IF(AND('Data Entry'!I22>=100,'Data Entry'!I22<500,SmallIsolated912Checkbox<>"X"),Calculations!L21,IF(AND('Data Entry'!I22>=500,'Data Entry'!I22<600,SmallIsolated912Checkbox="X"),Calculations!I29,IF(AND('Data Entry'!I22>=500,'Data Entry'!I22<600,SmallIsolated912Checkbox<>"X"),Calculations!L29,IF('Data Entry'!I22>=600,Calculations!L31,0))))))) -> 1.559
A16: Add Ons | C16: Non-AOI ADM | D16: AOI-FT ADM | E16: AOI-PT ADM | F16: Support Level Weight | G16: Non-AOI Weighted ADM | H16: AOI-FT Weighted ADM | I16: AOI-PT Weighted ADM
A17: ELL | C17: =NonAOIStudCntELL -> 231.0549 | D17: =AOIFTStudCntELL -> 0 | E17: =AOIPTStudCntELL -> 0 | F17: 0.115 | G17: =NonAOIStudCntELL*F17 -> 26.5713 | H17: =AOIFTStudCntELL*F17 -> 0 | I17: =AOIPTStudCntELL*F17 -> 0
A18: K-3 | C18: =NonAOIStudCntK3 -> 2182.2579 | D18: =AOIFTStudCntK3 -> 0 | E18: =AOIPTStudCntK3 -> 0 | F18: 0.06 | G18: =NonAOIStudCntK3*F18 -> 130.9355 | H18: =AOIFTStudCntK3*F18 -> 0 | I18: =AOIPTStudCntK3*F18 -> 0
A19: K-3 (Reading) | C19: =NonAOIStudCntK3R -> 2182.2579 | D19: =AOIFTStudCntK3R -> 0 | E19: =AOIPTStudCntK3R -> 0 | F19: 0.04 | G19: =NonAOIStudCntK3R*F19 -> 87.2903 | H19: =AOIFTStudCntK3R*F19 -> 0 | I19: =AOIPTStudCntK3R*F19 -> 0
A20: HI | C20: =NonAOIStudCntHI -> 5.135 | D20: =AOIFTStudCntHI -> 0 | E20: =AOIPTStudCntHI -> 0 | F20: 4.771 | G20: =NonAOIStudCntHI*F20 -> 24.4991 | H20: =AOIFTStudCntHI*F20 -> 0 | I20: =AOIPTStudCntHI*F20 -> 0
A21: MD-R, A-R, SID-R | C21: =NonAOIStudCntMDR.AR.SIDR -> 41.75 | D21: =AOIFTStudCntMDR.AR.SIDR -> 0 | E21: =AOIPTStudCntMDR.AR.SIDR -> 0 | F21: 6.024 | G21: =NonAOIStudCntMDR.AR.SIDR*F21 -> 251.502 | H21: =AOIFTStudCntMDR.AR.SIDR*F21 -> 0 | I21: =AOIPTStudCntMDR.AR.SIDR*F21 -> 0
A22: MD-SC, A-SC, SID-SC | C22: =NonAOIStudCntMDSC.ASC.SIDSC -> 28.2044 | D22: =AOIFTStudCntMDSC.ASC.SIDSC -> 0 | E22: =AOIPTStudCntMDSC.ASC.SIDSC -> 0 | F22: 5.988 | G22: =NonAOIStudCntMDSC.ASC.SIDSC*F22 -> 168.8879 | H22: =AOIFTStudCntMDSC.ASC.SIDSC*F22 -> 0 | I22: =AOIPTStudCntMDSC.ASC.SIDSC*F22 -> 0
A23: MD-SSI | C23: =NonAOIStudCntMDSSI -> 2.98 | D23: =AOIFTStudCntMDSSI -> 0 | E23: =AOIPTStudCntMDSSI -> 0 | F23: 7.947 | G23: =NonAOIStudCntMDSSI*F23 -> 23.6821 | H23: =AOIFTStudCntMDSSI*F23 -> 0 | I23: =AOIPTStudCntMDSSI*F23 -> 0
A24: OI-R | C24: =NonAOIStudCntOIR -> 1 | D24: =AOIFTStudCntOIR -> 0 | E24: =AOIPTStudCntOIR -> 0 | F24: 3.158 | G24: =NonAOIStudCntOIR*F24 -> 3.158 | H24: =AOIFTStudCntOIR*F24 -> 0 | I24: =AOIPTStudCntOIR*F24 -> 0
A25: OI-SC | C25: =NonAOIStudCntOISC -> 1.5 | D25: =AOIFTStudCntOISC -> 0 | E25: =AOIPTStudCntOISC -> 0 | F25: 6.773 | G25: =NonAOIStudCntOISC*F25 -> 10.1595 | H25: =AOIFTStudCntOISC*F25 -> 0 | I25: =AOIPTStudCntOISC*F25 -> 0
A26: P-SD | C26: =NonAOIStudCntP.SD -> 2.29 | D26: =AOIFTStudCntP.SD -> 0 | E26: =AOIPTStudCntP.SD -> 0 | F26: 3.595 | G26: =NonAOIStudCntP.SD*F26 -> 8.2326 | H26: =AOIFTStudCntP.SD*F26 -> 0 | I26: =AOIPTStudCntP.SD*F26 -> 0
A27: DD, ED, MIID, SLD, SLI, OHI | C27: =NonAOIStudCntDD.ED.MIID.SLD.SLI.OHI -> 422.8242 | D27: =AOIFTStudCntDD.ED.MIID.SLD.SLI.OHI -> 0 | E27: =AOIPTStudCntDD.ED.MIID.SLD.SLI.OHI -> 0 | F27: 0.292 | G27: =NonAOIStudCntDD.ED.MIID.SLD.SLI.OHI*F27 -> 123.4647 | H27: =AOIFTStudCntDD.ED.MIID.SLD.SLI.OHI*F27 -> 0 | I27: =AOIPTStudCntDD.ED.MIID.SLD.SLI.OHI*F27 -> 0
A28: ED-P | C28: =NonAOIStudCntEDP -> 5.4739 | D28: =AOIFTStudCntEDP -> 0 | E28: =AOIPTStudCntEDP -> 0 | F28: 4.822 | G28: =NonAOIStudCntEDP*F28 -> 26.3951 | H28: =AOIFTStudCntEDP*F28 -> 0 | I28: =AOIPTStudCntEDP*F28 -> 0
A29: MOID | C29: =NonAOIStudCntMOID -> 5.56 | D29: =AOIFTStudCntMOID -> 0 | E29: =AOIPTStudCntMOID -> 0 | F29: 4.421 | G29: =NonAOIStudCntMOID*F29 -> 24.5808 | H29: =AOIFTStudCntMOID*F29 -> 0 | I29: =AOIPTStudCntMOID*F29 -> 0
A30: VI | C30: =NonAOIStudCntVI -> 2.42 | D30: =AOIFTStudCntVI -> 0 | E30: =AOIPTStudCntVI -> 0 | F30: 4.806 | G30: =NonAOIStudCntVI*F30 -> 11.6305 | H30: =AOIFTStudCntVI*F30 -> 0 | I30: =AOIPTStudCntVI*F30 -> 0
A31: G | C31: =NonAOIStudCntG -> 504.6599 | D31: =AOIFTStudCntG -> 0 | E31: =AOIPTStudCntG -> 0 | F31: 0.007 | G31: =NonAOIStudCntG*F31 -> 3.5326 | H31: =AOIFTStudCntG*F31 -> 0 | I31: =AOIPTStudCntG*F31 -> 0
A32: FRPL | C32: =NonAOIStudCntFRPL -> 1446.6133 | D32: =AOIFTStudCntFRPL -> 0 | E32: =AOIPTStudCntFRPL -> 0 | F32: 0.022 | G32: =NonAOIStudCntFRPL*F32 -> 31.8255 | H32: =AOIFTStudCntFRPL*F32 -> 0 | I32: =AOIPTStudCntFRPL*F32 -> 0
A33: Group B - Add On Unweighted ADM | C33: =SUM(C17:C32) -> 7065.9814 | D33: =SUM(D17:D32) -> 0 | E33: =SUM(E17:E32) -> 0
A34: Total Unweighted Group B Add On | E34: =SUM(C33:E33) -> 7065.9814
A35: Group B - Add On Weighted ADM | G35: =((C17*F17)+(C18*F18)+(C19*F19)+(C20*F20)+(C21*F21)+(C22*F22)+(C23*F23)+(C24*F24)+(C25*F25)+(C26*F26)+(C27*F27)+(C28*F28)+(C29*F29)+(C30*F30)+(C31*F31)+(C32*F32)) -> 956.3474 | H35: =((D17*F17)+(D18*F18)+(D19*F19)+(D20*F20)+(D21*F21)+(D22*F22)+(D23*F23)+(D24*F24)+(D25*F25)+(D26*F26)+(D27*F27)+(D28*F28)+(D29*F29)+(D30*F30)+(D31*F31)+(D32*F32)) -> 0 | I35: =((E17*F17)+(E18*F18)+(E19*F19)+(E20*F20)+(E21*F21)+(E22*F22)+(E23*F23)+(E24*F24)+(E25*F25)+(E26*F26)+(E27*F27)+(E28*F28)+(E29*F29)+(E30*F30)+(E31*F31)+(E32*F32)) -> 0
A36: Total Weighted Group B Add On | I36: =(((C17+D17+E17)*F17)+((C18+D18+E18)*F18)+((C19+D19+E19)*F19)+((C20+D20+E20)*F20)+((C21+D21+E21)*F21)+((C22+D22+E22)*F22)+((C23+D23+E23)*F23)+((C24+D24+E24)*F24)+((C25+D25+E25)*F25)+((C26+D26+E26)*F26)+((C27+D27+E27)*F27)+((C28+D28+E28)*F28)+((C29+D29+E29)*F29)+((C30+D30+E30)*F30)+((C31+D31+E31)*F31)+((C32+D32+E32)*F32)) -> 956.3474
L38: =CTD -> 070438000
D39: =IF(DistrictName<>0,DistrictName,"") -> MADISON ELEMENTARY SCHOOL DISTRICT
D40: Basic Calculations For Equalization Assistance
F41: Is Small Isolated School District: | G41: =IF(AND(SmallIsolatedPSD8Checkbox="X",SmallIsolated912Checkbox="X"),"Elementary and High School",IF(SmallIsolatedPSD8Checkbox="X","Elementary",IF(SmallIsolated912Checkbox="X","High School","Not Isolated"))) -> Not Isolated | L41: District Page: | M41: 2 of 5
A43: Calculation For Base Support Level | D43: Non-AOI ADM | F43: AOI-FT ADM | H43: AOI-PT ADM
A44: Regular Education Weighted ADM | D44: =NonAOIRegEdWgtdADM -> 6096.0457 | F44: =AOIFTRegEdWgtdADM -> 0 | H44: =AOIPTRegEdWgtdADM -> 0
A45: Group B - Add On Weighted ADM | C45: + | D45: =NonAOIGrBAddOnWgtdADM -> 956.3474 | E45: + | F45: =AOIFTGrBAddOnWgtdADM -> 0 | G45: + | H45: =AOIPTGrBAddOnWgtdADM -> 0
A46: Total ADM | C46: = | D46: =((C7*F7)+(C8*F8)+(C9*F9)+C17*F17)+(C18*F18)+(C19*F19)+(C20*F20)+(C21*F21)+(C22*F22)+(C23*F23)+(C24*F24)+(C25*F25)+(C26*F26)+(C27*F27)+(C28*F28)+(C29*F29)+(C30*F30)+(C31*F31)+(C32*F32) -> 7052.3932 | E46: = | F46: =((D7*F7)+(D8*F8)+(D9*F9)+(D17*F17)+(D18*F18)+(D19*F19)+(D20*F20)+(D21*F21)+(D22*F22)+(D23*F23)+(D24*F24)+(D25*F25)+(D26*F26)+(D27*F27)+(D28*F28)+(D29*F29)+(D30*F30)+(D31*F31)+(D32*F32)) -> 0 | G46: = | H46: =((E7*F7)+(E8*F8)+(E9*F9)+(E17*F17)+(E18*F18)+(E19*F19)+(E20*F20)+(E21*F21)+(E22*F22)+(E23*F23)+(E24*F24)+(E25*F25)+(E26*F26)+(E27*F27)+(E28*F28)+(E29*F29)+(E30*F30)+(E31*F31)+(E32*F32)) -> 0
A47: AOI Funding Factor | C47: x | D47: 1 | E47: x | F47: 0.95 | G47: x | H47: 0.85
A48: Weighted ADM | C48: = | D48: =(((C7*F7)+(C8*F8)+(C9*F9)+C17*F17)+(C18*F18)+(C19*F19)+(C20*F20)+(C21*F21)+(C22*F22)+(C23*F23)+(C24*F24)+(C25*F25)+(C26*F26)+(C27*F27)+(C28*F28)+(C29*F29)+(C30*F30)+(C31*F31)+(C32*F32))*D47 -> 7052.3932 | E48: = | F48: =(((D7*F7)+(D8*F8)+(D9*F9)+(D17*F17)+(D18*F18)+(D19*F19)+(D20*F20)+(D21*F21)+(D22*F22)+(D23*F23)+(D24*F24)+(D25*F25)+(D26*F26)+(D27*F27)+(D28*F28)+(D29*F29)+(D30*F30)+(D31*F31)+(D32*F32)))*F47 -> 0 | G48: = | H48: =(((E7*F7)+(E8*F8)+(E9*F9)+(E17*F17)+(E18*F18)+(E19*F19)+(E20*F20)+(E21*F21)+(E22*F22)+(E23*F23)+(E24*F24)+(E25*F25)+(E26*F26)+(E27*F27)+(E28*F28)+(E29*F29)+(E30*F30)+(E31*F31)+(E32*F32)))*H47 -> 0
A51: Total Weighted ADM | H51: =((C7*F7)+(C8*F8)+(C9*F9)+C17*F17)+(C18*F18)+(C19*F19)+(C20*F20)+(C21*F21)+(C22*F22)+(C23*F23)+(C24*F24)+(C25*F25)+(C26*F26)+(C27*F27)+(C28*F28)+(C29*F29)+(C30*F30)+(C31*F31)+(C32*F32)+(((D7*F7)+(D8*F8)+(D9*F9)+(D17*F17)+(D18*F18)+(D19*F19)+(D20*F20)+(D21*F21)+(D22*F22)+(D23*F23)+(D24*F24)+(D25*F25)+(D26*F26)+(D27*F27)+(D28*F28)+(D29*F29)+(D30*F30)+(D31*F31)+(D32*F32))*0.95)+(((E7*F7)+(E8*F8)+(E9*F9)+(E17*F17)+(E18*F18)+(E19*F19)+(E20*F20)+(E21*F21)+(E22*F22)+(E23*F23)+(E24*F24)+(E25*F25)+(E26*F26)+(E27*F27)+(E28*F28)+(E29*F29)+(E30*F30)+(E31*F31)+(E32*F32))*0.85) -> 7052.3932
A52: Base Level Amount (FY24) | G52: x | H52: =IF(Checkbox200Days="X",BaseLevelAmount*1.05,BaseLevelAmount) -> 4914.71
A53: Total Weighted ADM x Base Level Amount | H53: =(((C7*F7)+(C8*F8)+(C9*F9)+C17*F17)+(C18*F18)+(C19*F19)+(C20*F20)+(C21*F21)+(C22*F22)+(C23*F23)+(C24*F24)+(C25*F25)+(C26*F26)+(C27*F27)+(C28*F28)+(C29*F29)+(C30*F30)+(C31*F31)+(C32*F32)+(((D7*F7)+(D8*F8)+(D9*F9)+(D17*F17)+(D18*F18)+(D19*F19)+(D20*F20)+(D21*F21)+(D22*F22)+(D23*F23)+(D24*F24)+(D25*F25)+(D26*F26)+(D27*F27)+(D28*F28)+(D29*F29)+(D30*F30)+(D31*F31)+(D32*F32))*0.95)+(((E7*F7)+(E8*F8)+(E9*F9)+(E17*F17)+(E18*F18)+(E19*F19)+(E20*F20)+(E21*F21)+(E22*F22)+(E23*F23)+(E24*F24)+(E25*F25)+(E26*F26)+(E27*F27)+(E28*F28)+(E29*F29)+(E30*F30)+(E31*F31)+(E32*F32))*0.85))*H52 -> 34660467
A54: Calculated Teachers Experience Index (FY23) | C54: =TEI -> 1.0043
A55: Applied Teachers Experience Index (FY24) | G55: x | H55: =IF(TEI>1,TEI,1) -> 1.0043
A56: (1.0000 or Calculated Teachers Experience Index)
A57: Pre-Adjusted Base Support Level | H57: =(((C7*F7)+(C8*F8)+(C9*F9)+C17*F17)+(C18*F18)+(C19*F19)+(C20*F20)+(C21*F21)+(C22*F22)+(C23*F23)+(C24*F24)+(C25*F25)+(C26*F26)+(C27*F27)+(C28*F28)+(C29*F29)+(C30*F30)+(C31*F31)+(C32*F32)+(((D7*F7)+(D8*F8)+(D9*F9)+(D17*F17)+(D18*F18)+(D19*F19)+(D20*F20)+(D21*F21)+(D22*F22)+(D23*F23)+(D24*F24)+(D25*F25)+(D26*F26)+(D27*F27)+(D28*F28)+(D29*F29)+(D30*F30)+(D31*F31)+(D32*F32))*0.95)+(((E7*F7)+(E8*F8)+(E9*F9)+(E17*F17)+(E18*F18)+(E19*F19)+(E20*F20)+(E21*F21)+(E22*F22)+(E23*F23)+(E24*F24)+(E25*F25)+(E26*F26)+(E27*F27)+(E28*F28)+(E29*F29)+(E30*F30)+(E31*F31)+(E32*F32))*0.85))*BSA55BLA*H55 -> 34809507
A59: Base Support Level Adjustments
A60: Audit Service Expense | B60: + | C60: =NonFedAuditExp -> 39500
A61: Increase for Tuition Loss Adjustment | B61: + | C61: =IncreaseTuitionLossAdj -> 0
A62: Increase for Student Revenue Loss Phase-Down | B62: + | C62: =IF(AND(Cover!E3='Data Entry'!L112+1,(Calculations!R220+Calculations!R226)>0),Calculations!R220+Calculations!R226,IF(AND(Cover!E3='Data Entry'!L112+2,(Calculations!R221+Calculations!R227)>0),Calculations!R221+Calculations!R227,IF(AND(Cover!E3='Data Entry'!L112+3,(Calculations!R222+Calculations!R228)>0),Calculations!R222+Calculations!R228,IF(AND(Cover!E3='Data Entry'!L112+4,(Calculations!R223+Calculations!R229)>0),Calculations!R223+Calculations!R229,IF(AND(Cover!E3='Data Entry'!L112+5,(Calculations!R224+Calculations!R230)>0),Calculations!R224+Calculations!R230,0))))) -> 0
A63: Adjustment for Remote Instructional Time calculated by ADE | B63: + | C63: =RemoteInstructionDecre -> 0
A66: Total Base Support Level Adjustments | H66: =SUM(C60:C65) -> 39500
A67: Adjusted Base Support Level | H67: =H66+H57 -> 34849007
D71: =IF(DistrictName<>0,DistrictName,"") -> MADISON ELEMENTARY SCHOOL DISTRICT
D72: Basic Calculations For Equalization Assistance
F73: Is Small Isolated School District: | G73: =IF(AND(SmallIsolatedPSD8Checkbox="X",SmallIsolated912Checkbox="X"),"Elementary and High School",IF(SmallIsolatedPSD8Checkbox="X","Elementary",IF(SmallIsolated912Checkbox="X","High School","Not Isolated"))) -> Not Isolated | L73: District Page: | M73: 3 of 5
A75: Calculation Transportation Support Level (TSL) | F75: Calculation For District Support Level (DSL)
A76: (Miles, Eligible Students, Bus Passes and Bus Tokens) | F76: FY24 Adjusted Base Support Level (BSL) | J76: =AdjBaseSuppLvl -> 34849007
A77: Approved Daily Route Miles | F77: FY24 Consolidation or Unification Assistance | I77: + | J77: =ConsolUnifTransCosts -> 0
A78: Eligible Students Transported (FY23) | E78: =EligibleStudTrans -> 842 | F78: FY24 Transportation Support Level (TSL) | I78: + | J78: =TSL -> 322469.31
A79: Daily Route Miles Per Eligible Student (FY23) | E79: =IF(ApprDRMiles>0,ApprDRMiles/EligibleStudTrans,0) -> 0.8112 | F79: FY24 District Support Level (DSL) | J79: =SUM(J76:J78) -> 35171477
A80: Total Approved Daily Route Miles | E80: =ApprDRMiles -> 683
A81: State Support Level Per Route Mile | D81: x | E81: =IF(DailyRteMilesPerElgStud=0,0,IF(AND(DailyRteMilesPerElgStud>0.5,DailyRteMilesPerElgStud<=1),StateSupportLevelRouteMile2,StateSupportLevelRouteMile1)) -> 2.37
A82: Instruction Days | D82: x | E82: =IF(Checkbox200Days="X",200,180) -> 180 | F82: Calculation For Revenue Control Limit (RCL)
A83: To and From School Support Level | E83: =E80*E81*E82 -> 291367.8 | F83: FY24 Adjusted Base Support Level (BSL) | J83: =AdjBaseSuppLvl -> 34849007
A84: Activity Trip Level Factor | D84: x | E84: =IF(VALUE(LEFT(RIGHT(L1,7),2))=3,Type03TranspFactor,IF(VALUE(LEFT(RIGHT(L1,7),2))=2,Type02TranspFactor,IF(VALUE(LEFT(RIGHT(L1,7),2))=4,Type04TranspFactor,IF(VALUE(LEFT(RIGHT(L1,7),2))=5,Type05TranspFactor,IF(VALUE(LEFT(RIGHT(L1,7),2))=1,Type01TranspFactor,0))))) -> 0.1 | F84: FY24 Consolidation or Unification Assistance | I84: + | J84: =ConsolUnifTransCosts -> 0
A85: Activity Trip Support Level | E85: =ROUND((E82*E80)*E81*E84,2) -> 29136.78 | F85: FY24 Transportation Revenue Control Limit (TRCL) | I85: + | J85: =CYTRCL -> 963801.39
A86: Handicapped Extended School Year Mileage (FY23) | E86: =ActDisabilityRM+EstDisabilityRM -> 829 | F86: FY24 Revenue Control Limit (RCL) | J86: =SUM(J83:J85) -> 35812809
A87: State Support Level Per Route Mile | D87: x | E87: =E81 -> 2.37
A88: Handicapped Extended School Year Support Level | E88: =ROUND(E86*E87,2) -> 1964.73 | F88: FY24 Lesser of DSL/RCL | J88: =IF(J79>J86,J86,J79) -> 35171477
A89: Annual Expenditures For: | C89: Bus Passes | D89: Bus Tokens
A90: Districts (FY23) | C90: =AnnualExpforBusPass -> 0 | D90: =AnnualExpforBusToken -> 0 | E90: =C90+D90 -> 0
A91: FY24 Transportation Support Level (TSL) | E91: =E83+E85+E88+E90 -> 322469.31
A94: Calculation For Transportation Revenue Control Limit (TRCL)
A95: FY23 Transportation Revenue Control Limit (TRCL) | E95: {=[1]!CYTRCL} -> 963801.39
A97: Change: | B97: FY24 TSL | C97: =TSL -> 322469.31
B98: FY23 TSL - | C98: =[1]BSA55!$C$97 -> 478370.14
B99: Difference: $ | C99: =IF(C97-C98>0,C97-C98,0) -> 0
A101: Preliminary FY24 TRCL | E101: =C99+E95 -> 963801.39
A102: 120% of FY24 TSL | C102: =E91*1.2 -> 386963.17
A103: FY24 Transportation Revenue Control Limit (TRCL) | E103: =MAX(TSL,IF(PremFYTRCL>AdjFYTRCL,TRCLBudgPY,PremFYTRCL)) -> 963801.39
D106: =IF(DistrictName<>0,DistrictName,"") -> MADISON ELEMENTARY SCHOOL DISTRICT
D107: Basic Calculations For Equalization Assistance
F108: Is Small Isolated School District: | G108: =IF(AND(SmallIsolatedPSD8Checkbox="X",SmallIsolated912Checkbox="X"),"Elementary and High School",IF(SmallIsolatedPSD8Checkbox="X","Elementary",IF(SmallIsolated912Checkbox="X","High School","Not Isolated"))) -> Not Isolated | L108: District Page: | M108: 4 of 5
A110: District Additional Assistance (DAA) Calculations | E110: PSD | G110: K-8 | I110: 9-12 | K110: Type 03 Transported 9-12 | M110: Total
A111: FY23 District ADM | E111: =UnweightedStudCntPSDPY -> 20.025 | G111: =UnweightedStudCntK8PY -> 5239.2137 | I111: =UnweightedStudCnt912PY -> 0 | K111: =IF(VALUE(LEFT(RIGHT(L1,7),2))=3,(HSCountDORtoDOA),0) -> 0
A112: DAA Per ADM | D112: x | E112: =IF(E111=0,0,Calculations!L77) -> 549.45 | F112: x | G112: =IF(VALUE(LEFT(RIGHT(L1,7),2))=8,0,IF(AND(UnweightedStudCntK8PY>0,UnweightedStudCntK8PY<100),Calculations!L52,IF(AND(Calculations!L56>0),Calculations!L63,IF(AND(Calculations!L67>0),Calculations!L74,IF(UnweightedStudCntK8PY>=600,Calculations!L77,0))))) -> 549.45 | H112: x | I112: =IF(I111=0,0,IF(VALUE(LEFT(RIGHT(L1,7),2))=3,AA166/2,AA166)) -> 0 | J112: x | K112: =IF(K111=0,0,IF(VALUE(LEFT(RIGHT(L1,7),2))=3,AA166/2,AA166)) -> 0
A113: Preliminary DAA | D113: = | E113: =IF(E111>0,ROUND(E111*E112,2),0) -> 11002.74 | F113: = | G113: =IF(G111>0,ROUND(G111*G112,2),0) -> 2878686 | H113: = | I113: =IF(OR(I111>0),I111*I112,0) -> 0 | J113: = | K113: =IF(OR(K111>0),K111*K112,0) -> 0 | M113: =(E111*E112)+(G111*G112)+(I111*I112)+(K111*K112) -> 2889688.7
A114: (*For Type 03 High School Only, Per Student Count Factor at 50%)
A115: DAA Growth Factor
A116: FY23 District ADM | C116: =IF(VALUE(LEFT(RIGHT(L1,7),2))=3,'Data Entry'!G17+UnweightedStudCntK8PY+UnweightedStudCnt912PY+HSCountDORtoDOA,'Data Entry'!G17+UnweightedStudCntK8PY+UnweightedStudCnt912PY) -> 5259.2387
A117: FY22 District ADM | B117: / | C117: =PY100DayADM -> 5326.5314
A118: FY24 Calculated DAA Growth Factor | B118: = | C118: =IF(C117>0,ROUND(+C116/C117,10),0) -> 0.9874 | D118: x | E118: =IF(IF(C117>0,ROUND(+C116/C117,10),0)>0,IF(IF(C117>0,ROUND(+C116/C117,10),0)>1.05,+(IF(C117>0,ROUND(+C116/C117,10),0)-1)/2+1,1),0) -> 1 | F118: x | G118: =IF(IF(C117>0,ROUND(+C116/C117,10),0)>0,IF(IF(C117>0,ROUND(+C116/C117,10),0)>1.05,+(IF(C117>0,ROUND(+C116/C117,10),0)-1)/2+1,1),0) -> 1 | H118: x | I118: =IF(IF(C117>0,ROUND(+C116/C117,10),0)>0,IF(IF(C117>0,ROUND(+C116/C117,10),0)>1.05,+(IF(C117>0,ROUND(+C116/C117,10),0)-1)/2+1,1),0) -> 1 | J118: x | K118: =IF(IF(C117>0,ROUND(+C116/C117,10),0)>0,IF(IF(C117>0,ROUND(+C116/C117,10),0)>1.05,+(IF(C117>0,ROUND(+C116/C117,10),0)-1)/2+1,1),0) -> 1
A119: FY24 Applied DAA Growth Factor
...

Sheet Instructions
A1: Page | B1: Reference | C1: Instructions | D1: Revision Instructions | E1: Summary of Significant Changes
B2: General | C2: These instructions are provided to help school districts prepare the expenditure budget. Within the forms, blue font and light blue highlights indicate that an instruction is linked to that specific line. An instructions button has also been provided that links to any general instructions or to the first instruction for a page. To return to the related form after reviewing the instructions, simply click on the form’s tab at the bottom of the Excel screen or press the Alt and back arrow keys. Districts should complete the Data Entry page and Supplement, as applicable, before completing pages 1 through 8. To ensure that the district’s data can be properly processed by ADE, formulas should not be changed without specific instructions from either the Arizona Auditor General's Office, Accountability Services Division, or ADE, School Finance. Select the link below for more information.
C3: Data Entry page instructions
B4: General | C4: Amounts in the prior year columns should be recorded from the budget columns of the latest revised Budget for FY 2023. Amounts should be rounded to the nearest dollar. Districts should budget for FY 2024 retirement contributions at the rate of 12.14% and for long term disability at a rate of 0.15% for a total contribution rate of 12.29%. Districts should also budget for any applicable alternative contribution payments to state retirement at a rate of 9.99%.
B5: General | C5: A summary of significant changes to this document is included in column E. Filter the column to remove blank cells to see only the areas with significant changes. | E5: Significant changes to this document are identified in this column.
B6: Budget Revision | C6: Instructions for budget revision requirements have been incorporated into this document for each applicable line item. All lines that include revision instructions have a "Yes" in the Revision Instructions column to the right. To see only the revision instructions apply the filter so that only rows marked "Yes" will show. Prior to May 15 of the budget year, districts must make all of the revisions described in these instructions that would result in a decrease in budget limits and districts may make any of the described revisions that result in an increase in budget limits. Total expenditures in the Maintenance and Operation (M&O), Unrestricted Capital Outlay (UCO), and Classroom Site Funds (CSF) must not exceed the adjusted General Budget Limit (GBL), Unrestricted Capital Budget Limit (UCBL), and Classroom Site Fund Budget Limit (CSFBL), respectively, as reported on pages 7, 8, and 3 of the latest revised budget. Therefore, if the net change to any of these budget limits is a decrease, the district must reduce budgeted expenditures in the related fund, to ensure that the budgeted amounts are within the prescribed limit. If the net change to any of these budget limits is an increase, the district may choose to revise budgeted expenditures in the related fund. | D6: Yes
B7: Budget Revision Continued | C7: All districts must revise the FY 2024 budget to include the 2023 (prior year) and 2024 (current year) 100th-Day ADM from the applicable year's ADM20 report. | D7: Yes
A8: Cover | B8: District Tax Rates | C8: District tax rates for FY 2023 should be the actual tax rates set by the County Board of Supervisors in August 2022. Tax rates for FY 2024 should be the district’s best estimate. Districts should include detailed secondary tax rates for M&O, Special Program, and Capital Overrides; Class A Bonds; Class B Bonds; Career Technical Education District (CTED); and Desegregation. Class A Bonds are general obligation bonds approved by voters on or before December 31, 1998. Class B Bonds are general obligation bonds approved by voters after December 31, 1998.
A9: Cover | B9: Average Teacher Salaries | C9: In accordance with A.R.S. §15-903(E), a district's budget must include the prominent display of the average salary of all teachers employed by the district for the budget and prior years, and the increase in the average salary of all teachers employed by the district for the budget year reported in dollars and percentage. Districts must also prominently post this information on their website home pages separate from their budgets. The law does not provide a definition of a teacher. Districts should be consistent in the type of salary information included in this table from year to year. An optional comment box is available to provide details on the average teacher salary calculation used by the district. Budget Revision Districts should revise the average teacher salary information any time a revised budget is submitted to ADE. | D9: Yes
A10: District Contact Info | C10: Fill in the contact information for all positions listed on this tab. If any of the positions don't exist at your district, please fill in the appropriate person to contact related to that topic. Budget Revision Districts should revise contact information, if necessary, any time a revised budget is submitted to ADE. | D10: Yes
A11: 1 | B11: Line 4 | C11: Function code 2300, object code 6820-Judgments Against the District should be used to budget for excessive property tax valuation judgments to be paid in FY 2024. This amount should also be included on page 7, line 8(h). Pre-approval by ADE is required. Contact ADE’s School Finance payment team at the email address below.
C12: SFPaymentTeam@azed.gov
A13: 1 | B13: Line 9 | C13: Budget Revision Districts participating in the National School Lunch Program that have not already budgeted for the state matching requirements, should include any amounts to be expended for their food service program in the M&O Fund on this line before May 15. ADE’s Health & Nutrition Services will verify that amounts budgeted were spent when the annual financial reports are submitted. Any questions related to the state matching requirements should be directed to ADE’s Health & Nutrition Services at (602) 542-8700. | D13: Yes
A14: 1 | B14: Line 27 | C14: A district authorized by ADE to continue participation in Dropout Prevention Programs for FY 2024 pursuant to Laws 1992, Ch. 305, §32 and Laws 2000, Ch. 398, §2, must budget the additional amount on this line.
A15: 1 | B15: Line 28 | C15: A district that has entered into an intergovernmental agreement to establish a jointly owned and operated career and technical education and vocational education center, in accordance with A.R.S. §15-789, should budget for the center’s expenditures on this line. A.R.S. §15‑910.01 This provision does not apply to CTEDs established pursuant to A.R.S. §15-392. A.R.S. §15-910.01 requires the State Board of Education (SBE) approval prior to including an amount here. Currently, no districts have been authorized by the SBE.
A16: 1 | B16: Line 29 | C16: Districts should budget for K-3 Reading Program expenditures on this line. The State Board of Education must give approval to a district before any portion of the monies generated by the K-3 reading support level weight may be distributed to the district. A.R.S. §15-211 Contact ADE’s Move on When Reading program area with questions concerning the K-3 Reading plan requirement and approval status at the link below.
C17: http://www.azed.gov/mowr/
A18: 2 | B18: Spec. Ed. by Type | C18: All expenditures budgeted in the M&O Fund for special education programs should be included regardless of the revenue source (e.g., state equalization assistance and property taxes). Districts should retain supporting documentation for the allocation of expenditures budgeted for individual special education programs. Supporting documentation should include a list of the programs, the number of teachers and students by program, and all computation work sheets. However, districts should budget total expenditures in Program 200—Special Education for disability classifications defined in A.R.S. §15-761 on line 1, Total All Disability Classifications.
A19: 2 | B19: Spec. Ed by Type - Lines 4 and 5 | C19: Program code 260—ELL Incremental Costs and program code 265—ELL Compensatory Instruction are required to track expenditures related to English Language Learners (ELL). See Supplement instructions for more information on ELL.
A20: 2 | B20: FTE Certified Employees | C20: Include all certified personnel filling certified positions at the district.
A21: 2 | B21: Audit Services | C21: Enter the budgeted expenditures for nonfederal program and compliance audits (required object code 6350) to be paid from the M&O Fund only, and the budgeted expenditures for federal single audits (optional object code 6330) from all funds.
A22: 2 | B22: M&O for Food Service | C22: Districts participating in the National School Lunch Program are required to budget a portion of their state revenues to support the operation of their food service program. Districts should budget in the M&O Fund any amounts that will be expended during the 2024 school year for the operation of the food service program. Any questions related to the state matching requirements should be directed to ADE’s Health & Nutrition Services at (602) 542‑8700. Budget Revision Districts that have not already budgeted for the state matching requirements, should include any amounts to be expended for their food service program in the M&O Fund on this line before May 15. ADE’s Health & Nutrition Services will verify that amounts budgeted were spent when the annual financial reports are submitted. | D22: Yes
A23: 3 | B23: General | C23: The Classroom Site Fund (CSF) is a budget-controlled fund that must be used to supplement, rather than supplant, existing monies. Expenditures made from the Classroom Site Fund (010) should be made in accordance with the requirements of A.R.S. §15-977. Districts may establish any CSF subfunds 011-019 to track monies for specific allowable purposes or separately account for carryover balances and other one-time CSF monies. One total budget for all Classroom Site monies must be reported here, in Fund 010.
A24: 3 | B24: Line 4 | C24: Line 4 should include expenditures for teacher liability insurance premiums made from Fund 010.
A25: 3 | B25: Line 9 | C25: The total amount budgeted on line 9 cannot exceed the CSFBL on line 16. The total amount budgeted in FY 2024 will affect the next year’s CSFBL. Districts should budget up to the Classroom Site Fund Budget Limit (CSFBL) as calculated on lines 10 through 16. See A.R.S. §15-978 and the calculation below.
A26: 3 | B26: Line 11 | C26: Budget Revision Line 11 should reflect total actual CSF expenditures as reported on the district’s FY 2023 AFR. | D26: Yes
A27: 3 | B27: Line 13 | C27: Budget Revision This line should agree to the total actual interest earned on CSF investments, as reported on the FY 2023 AFR for the CSF. | D27: Yes
A28: 3 | B28: Line 14 | C28: In accordance with A.R.S. §15-977(G)(1), the per pupil amount is calculated based on estimated available resources in the Classroom Site Fund for the budget year and adjusted for prior year revenue carryforwards or shortfalls. However, actual payments to districts may differ from the estimated per pupil Classroom Site Fund allocation. The FY 2024 allocation for the district is $758 multiplied by the district’s district’s weighted student count (based on fundable students attending within the school district). The FY 2024 CSF actual payments detail reports will be available on ADE’s website at the link below beginning in August 2023.
C29: https://schoolfinancereports.azed.gov/
A30: 3 | B30: Line 15 | C30: Some districts have lost CSF budget capacity from budgeting less than the CSFBL in prior years. This line may be used to recapture that budget capacity. Districts that need assistance with the adjustment should contact ADE’s budget team.
A31: 4 | B31: Line 10 | C31: The amount budgeted in the UCO Fund cannot exceed the Unrestricted Capital Budget Limit (UCBL) on page 8, line 12. The amount budgeted in Fund 610 in FY 2024 will affect the next year’s UCBL. See A.R.S. §15-947(D) and calculation on page 8. | E31: Added a column for districts to budget costs for Short-term Noninstructional Software Subscriptions.
A32: 4 | B32: Footnote 5 | C32: Districts participating in the National School Lunch Program are required to budget a portion of their state revenues to support the operation of their food service program. Districts should budget in the UCO Fund any amounts that will be expended during the FY 2024 school year for the food service program. Any questions related to the state matching requirements should be directed to ADE’s Health & Nutrition Services at (602) 542‑8700. Budget Revision Districts that have not already budgeted for the state matching requirements, should include any amounts to be expended for their food service program in the UCO Fund on this line before May 15. ADE’s Health & Nutrition Services will verify that amounts budgeted were spent when the annual financial reports are submitted. | D32: Yes
A33: 5 | B33: Other Funds— Required Capital Expenditure Detail for Funds 610, 630, 695, & 620 | C33: In accordance with A.R.S. §15-904(B), detailed budgeted and actual expenditures for only the items listed in lines 2-11 must be reported from the UCO (610), Bond Building (630), New School Facilities (695), and Adjacent Ways (620) Funds. The amounts reported on lines 2-11 may not include all expenditures of these funds as shown on line 1. Total budgeted expenditures for each fund should be included on line 1 of the table. In addition, these detailed expenditures reported on lines 2-11 must be separately reported as new construction or renovation on lines 13-15. If the designation of new construction or renovation does not apply to a particular expenditure reported on lines 2-11, the amount should be reported as "Other." Therefore, total budgeted expenditures for the detailed object codes listed for each fund as reported on line 12 must agree to the total amounts reported on line 16, by fund. Amounts on lines 12 and 16 may be less than the amounts on line 1 for each fund.
A34: 5 | B34: Adjacent Ways Fund | C34: In accordance with A.R.S. §15-995, each adjacent ways project proposal must be filed with ADOA's Division of School Facilities and include the project cost estimate. If the entire project cost for the adjacent ways project is greater than $50,000, the expenditure cannot be made unless the Division of School Facilities validates both of the following: -The project that is proposed to be funded by the assessment is in compliance with state laws relating to adjacent ways projects. -The proposal selected by the district does not contain any additional work that is not listed in the adjacent ways proposal submitted by the district.
A35: 6 | B35: Federal Projects, Line 16 | C35: Districts that receive Impact Aid monies should deposit them in Fund 378—Impact Aid. Monies in the fund are federal monies not subject to legislative appropriation. All districts that receive Impact Aid revenue should complete the Districts Receiving Federal Impact Aid Revenues portion of the Other Information section on the Data Entry tab to calculate the amount available to be spent in the Impact Aid Fund.
A36: 6 | B36: Federal Projects, Line 17 | C36: Include amounts for Funds 300-399 Other Federal Projects (besides Funds 374—E-Rate and Fund 378—Impact Aid, as they are separately reported on lines 15 and 16, respectively). Districts should also include amounts budgeted for COVID-19 federal relief projects.
A37: 6 | B37: State Projects, Line 26 | C37: In accordance with A.R.S. §15-249.06, monies received from the college credit by examination incentive program should be deposited in Fund 456—College Credit Exam Incentives. At least 50% of the incentive bonus monies received from this program must be distributed to the associated classroom teacher for each student who passes a qualifying exam and to other teachers of relevant subjects who instructed that student, including but not limited to teachers in the same department or subject matter that contributed to the student passing the examination, as identified by the governing board or the school principal. The remainder of any bonus monies received from this program must be allocated by the school principal on behalf of the students who receive a passing score and may be used for teacher professional development or student instructional support, reimbursement of exam fees, or instructional materials.
A38: 6 | B38: State Projects, Line 28 | C38: Budgeted expenditures related to monies remaining in Fund 457—Results-based Funding should be reported on line 28—Other State Projects, along with any other State project funds not included on lines 19 through 27 above. | E38: Laws 2023, Chapter 142, §2 repealed A.R.S. §15-249.08, which had established Fund 457—Results-based Funding. Removed line 27 on Page 6 and renumbered the lines below.
A39: 6 | B39: Other Funds, Lines 2 and 3 | C39: Funds 071 and 072 should be budgeted in detail on the Supplement. Fund totals will pull to these lines. See the instructions for the Supplement for additional information.
A40: 6 | B40: Other Funds, Line 4 | C40: In accordance with A.R.S. §15-1102, the proceeds from the sale or lease of school district property should be deposited in the School Plant Fund (500). Expenditures made from the School Plant Fund (500) should be made in accordance with the requirements of A.R.S. §15-1102. Districts may establish sub funds for School Plant in funds 501-504 to account for monies received that are restricted to different purposes by statute, but one total budget for all related monies must be reported here in Fund 500.
A41: 6 | B41: Other Funds Line 24 | C41: In accordance with A.R.S. §15-249.15, monies received to provide incentive awards for high school graduates who obtain a certification, credential, or license that is accepted by a vocation or industry through a career technical education course or program should be deposited in Fund 597—Arizona Industry Credentials Incentive Fund. Expenditures from Fund 597 should be made for only the following purposes: 1. For instructional costs and professional development for a career technical education program teacher to become a certifying professional for an approved certificate, credential, or license. 2. To offset the students' cost of certification, credentialing, or licensure. 3. For developmental costs related to creating, expanding or improving an approved site of a certificate, credential, or license career technical program or course. 4. For instructional hardware, software, or supplies required for the certification, credentialing, or licensure. 5. For career exploration in any school grade and awareness activities for parents, students, and the community for the approved sectors.
A42: 6 | B42: Other Funds Line 29 | C42: In accordance with A.R.S. §41-5721, before applying to ADOA's Division of School Facilities for funding for an emergency, the district's governing board must issue an emergency declaration or resolution to be eligible for monies from the Emergency Deficiencies Correction Fund. To qualify as an emergency, the situation must fit the criteria in A.R.S. §41-5721(F).
A43: 6 | B43: Other Funds Line 30 | C43: In accordance with A.R.S. §41-5731, districts must submit a preventive maintenance plan to ADOA's Division of School Facilities to be eligible to receive monies from the Building Renewal Grant Fund.
A44: 6 | B44: Other Funds Line 33 | C44: Include expenditures for Fund 850—Student Activities on this line, as it is no longer a fiduciary fund.
A45: 6 | B45: Other Funds, Line 34 | C45: Budgeted expenditures related to monies remaining in Fund 080—Student Success Fund should be reported on line 34—Other, along with any other funds not included elsewhere in the budget.
A46: 6 | B46: Internal Service Funds, Line 2 | C46: Include all expenditures for Intergovernmental Agreements (IGAs) in this line. If the district uses funds other than 955 to separately account for multiple IGAs, all IGA fund expenditures should be totaled and reported on this line.
A47: 7 | B47: General | C47: For budget adoption, districts may apportion amounts on this page between the M&O and UCO Funds. After original adoption, and prior to May 15 of the budget year, amounts may be reapportioned based on the budgetary needs of the district, unless otherwise indicated on Budget, page 7, or in the following instructions. Record in column A on this page all amounts budgeted for use in the M&O Fund (to be included in the GBL). Record in column B all amounts budgeted for use in the UCO Fund (to be carried over to the calculations on Budget, page 8). Budget Revision When actual amounts are required, use the actual amount to date plus the estimated amount for the remainder of the fiscal year. After the May 15 budget revision, amounts cannot be reallocated between M&O and UCO. | D47: Yes
A48: 7 | B48: Line 1 | C48: After completing the Data Entry tab, the amount of the district RCL from the BSA55 tab, page 3 will pull to line 1. Budget Revision For budget revision, the Data Entry tab should be revised and the recalculated RCL will pull to line 1. See budget revision instructions for the Data Entry tab. | D48: Yes
A49: 7 | B49: Lines 2(a)-(c) | C49: Budget Revision Compare the amount for District Additional Assistance (DAA) on lines 2(c) to the applicable amount calculated by ADE on page 1 of the most recent FY 2024 BUDG25 Report. The amounts on lines (a) and (b) can be reconciled to page 4 of the district's most recent FY 2024 BSA 55-1 report from ADE. | D49: Yes
A50: 7 | B50: Line 2(b) | C50: After completing the Data Entry tab, the DAA adjustment amount from BSA55 tab, page 4 will pull to this line, if any.
A51: 7 | B51: Line 3 | C51: Do not include any overrides authorized to use excess Impact Aid cash on these lines. Districts should use prior year ADM to calculate the RCL for overrides (A.R.S. §15-943). Districts may recalculate their RCL based on prior year ADM in a separate copy of this budget file. Do not submit this separate copy of the file to ADE. Alternatively, districts can get weighted student counts from page 2 of ADE's FY 2023 "BSA Equalization Report", BSA 55-1. ADE has also posted a link to an override calculation worksheet that may be used as a guide in estimating the override amount. The override calculation worksheet and instructions can be found at the link below.
C52: https://www.azed.gov/sites/default/files/2022/06/MO%20Override%20Estimator%20FY23.xlsm
A53: 7 | B53: Line 3(a) | C53: See Line 3 Instructions above. If the voters in the override election authorize the district to exceed the RCL, and the increase is to be fully funded by revenues other than property taxes [A.R.S. §15‑481(F)], only revenues derived from the FY 2023 ending cash balance in the M&O Fund [after the primary tax rate is reduced to zero as required by A.R.S. §15‑481(T)] may be used. A.R.S. §15‑481(P) Note: Districts will not be able to fund an override with Impact Aid monies in FY 2024, as Impact Aid monies are accounted for in the Impact Aid Fund.
A54: 7 | B54: Line 3(a) Continued | C54: The maximum amount a district may request for an M&O budget override is 15% of the district’s RCL. If the district also requests a Special Program override pursuant to A.R.S. §15-482, the maximum amount a district may request for an M&O override is 10% of the RCL. A.R.S. §15-481(G)
A55: 7 | B55: Line 3(b) | C55: See Line 3 Instructions above. If the voters in the override election authorize the district to exceed the Capital Outlay Revenue Limit or District Additional Assistance and the increase is to be fully funded by revenues other than property taxes [A.R.S. §15‑481(M)], only revenues derived from the FY 2023 ending cash balance in the M&O and UCO Funds [after the primary tax rate is reduced to zero as required by A.R.S. §15‑481(T)] may be used. A.R.S. §15‑481(S) Note: Districts will not be able to fund an override with Impact Aid monies in FY 2024, as Impact Aid monies are accounted for in the Impact Aid Fund. The maximum amount a district may request for a capital budget override is 10% of the RCL. A.R.S. §15‑481(AA)
A56: 7 | B56: Line 3(c) | C56: See Line 3 Instructions above. A.R.S. §15-482 allows a district to request a budget override for programs designed for preschool students with disabilities and students enrolled in kindergarten through grade 12. The amount for the Special Program override may not exceed 5% of the RCL. If the voters in the override election authorize the district to exceed the RCL, and the increase is to be fully funded by revenues other than property taxes [A.R.S. §15‑481(J)], the increase may only be budgeted and expended if sufficient monies are available in the M&O Fund. A.R.S. §15‑481(Q) Note: Districts will not be able to fund an override with Impact Aid monies in FY 2024, as Impact Aid monies are accounted for in the Impact Aid Fund.
A57: 7 | B57: Lines 3(a)-(c) | C57: Budget Revision If the RCL originally used to calculate an override was reduced after budget adoption, the district must recalculate the maximum M&O, UCO, and Special Program override amounts in accordance with the instructions above. Arizona Attorney General Opinion I90‑020 prohibits districts from recalculating overrides based on an increase in the RCL after secondary taxes have been levied for the applicable year. The amounts reported on lines 3(a) through (c) may not exceed the lesser of the original or recalculated maximum override amounts. | D57: Yes
A58: 7 | B58: Line 4 | C58: Districts with a student count of 125 or less in grades K‑8, or 100 or less in grades 9‑12 must include an amount on this line if they choose to make a small school adjustment to ensure that page 1, line 30 does not exceed the GBL for M&O. If the district previously qualified for a small school adjustment but has exceeded these student counts, see the instructions for Data Entry tab, Other Information section, lines 17 and 18. For the purposes of Small School Adjustment, districts should use prior year student count (2023 ADM). Districts should not include amounts on these lines for expenditures that are to be made from the Impact Aid Fund. Budget Revision If the district received approval from the county board of supervisors to revise its budget to include the cost of additional pupils that were not anticipated at budget adoption in accordance with A.R.S. §15-949(A)(2), include the revised amount on this line and notify ADE of any approved increase via the email address below. | D58: Yes
C59: SFBudgetTeam@azed.gov
A60: 7 | B60: Line 5 | C60: Districts charging tuition for full-day kindergarten and summer school should not include an increase to the GBL. These tuition revenues should be recorded in the Community School Fund (520). Budget Revision Districts should compare actual tuition revenues received or expected to be received by June 30 to the amounts reported on lines 5(a) through (d) to determine whether the amounts must be decreased or may be increased. | D60: Yes
A61: 7 | B61: Line 5(d) | C61: More information and instructions for calculating this amount can be found at the link below:
C62: http://www.azed.gov/finance/certificates-of-educational-convenience/
A63: 7 | B63: Line 6 | C63: Include assistance received from the State for students whose parents are employed by certain State institutions as described in A.R.S. §15-976. Also, include amounts paid to the school district through the special education voucher payment system such as payments for teaching students at the district instead of sending the student to the Arizona State Schools for the Deaf and the Blind. Budget Revision Districts should use the work sheets provided by ADE to calculate the revised assistance to schools using the ADM reported on the FY 2024 ADM15. The work sheets are available on ADE’s website at the link below. | D63: Yes
C64: http://www.azed.gov/finance/certificates-of-educational-convenience/
A65: 7 | B65: Line 7 | C65: Districts should not include amounts on this line for expenditures that are to be made from the Impact Aid Fund. Budget Revision If the June 30, 2023, actual cash balance for the M&O Fund was incorrectly estimated, an accommodation school district must complete and submit a revised budget file, even if the amount recorded on line 7 of the adopted budget is not revised. If the June 30, 2023 actual cash balance for the M&O Fund was accurate, accommodation schools may revise this file for other changes. The Actual Budget Balance Carryforward displayed on Calculations tab, Calculation of M&O Budget Balance Carryforward section, line 14.b should agree to the “Allowed Budget Balance Carry Forward” as reported on page 2 of the most recent FY 2023 BUDG75 Report. Record the district’s actual cash balance for the M&O Fund at June 30, 2023, on Data Entry tab, Accommodation District Information section, line 2. Finally, districts should recalculate lines 3 and 4 based on the revised RCL on BSA55 tab, page 3. Districts should compare the recalculated amount on line 15(e) of the Calculations tab to line 7 to determine whether the amount must be decreased or may be increased. | D65: Yes
A66: 7 | B66: Line 8(a) | C66: The total amount budgeted for desegregation expenditures in the M&O, UCO, and Impact Aid Funds cannot exceed the amount budgeted in FY 2009. Districts should not include amounts on these lines for desegregation expenditures that are to be made from the Impact Aid Fund.
A67: 7 | B67: Line 8(b) | C67: Districts are required to use actual expenditures in calculating the budget balance carryforward. Districts that have overexpended in the FY 2023 M&O Fund as authorized by the county board of supervisors, in accordance with A.R.S. §15‑907, cannot record a budget balance carryforward. Districts should complete Data Entry page, Other Information section, lines 8 through 11. Districts may transfer an amount to the School Opening Fund, not to exceed the lesser of the FY 2023 M&O Fund ending cash balance or the actual budget balance carryforward. The amount transferred will reduce the amount of the budget balance carryforward; therefore, the amount carried forward may not exceed the amount on Calculation page, Calculation of M&O Fund Budget Balance Carryforward section, line 13. Budget Revision Districts should compare the amount on line 8(c) to the allowable amount on the FY 2023 BUDG75 Report to determine if revisions are necessary. The amounts on this line cannot exceed the amount reported on page 2 of the BUDG75 Report. | D67: Yes
A68: 7 | B68: Line 8(c) | C68: A district authorized by ADE to continue participation in the Dropout Prevention Programs, in accordance with Laws 1992, Ch. 305, §32 and Laws 2000, Ch. 398, §2, for FY 2024 may record on this line an amount not to exceed the amount budgeted for the Dropout Prevention Programs in FY 1991. Districts should not include amounts on this line for expenditures that are to be made from the Impact Aid Fund.
A69: 7 | B69: Line 8(d) | C69: A district may budget an amount less than or equal to interest expense for registering warrants or for net interest expense (interest expense minus interest income) on tax anticipation notes outside the FY 2024 RCL, if both of the following conditions apply: --The County Treasurer pooled all school district monies for investment during FY 2022 as provided in A.R.S. §15‑996. --For those districts that received state aid in FY 2022, the districts applied for state aid apportionment before the date set as provided in A.R.S. §15‑973.
A70: 7 | B70: Line 8(e) | C70: For the first 3 years that a joint career and technical education and vocational education center is operating and serving students, all or a portion of the center’s expenditures may be budgeted outside the RCL. A.R.S. §15-910.01 requires the State Board of Education (SBE) approval prior to including an amount here. The district must notify the SBE before adopting a Budget for the first year of operation, and notify ADE School Finance if this line will be used in calculating the GBL. Currently, no districts have been authorized by the SBE. This provision does not apply to career technical education districts established pursuant to A.R.S. §15‑392.
A71: 7 | B71: Line 8(f) | C71: Do not include amounts budgeted for the Performance Pay component of the CSF here. Budget Revision Districts should compare the amount on this line to the applicable amounts on the FY 2023 BUDG75 Report to determine if revisions are necessary. The amounts on this line cannot exceed the amounts reported on page 2 of the BUDG75 Report. | D71: Yes
A72: 7 | B72: Line 8(g) | C72: Record the amount of any judgments expected to be paid in FY 2023 for an excessive property tax valuation judgment per A.R.S. §§42-16213 and 42-16214. This amount should also be included on page 1, line 4. Pre-approval by ADE is required. Contact ADE's School Finance payment team at the email address below.
C73: SFPaymentTeam@azed.gov
A74: 7 | B74: Line 8(h) | C74: Record the amount of reimbursements for unorganized territory mileage received from performance of a transportation services contract. Budget Revision Districts should compare actual reimbursements for transportation services received or expected to be received by June 30 to the amount reported on this line. The amount on this line cannot exceed the actual amount received for providing these transportation services. | D74: Yes
A75: 7 | B75: Line 9 | C75: Record adjustments to the General Budget Limit on these lines. If more than 1 year or type of adjustment is recorded on any one line, indicate each year and the associated amount for each type of adjustment in the line description, but record only one combined amount for all years and types on each line. Record negative amounts in parentheses. Districts that need assistance with the adjustments should contact ADE’s budget team. Budget Revision Districts should compare the budgeted adjustment amounts to the applicable ADE calculated values on page 1 of the most recent FY 2024 BUDG25, to determine if the amounts should be revised. | D75: Yes
A76: 7 | B76: Line 10 | C76: For FY 2024, 2016 Prop 123 and Laws 2015, 1st Special Session, Ch. 1, §6 provide total additional funding of $75,000,000 to districts and charter schools on a pro rata basis. Districts should increase their budget limits by estimating their portion of the increase by multiplying the district's percentage of statewide weighted student count, as reported on its most recent Classroom Site Fund Detail Report, by $75,000,000. However, actual amounts will vary and ADE will notify districts of the final amounts. District CSF Detail Reports can be accessed at the first link below. Budget Revision Districts should compare actual additional funding received or expected to be received for the fiscal year to the amount reported on this line. The amount on this line cannot exceed the actual amount received for additional funding. Actual Prop 123 payment amounts can be accessed at the second link below. | D76: Yes
C77: https://schoolfinancereports.azed.gov/
C78: https://www.azed.gov/finance/countyappor | D78: Yes
A79: 7 | B79: Line 11 | C79: For FY 2024, Laws 2023, Ch. 133, §31 provides total additional funding of $300,000,000 to school districts and charter schools on a pro rata basis. Districts should increase their budget limits by estimating their portion of the increase by multiplying the district's percentage of statewide weighted student count, as reported on its most recent Classroom Site Fund Detail Report, by $300,000,000. However, actual amounts will vary and ADE will notify districts of the final amounts. District CSF Detail Reports can be accessed at link in row 77 above. Budget Revision Districts should compare actual additional funding received or expected to be received for the fiscal year to the amount reported on this line. The amount on this line cannot exceed the actual amount received for additional funding. | D79: Yes | E79: Laws 2023, Ch. 133, §31 provided a onetime state aid supplement for FY 2024.
A80: 8 | B80: Line 2 | C80: Budget Revision Line 2, if required, should agree to the most recent FY 2023 BUDG75 Report, page 2, “Add to FY24 Expenditure Budget for (UNR), page 8, line 2” This line will also include any positive or negative A.R.S. §15-915 adjustments as approved by ADE. Contact ADE's School Finance budget team with questions concerning the reconciliation of any differences at the email address below. | D80: Yes
C81: SFBudgetTeam@azed.gov
A82: 8 | B82: Lines 3 | C82: Budget Revision Line 3 should agree to the most recent FY 2023 BUDG75 Report, page 2 “Unrestricted Capital Available for FY23.” Contact ADE's School Finance budget team with questions concerning the reconciliation of any differences at the email address below. | D82: Yes
C83: SFBudgetTeam@azed.gov
A84: 8 | B84: Line 6 | C84: Budget Revision This line should reflect total actual UCO Fund 610 expenditures as reported on the district’s FY 2023 AFR, less expenditures approved under A.R.S. §15-907 that are in excess of the most recently revised adopted FY 2023 UCO budget (budget page 4, line 10). | D84: Yes
A85: 8 | B85: Line 8 | C85: Budget Revision Line 8 should agree to the actual amount of interest earned on investments as reported on the district’s FY 2023 AFR for the UCO Fund. | D85: Yes
A86: 8 | B86: Line 9 | C86: The district should forward a copy of the award letter from ADOA's Division of School Facilities stating the specific amount being deposited in Fund 610, to ADE's School Finance budget team at the email address below. Budget Revision Enter the amount of money, if any, received or expected to be received, by fiscal year end. | D86: Yes
C87: SFBudgetTeam@azed.gov
A88: 8 | B88: Line 10 | C88: Record adjustments to the UCBL on these lines. If more than 1 year or type of adjustment is recorded for any one line, indicate each year and the associated amount for each type of adjustment in the line description, but record only one combined amount for all years and types on each line. Record negative amounts in parentheses. Districts should contact ADE’s School Finance budget team at the email address below before budgeting an amount on this line.
C89: SFBudgetTeam@azed.gov
A90: 8 | B90: Line 10 continued | C90: Budget Revision Districts should compare budgeted adjustment amounts to the applicable ADE calculated values on page 2 of the most recent FY 2024 BUDG25, to determine if the amounts should be revised. | D90: Yes
A91: Suppl | B91: ELL General | C91: A.R.S. §15-756.02 requires each school district to implement on a school-by-school basis 1 or more Structured English Immersion (SEI) and Alternative English Instruction (AEI) models adopted or approved by the State Board of Education pursuant to §A.R.S. 15-756.01. A.R.S. §15-756.01 defines incremental costs as the costs that are associated with an SEI program pursuant to A.R.S. §15-752 or an AEI program pursuant to A.R.S. §15-753 that are in addition to the normal costs of conducting programs for English proficient students. Further, incremental costs do not include costs that replace the same types of service provided to English proficient students or compensatory instruction. A.R.S. §15-756.11 defined compensatory instruction as programs in addition to normal classroom instruction that may include individual or small group instruction, extended day classes, summer school, or intersession school. Compensatory instruction programs must be limited to improving the English proficiency of current ELL students and students who were ELL students and who have been reclassified as English proficient within the previous 2 years.
A92: Suppl | B92: ELL General Continued | C92: ELL Fund 071 is used to account for monies received from ADE to provide for the incremental cost of instruction to ELLs and must be used to supplement existing programs. In accordance with A.R.S. §15-756.03 and .04 ELL monies must not be used to supplant federal, state, or local monies, including desegregation monies, previously used for ELLs, or used to pay for the normal costs of conducting programs for English proficient students. Districts are required to submit a separate ELL Budget Request Form to ADE to request these monies for FY 2024.
A93: Suppl | B93: ELL General Continued | C93: In accordance with A.R.S. §15-756.11, the Compensatory Instruction Fund 072 is used to account for monies received from ADE for compensatory instruction programs in addition to normal classroom instruction as described above. Monies must be used to supplement existing programs and not supplant federal, state, or local monies, including desegregation monies levied pursuant to A.R.S. §15-910, used for ELLs or ELL compensatory instruction that were budgeted as of February 23, 2006. For FY 2024, there were no new monies available for compensatory instruction programs. ADE will allow districts to use the remaining monies but will deduct those amounts from future funding requests for compensatory instruction programs.
A94: Suppl | B94: ELL General Continued | C94: In all funds where ELL costs are incurred, districts should use program code 260—ELL Incremental Costs to record incremental costs necessary to implement an approved ELL model, program code 265—ELL Compensatory Instruction to record the costs of providing compensatory instruction to ELL students and students reclassified as English proficient in the last 2 years, and program code 435—Pupil Transportation—ELL Compensatory Instruction for transportation costs approved as part of compensatory instruction. However, when desegregation monies in the M&O Fund are used to pay for incremental or compensatory instruction costs, districts should use program codes 514—ELL Incremental Costs and 515—ELL Compensatory Instruction.
A95: Suppl | B95: ELL General Continued | C95: Districts may have ELL costs, in funds other than ELL Fund 071 and Compensatory Instruction Fund 072, that are beyond the incremental costs necessary to implement an approved ELL model and that are not considered compensatory instruction by statute. Districts should code these costs to program code 100—Regular Education. Districts may choose to separately track these costs in their accounting records using a more detailed program code under 100, such as program code 160.
A96: Summary | B96: Page 1 | C96: Districts should report total PSD-12 average daily membership for fiscal year 2023 from the ADM20 report, the report is available on ADE's website. Districts should estimate 2024 current fiscal year ADM.
A97: Truth in Taxation Work Sheet | B97: General | C97: In accordance with A.R.S. §15-905.01, a district must hold a truth in taxation hearing on or before the adoption of the expenditure budget if the district budgets an amount that is higher than the truth in taxation base limit, levies any amount for adjacent ways pursuant to A.R.S. §15‑995, or levies any amount for liabilities in excess of the budget pursuant to A.R.S. §15‑907.
A98: Truth in Taxation Work Sheet | B98: General Continued | C98: All districts must complete the Truth in Taxation Work Sheet to calculate the district’s truth in taxation base limit, to determine if a hearing is required, and to report the portion of the FY 2024 primary property tax rate related to each of the truth in taxation expenditure categories. Information from this Work Sheet is provided to the Department of Revenue, Property Tax Oversight Commission. If an amount on line 11, 12, or 13 is greater than zero, the district must publish a truth in taxation hearing notice and hold a hearing. The amounts calculated on lines A, B.2, and C.2 of the Work Sheet should be used, where indicated, on the sample truth in taxation hearing notice. Districts must submit the completed Work Sheet to ADE as part of the budget package and must notify ADE of any subsequent changes to the truth in taxation base limit. If a truth in taxation hearing is held, the Work Sheet must also be made available to the general public at the hearing. See Submission and Publication Instructions issued with the 2024 expenditure budget forms and A.R.S. §15-905.01 for further requirements.
A99: Truth in Taxation Work Sheet | B99: General Continued | C99: The truth in taxation work sheet and notice do not need to be completed for budget revisions. The impact of any revisions should be included in the following year’s truth in taxation calculation.
A100: Truth in Taxation Work Sheet | B100: Line 1 | C100: The prior year TNT Base Limit reported on line 1 is the total of the Adjusted FY 2023 TNT Base Limit and the 2023 Excess over TNT Limit. This calculation assumes that the district properly noticed any required TNT Hearing in 2023. If the district reported an amount on the Excess over Truth in Taxation Limit line in 2023 but did not provide the required notification of a TNT hearing, the 2023 Excess over TNT Limit amount should not be added here.
...
